Workbook

Sheet Costing and analyses
B3: Costing Estimate of the HPV vaccine for 1 and 2 doses | G3: Expenditure analyses of main expenditure items | H3: Actual | I3: Actual
C4: 1 DOSE | D4: 2 DOSES | H4: 2014/15 | I4: 2015/16
A5: * | B5: Vaccine procurement | C5: =(J13/2)*455000 -> 75141460 | D5: =J13*455000 -> 1.5028292e+08 | G5: Vaccine coverage | H5: (91.8%) 419 589 | I5: (80%) 364 000
B6: Travel and Transport | C6: =I22/2 -> 10363922 | D6: =I22 -> 20727845 | G6: Expenditure: NHI Grant (HPV) | H6: 1.8948886e+08 | I6: 109442023
B7: Printing and consumables | C7: =I25/2 -> 2034097.6 | D7: =I25 -> 4068195.2 | G7: Expenditure: Voted funding | H7: 0 | I7: 15703468
B8: Compensation of employees | C8: =I16/2 -> 6230907.8 | D8: =I16 -> 12461816 | G8: Expenditure Total | H8: =SUM(H6:H7) -> 1.8948886e+08 | I8: =SUM(I6:I7) -> 125145491
B9: Electronic tablets | C9: 4000000 | D9: 4000000
B10: Training, Venues and Catering | C10: =I19/2 -> 1988597 | D10: =I19 -> 3977194 | G10: Vaccine cost | H10: 2014/15 | I10: 2015/16
B11: Total | C11: =SUM(C5:C10) -> 99758985 | D11: =SUM(D5:D10) -> 1.9551797e+08 | G11: Girls actually vaccinated with 2 doses | H11: 419589 | I11: 364000
A12: * | B12: Assuming 455 000 girls will receive the vaccine | G12: Actual vaccine procurement costs | H12: ='Exp201415'!W28 -> 1.7704566e+08 | I12: ='Exp201516'!W64+'Exp201516'!W100+'Exp201516'!W108 -> 86862805 | K12: Note:
G13: Cost per learner for 2 doses | H13: =H12/H11 -> 421.95018 | I13: =I12/I11 -> 238.63408 | J13: =(H13+I13)/2 -> 330.29213 | K13: Average cost over the 2 year period used due to vaccines paid for in previous year used in the following year
G15: Compensation and contractors | H15: 2014/15 | I15: 2015/16
G16: Total | H16: ='Exp201415'!W22 -> 2603615.4 | I16: ='Exp201516'!W14+'Exp201516'!W16+'Exp201516'!W32+'Exp201516'!W36+'Exp201516'!W38+'Exp201516'!W42+'Exp201516'!W66+'Exp201516'!W68+'Exp201516'!W74+'Exp201516'!W75+'Exp201516'!W83+'Exp201516'!W88+'Exp201516'!W89+'Exp201516'!W90+'Exp201516'!W95+'Exp201516'!W102+'Exp201516'!W105 -> 12461816
G18: Training, venues and catering | H18: 2014/15 | I18: 2015/16
G19: Total | H19: ='Exp201415'!W9+'Exp201415'!W25+'Exp201415'!V9 -> 111518.37 | I19: ='Exp201516'!W5+'Exp201516'!W13+'Exp201516'!W27+'Exp201516'!W44+'Exp201516'!W45+'Exp201516'!W92+'Exp201516'!W101+'Exp201516'!W106 -> 3977194
G21: Travel and Transport | H21: 2014/15 | I21: 2015/16
G22: Total | H22: ='Exp201415'!W5+'Exp201415'!W6+'Exp201415'!W7+'Exp201415'!W8+'Exp201415'!W10+'Exp201415'!W12+'Exp201415'!W13+'Exp201415'!W21+'Exp201415'!W26+'Exp201415'!W27 -> 9063133.9 | I22: ='Exp201516'!W7+'Exp201516'!W10+'Exp201516'!W12+'Exp201516'!W19+'Exp201516'!W22+'Exp201516'!W28+'Exp201516'!W30+'Exp201516'!W34+'Exp201516'!W35+'Exp201516'!W43+'Exp201516'!W46+'Exp201516'!W47+'Exp201516'!W48+'Exp201516'!W49+'Exp201516'!W50+'Exp201516'!W54+'Exp201516'!W59+'Exp201516'!W63+'Exp201516'!W73+'Exp201516'!W77+'Exp201516'!W80+'Exp201516'!W84+'Exp201516'!W87+'Exp201516'!W91+'Exp201516'!W96+'Exp201516'!W97+'Exp201516'!W99+'Exp201516'!W107 -> 20727845
G24: Stationery and consumables | H24: 2014/15 | I24: 2015/16
G25: Total | H25: ='Exp201415'!W15+'Exp201415'!W17 -> 679429 | I25: ='Exp201516'!W18+'Exp201516'!W23+'Exp201516'!W26+'Exp201516'!W31+'Exp201516'!W52+'Exp201516'!W61+'Exp201516'!W104+'Exp201516'!V104+'Exp201516'!V98+'Exp201516'!V85+'Exp201516'!V61+'Exp201516'!V52+'Exp201516'!V3 -> 4068195.2

Sheet Exp201415
A1: National_Provincial | B1: Department | C1: Responsibility_Level_1 | D1: Responsibility_Level_2 | E1: Responsibility_Level_3 | F1: Responsibility_Level_4 | G1: Responsibility_Level_5 | H1: Responsibility_Level_6 | I1: Responsibility_Level_7 | J1: Responsibility_Level_8 | K1: Responsibility_Level_9 | L1: Responsibility_Lowest_Level | M1: Responsibility_Lowest_Level_Code | N1: Econ_Class | O1: Financial_Year | P1: Original_Budget | Q1: Adjustment_Budget | R1: Virement | S1: Fund_Shift | T1: Roll_Over | U1: Current_Budget | V1: Commitment | W1: Total_Expenditure | X1: Available_Budget | Y1: Regional_ID_Level_1 | Z1: Regional_ID_Level_2 | AA1: Regional_ID_Level_3 | AB1: Regional_ID_Level_4 | AC1: Regional_ID_Level_5 | AD1: Regional_ID_Level_6 | AE1: Regional_ID_Lowest_Level | AF1: Regional_ID_Lowest_Level_Code | AG1: Fund_Level_1 | AH1: Fund_Level_2 | AI1: Fund_Level_3 | AJ1: Fund_Level_4 | AK1: Fund_Level_5 | AL1: Fund_Level_6 | AM1: Fund_Lowest_Level | AN1: Fund_Lowest_Level_Code | AO1: Programme_Level_5 | AP1: Sub_Programme_Level_6 | AQ1: Objective_Level_7 | AR1: Objective_Level_8 | AS1: Objective_Level_9 | AT1: Objective_Level_10 | AU1: Objective_Level_11 | AV1: Objective_Level_12 | AW1: Objective_Lowest_Level | AX1: Objective_Lowest_Level_Code | AY1: Assets_Level_1 | AZ1: Assets_Level_2 | BA1: Assets_Level_3 | BB1: Assets_Level_4 | BC1: Assets_Level_5 | BD1: Assets_Level_6 | BE1: Assets_Lowest_Level | BF1: Assets_Lowest_Level_Code | BG1: Project_Level_1 | BH1: Project_Level_2 | BI1: Project_Level_3 | BJ1: Project_Level_4 | BK1: Project_Level_5 | BL1: Project_Level_6 | BM1: Project_Lowest_Level | BN1: Project_Lowest_Level_Code | BO1: Item_Level_1 | BP1: Item_Level_2 | BQ1: Item_Level_3 | BR1: Item_Level_4 | BS1: Item_Level_5 | BT1: Item_Level_6 | BU1: Item_Lowest_Level | BV1: Item_Lowest_Level_Code | BW1: Infrastructure_Level_1 | BX1: Infrastructure_Level_2 | BY1: Infrastructure_Level_3 | BZ1: Infrastructure_Level_4 | CA1: Infrastructure_Level_5 | CB1: Infrastructure_Level_6 | CC1: Infrastructure_Lowest_Level | CD1: Infrastructure_Lowest_Level_Code | CE1: ICT | CF1: ICT_Resp | CG1: ICT_Item | CH1: ECON_CLASS_LEVEL_2 | CI1: ECON_CLASS_LEVEL_3 | CJ1: INCONSISTENT_ECON_CLASS | CK1: Func_Class_Level_1 | CL1: Func_Class_Level_2 | CM1: Func_Class_Lowest_Level
A2: National Departments | B2: Vote 16: Health | C2: DEPARTMENTAL RESPONSIBILITIES | D2: NATIONAL DEPARTMENT OF HEALTH | E2: P3:HIV AIDS,TB, MAT & CHILD HLTH | F2: CHILD YOUTH AND SCHOOL HLTH | G2: CHILD YOUTH & SCHOOL HEALTH | L2: CHILD YOUTH & SCHOOL HEALTH | M2: 32275025 | N2: CAPITAL | O2: 2014/2015 | P2: 0 | Q2: 500000 | R2: 0 | S2: 0 | T2: 0.00 | U2: 500000 | V2: 0 | W2: 0 | X2: 500000 | Y2: REGIONAL IDENTIFIER | Z2: NAT FUNCTION:WHOLE COUNTRY DOM | AA2: NAT FUNCTION: WHOLE COUNTRY DOM | AE2: NAT FUNCTION: WHOLE COUNTRY DOM | AF2: 30001025 | AG2: EXPENDITURE:VOTED | AH2: DEPARTMENTAL APPROPRIATION | AI2: EARMARKED AND SPECIFIC FUNDS | AJ2: E & S FUNDS: NATIONAL | AK2: E&S/F:HEALTH | AL2: DOH:SPEC & EXCL APPROPRIATE | AM2: NHI GRANT:HPV VAC CO-ALL-IN-KIND | AN2: 853025 | AO2: DOH:HIV&AIDS, TB, MAT&CHILD HEAL | AP2: DOH:CHILD,YOUTH & SCHOOL HEALTH | AQ2: HPV VACCINE | AW2: HPV VACCINE | AX2: 30130025 | AY2: TANGIBLE CAPITAL ASSETS | AZ2: MACHINERY & EQUIPMENT | BA2: OTHER MACHINERY & EQUIPMENT | BB2: COMPUTER EQUIPMENT | BC2: COMP HARD&SYSTEMS - LAPTOP | BD2: COMP H/WARE&SYS: LAPTOP | BE2: COMP H/WARE&SYS: LAPTOP | BF2: 30007025 | BG2: NO PROJECTS | BH2: NO PROJECTS | BM2: NO PROJECTS | BN2: 4025 | BO2: PAYMENTS | BP2: PUR/CONST CAPITAL ASSETS | BQ2: MACHINERY AND EQUIPMENT | BR2: OTHER MACHINERY & EQUIPMENT | BS2: COMPUTER EQUIPMENT | BT2: COMP HARD&SYSTEMS - LAPTOP | BU2: COMP HARD&SYS - LAPTOP | BV2: 3216025 | BW2: EXPENDITURE | BX2: NON INFRASTRUCTURE | BY2: NON INFRASTRUCTURE: CAPITAL | BZ2: NON INFRASTRUCTURE: CAPITAL | CA2: NON INFRA/STAND ALONE: CAP | CC2: NON INFRA/STAND ALONE: CAP | CD2: 98025 | CE2: Y | CF2: N | CG2: Y | CH2: PAYMENTS FOR CAPITAL ASSETS | CI2: MACHINERY AND EQUIPMENT | CJ2: MACHINERY AND EQUIPMENT | CK2: HEALTH | CL2: HEALTH N.E.C. | CM2: HLTH:HEALTH N.E.C.
A3: National Departments | B3: Vote 16: Health | C3: DEPARTMENTAL RESPONSIBILITIES | D3: NATIONAL DEPARTMENT OF HEALTH | E3: P3:HIV AIDS,TB, MAT & CHILD HLTH | F3: CHILD YOUTH AND SCHOOL HLTH | G3: CHILD YOUTH & SCHOOL HEALTH | L3: CHILD YOUTH & SCHOOL HEALTH | M3: 32275025 | N3: CAPITAL | O3: 2014/2015 | P3: 0 | Q3: 10000000 | R3: 0 | S3: 0 | T3: 0.00 | U3: 10000000 | V3: 0 | W3: 0 | X3: 10000000 | Y3: REGIONAL IDENTIFIER | Z3: NAT FUNCTION:WHOLE COUNTRY DOM | AA3: NAT FUNCTION: WHOLE COUNTRY DOM | AE3: NAT FUNCTION: WHOLE COUNTRY DOM | AF3: 30001025 | AG3: EXPENDITURE:VOTED | AH3: DEPARTMENTAL APPROPRIATION | AI3: EARMARKED AND SPECIFIC FUNDS | AJ3: E & S FUNDS: NATIONAL | AK3: E&S/F:HEALTH | AL3: DOH:SPEC & EXCL APPROPRIATE | AM3: NHI GRANT:HPV VAC CO-ALL-IN-KIND | AN3: 853025 | AO3: DOH:HIV&AIDS, TB, MAT&CHILD HEAL | AP3: DOH:CHILD,YOUTH & SCHOOL HEALTH | AQ3: HPV VACCINE | AW3: HPV VACCINE | AX3: 30130025 | AY3: TANGIBLE CAPITAL ASSETS | AZ3: MACHINERY & EQUIPMENT | BA3: OTHER MACHINERY & EQUIPMENT | BB3: MEDICAL & ALLIED EQUIPMENT | BC3: MEDICAL & ALLIED EQUIPMENT | BE3: MEDICAL & ALLIED EQUIPMENT | BF3: 30050025 | BG3: NO PROJECTS | BH3: NO PROJECTS | BM3: NO PROJECTS | BN3: 4025 | BO3: PAYMENTS | BP3: PUR/CONST CAPITAL ASSETS | BQ3: MACHINERY AND EQUIPMENT | BR3: OTHER MACHINERY & EQUIPMENT | BS3: MEDICAL & ALLIED EQUIPMENT | BT3: MEDICAL & ALLIED EQUIPMENT | BU3: MEDICAL & ALLIED EQUIPMENT | BV3: 1499025 | BW3: EXPENDITURE | BX3: NON INFRASTRUCTURE | BY3: NON INFRASTRUCTURE: CAPITAL | BZ3: NON INFRASTRUCTURE: CAPITAL | CA3: NON INFRA/STAND ALONE: CAP | CC3: NON INFRA/STAND ALONE: CAP | CD3: 98025 | CE3: N | CF3: N | CG3: N | CH3: PAYMENTS FOR CAPITAL ASSETS | CI3: MACHINERY AND EQUIPMENT | CJ3: MACHINERY AND EQUIPMENT | CK3: HEALTH | CL3: HEALTH N.E.C. | CM3: HLTH:HEALTH N.E.C.
A4: National Departments | B4: Vote 16: Health | C4: DEPARTMENTAL RESPONSIBILITIES | D4: NATIONAL DEPARTMENT OF HEALTH | E4: P3:HIV AIDS,TB, MAT & CHILD HLTH | F4: CHILD YOUTH AND SCHOOL HLTH | G4: CHILD YOUTH & SCHOOL HEALTH | L4: CHILD YOUTH & SCHOOL HEALTH | M4: 32275025 | N4: CURRENT | O4: 2014/2015 | P4: 0 | Q4: 0 | R4: 0 | S4: 0 | T4: 0.00 | U4: 0 | V4: 0 | W4: 0 | X4: 0 | Y4: REGIONAL IDENTIFIER | Z4: NAT FUNCTION:WHOLE COUNTRY DOM | AA4: NAT FUNCTION: WHOLE COUNTRY DOM | AE4: NAT FUNCTION: WHOLE COUNTRY DOM | AF4: 30001025 | AG4: EXPENDITURE:VOTED | AH4: DEPARTMENTAL APPROPRIATION | AI4: EARMARKED AND SPECIFIC FUNDS | AJ4: E & S FUNDS: NATIONAL | AK4: E&S/F:HEALTH | AL4: DOH:SPEC & EXCL APPROPRIATE | AM4: NHI GRANT:HPV VAC CO-ALL-IN-KIND | AN4: 853025 | AO4: DOH:HIV&AIDS, TB, MAT&CHILD HEAL | AP4: DOH:CHILD,YOUTH & SCHOOL HEALTH | AQ4: CHILD YOUTH & SCHOOL HLTH | AW4: CHILD YOUTH & SCHOOL HLTH | AX4: 30014025 | AY4: NON-ASSETS RELATED | AZ4: NON-ASSETS RELATED | BE4: NON-ASSETS RELATED | BF4: 235025 | BG4: NO PROJECTS | BH4: NO PROJECTS | BM4: NO PROJECTS | BN4: 4025 | BO4: PAYMENTS | BP4: PAYMENTS | BQ4: GOODS AND SERVICES | BR4: INV: MEDICINE | BS4: INV MEDI:VACCINES | BT4: INV MEDI:VACCINES | BU4: INV MEDI:VACCINES | BV4: 2329025 | BW4: EXPENDITURE | BX4: NON INFRASTRUCTURE | BY4: NON INFRASTRUCTURE: CURRENT | BZ4: NON INFRASTRUCTURE: CURRENT | CA4: NON INFRA/STAND ALONE: CUR | CC4: NON INFRA/STAND ALONE: CUR | CD4: 95025 | CE4: N | CF4: N | CG4: N | CH4: Total Expenditure = 0 | CI4: Total Expenditure = 0 | CJ4: Total Expenditure = 0 | CK4: HEALTH | CL4: HEALTH N.E.C. | CM4: HLTH:HEALTH N.E.C.
A5: National Departments | B5: Vote 16: Health | C5: DEPARTMENTAL RESPONSIBILITIES | D5: NATIONAL DEPARTMENT OF HEALTH | E5: P3:HIV AIDS,TB, MAT & CHILD HLTH | F5: CHILD YOUTH AND SCHOOL HLTH | G5: CHILD YOUTH & SCHOOL HEALTH | L5: CHILD YOUTH & SCHOOL HEALTH | M5: 32275025 | N5: CURRENT | O5: 2014/2015 | P5: 0 | Q5: 0 | R5: 0 | S5: 0 | T5: 0.00 | U5: 0 | V5: 0 | W5: 269.44 | X5: -269.44 | Y5: REGIONAL IDENTIFIER | Z5: NAT FUNCTION:WHOLE COUNTRY DOM | AA5: NAT FUNCTION: WHOLE COUNTRY DOM | AE5: NAT FUNCTION: WHOLE COUNTRY DOM | AF5: 30001025 | AG5: EXPENDITURE:VOTED | AH5: DEPARTMENTAL APPROPRIATION | AI5: EARMARKED AND SPECIFIC FUNDS | AJ5: E & S FUNDS: NATIONAL | AK5: E&S/F:HEALTH | AL5: DOH:SPEC & EXCL APPROPRIATE | AM5: NHI GRANT:HPV VAC CO-ALL-IN-KIND | AN5: 853025 | AO5: DOH:HIV&AIDS, TB, MAT&CHILD HEAL | AP5: DOH:CHILD,YOUTH & SCHOOL HEALTH | AQ5: HPV VACCINE | AW5: HPV VACCINE | AX5: 30130025 | AY5: NON-ASSETS RELATED | AZ5: NON-ASSETS RELATED | BE5: NON-ASSETS RELATED | BF5: 235025 | BG5: NO PROJECTS | BH5: NO PROJECTS | BM5: NO PROJECTS | BN5: 4025 | BO5: PAYMENTS | BP5: PAYMENTS | BQ5: GOODS AND SERVICES | BR5: FLEET SERVICES(F/SER) | BS5: FLEET SERVICES | BT5: F/SER:TOLL FEES | BU5: F/SER:TOLL FEES | BV5: 3476025 | BW5: EXPENDITURE | BX5: NON INFRASTRUCTURE | BY5: NON INFRASTRUCTURE: CURRENT | BZ5: NON INFRASTRUCTURE: CURRENT | CA5: NON INFRA/STAND ALONE: CUR | CC5: NON INFRA/STAND ALONE: CUR | CD5: 95025 | CE5: N | CF5: N | CG5: N | CH5: CURRENT PAYMENTS | CI5: GOODS AND SERVICES | CJ5: GOODS AND SERVICES | CK5: HEALTH | CL5: HEALTH N.E.C. | CM5: HLTH:HEALTH N.E.C.
A6: National Departments | B6: Vote 16: Health | C6: DEPARTMENTAL RESPONSIBILITIES | D6: NATIONAL DEPARTMENT OF HEALTH | E6: P3:HIV AIDS,TB, MAT & CHILD HLTH | F6: CHILD YOUTH AND SCHOOL HLTH | G6: CHILD YOUTH & SCHOOL HEALTH | L6: CHILD YOUTH & SCHOOL HEALTH | M6: 32275025 | N6: CURRENT | O6: 2014/2015 | P6: 0 | Q6: 0 | R6: 0 | S6: 0 | T6: 0.00 | U6: 0 | V6: 0 | W6: 4403.23 | X6: -4403.23 | Y6: REGIONAL IDENTIFIER | Z6: NAT FUNCTION:WHOLE COUNTRY DOM | AA6: NAT FUNCTION: WHOLE COUNTRY DOM | AE6: NAT FUNCTION: WHOLE COUNTRY DOM | AF6: 30001025 | AG6: EXPENDITURE:VOTED | AH6: DEPARTMENTAL APPROPRIATION | AI6: EARMARKED AND SPECIFIC FUNDS | AJ6: E & S FUNDS: NATIONAL | AK6: E&S/F:HEALTH | AL6: DOH:SPEC & EXCL APPROPRIATE | AM6: NHI GRANT:HPV VAC CO-ALL-IN-KIND | AN6: 853025 | AO6: DOH:HIV&AIDS, TB, MAT&CHILD HEAL | AP6: DOH:CHILD,YOUTH & SCHOOL HEALTH | AQ6: HPV VACCINE | AW6: HPV VACCINE | AX6: 30130025 | AY6: NON-ASSETS RELATED | AZ6: NON-ASSETS RELATED | BE6: NON-ASSETS RELATED | BF6: 235025 | BG6: NO PROJECTS | BH6: NO PROJECTS | BM6: NO PROJECTS | BN6: 4025 | BO6: PAYMENTS | BP6: PAYMENTS | BQ6: GOODS AND SERVICES | BR6: TRAVEL AND SUBSISTENCE | BS6: T&S DOMESTIC | BT6: T&S:DOM:TRANSPORT-SHUTTLE SRVCS | BU6: T&S DOM:ROAD TRANSPORT | BV6: 3993025 | BW6: EXPENDITURE | BX6: NON INFRASTRUCTURE | BY6: NON INFRASTRUCTURE: CURRENT | BZ6: NON INFRASTRUCTURE: CURRENT | CA6: NON INFRA/STAND ALONE: CUR | CC6: NON INFRA/STAND ALONE: CUR | CD6: 95025 | CE6: N | CF6: N | CG6: N | CH6: CURRENT PAYMENTS | CI6: GOODS AND SERVICES | CJ6: GOODS AND SERVICES | CK6: HEALTH | CL6: HEALTH N.E.C. | CM6: HLTH:HEALTH N.E.C.
A7: National Departments | B7: Vote 16: Health | C7: DEPARTMENTAL RESPONSIBILITIES | D7: NATIONAL DEPARTMENT OF HEALTH | E7: P3:HIV AIDS,TB, MAT & CHILD HLTH | F7: CHILD YOUTH AND SCHOOL HLTH | G7: CHILD YOUTH & SCHOOL HEALTH | L7: CHILD YOUTH & SCHOOL HEALTH | M7: 32275025 | N7: CURRENT | O7: 2014/2015 | P7: 0 | Q7: 0 | R7: 0 | S7: 28000 | T7: 0.00 | U7: 28000 | V7: 0 | W7: 28335.21 | X7: -335.21 | Y7: REGIONAL IDENTIFIER | Z7: NAT FUNCTION:WHOLE COUNTRY DOM | AA7: NAT FUNCTION: WHOLE COUNTRY DOM | AE7: NAT FUNCTION: WHOLE COUNTRY DOM | AF7: 30001025 | AG7: EXPENDITURE:VOTED | AH7: DEPARTMENTAL APPROPRIATION | AI7: EARMARKED AND SPECIFIC FUNDS | AJ7: E & S FUNDS: NATIONAL | AK7: E&S/F:HEALTH | AL7: DOH:SPEC & EXCL APPROPRIATE | AM7: NHI GRANT:HPV VAC CO-ALL-IN-KIND | AN7: 853025 | AO7: DOH:HIV&AIDS, TB, MAT&CHILD HEAL | AP7: DOH:CHILD,YOUTH & SCHOOL HEALTH | AQ7: HPV VACCINE | AW7: HPV VACCINE | AX7: 30130025 | AY7: NON-ASSETS RELATED | AZ7: NON-ASSETS RELATED | BE7: NON-ASSETS RELATED | BF7: 235025 | BG7: NO PROJECTS | BH7: NO PROJECTS | BM7: NO PROJECTS | BN7: 4025 | BO7: PAYMENTS | BP7: PAYMENTS | BQ7: GOODS AND SERVICES | BR7: FLEET SERVICES(F/SER) | BS7: FLEET SERVICES | BT7: F/SER:TRANSACTION COSTS | BU7: F/SER:TRANSACTION COSTS | BV7: 3482025 | BW7: EXPENDITURE | BX7: NON INFRASTRUCTURE | BY7: NON INFRASTRUCTURE: CURRENT | BZ7: NON INFRASTRUCTURE: CURRENT | CA7: NON INFRA/STAND ALONE: CUR | CC7: NON INFRA/STAND ALONE: CUR | CD7: 95025 | CE7: N | CF7: N | CG7: N | CH7: CURRENT PAYMENTS | CI7: GOODS AND SERVICES | CJ7: GOODS AND SERVICES | CK7: HEALTH | CL7: HEALTH N.E.C. | CM7: HLTH:HEALTH N.E.C.
A8: National Departments | B8: Vote 16: Health | C8: DEPARTMENTAL RESPONSIBILITIES | D8: NATIONAL DEPARTMENT OF HEALTH | E8: P3:HIV AIDS,TB, MAT & CHILD HLTH | F8: CHILD YOUTH AND SCHOOL HLTH | G8: CHILD YOUTH & SCHOOL HEALTH | L8: CHILD YOUTH & SCHOOL HEALTH | M8: 32275025 | N8: CURRENT | O8: 2014/2015 | P8: 0 | Q8: 0 | R8: 0 | S8: 7951000 | T8: 0.00 | U8: 7951000 | V8: 0 | W8: 7951018.2 | X8: -18.19 | Y8: REGIONAL IDENTIFIER | Z8: NAT FUNCTION:WHOLE COUNTRY DOM | AA8: NAT FUNCTION: WHOLE COUNTRY DOM | AE8: NAT FUNCTION: WHOLE COUNTRY DOM | AF8: 30001025 | AG8: EXPENDITURE:VOTED | AH8: DEPARTMENTAL APPROPRIATION | AI8: EARMARKED AND SPECIFIC FUNDS | AJ8: E & S FUNDS: NATIONAL | AK8: E&S/F:HEALTH | AL8: DOH:SPEC & EXCL APPROPRIATE | AM8: NHI GRANT:HPV VAC CO-ALL-IN-KIND | AN8: 853025 | AO8: DOH:HIV&AIDS, TB, MAT&CHILD HEAL | AP8: DOH:CHILD,YOUTH & SCHOOL HEALTH | AQ8: HPV VACCINE | AW8: HPV VACCINE | AX8: 30130025 | AY8: NON-ASSETS RELATED | AZ8: NON-ASSETS RELATED | BE8: NON-ASSETS RELATED | BF8: 235025 | BG8: NO PROJECTS | BH8: NO PROJECTS | BM8: NO PROJECTS | BN8: 4025 | BO8: PAYMENTS | BP8: PAYMENTS | BQ8: GOODS AND SERVICES | BR8: FLEET SERVICES(F/SER) | BS8: FLEET SERVICES | BT8: F/SER: KILOMETERS | BU8: F/SER: KILOMETERS | BV8: 3498025 | BW8: EXPENDITURE | BX8: NON INFRASTRUCTURE | BY8: NON INFRASTRUCTURE: CURRENT | BZ8: NON INFRASTRUCTURE: CURRENT | CA8: NON INFRA/STAND ALONE: CUR | CC8: NON INFRA/STAND ALONE: CUR | CD8: 95025 | CE8: N | CF8: N | CG8: N | CH8: CURRENT PAYMENTS | CI8: GOODS AND SERVICES | CJ8: GOODS AND SERVICES | CK8: HEALTH | CL8: HEALTH N.E.C. | CM8: HLTH:HEALTH N.E.C.
A9: National Departments | B9: Vote 16: Health | C9: DEPARTMENTAL RESPONSIBILITIES | D9: NATIONAL DEPARTMENT OF HEALTH | E9: P3:HIV AIDS,TB, MAT & CHILD HLTH | F9: CHILD YOUTH AND SCHOOL HLTH | G9: CHILD YOUTH & SCHOOL HEALTH | L9: CHILD YOUTH & SCHOOL HEALTH | M9: 32275025 | N9: CURRENT | O9: 2014/2015 | P9: 0 | Q9: 100000 | R9: 0 | S9: -60000 | T9: 0.00 | U9: 40000 | V9: 14496 | W9: 25788.7 | X9: -284.7 | Y9: REGIONAL IDENTIFIER | Z9: NAT FUNCTION:WHOLE COUNTRY DOM | AA9: NAT FUNCTION: WHOLE COUNTRY DOM | AE9: NAT FUNCTION: WHOLE COUNTRY DOM | AF9: 30001025 | AG9: EXPENDITURE:VOTED | AH9: DEPARTMENTAL APPROPRIATION | AI9: EARMARKED AND SPECIFIC FUNDS | AJ9: E & S FUNDS: NATIONAL | AK9: E&S/F:HEALTH | AL9: DOH:SPEC & EXCL APPROPRIATE | AM9: NHI GRANT:HPV VAC CO-ALL-IN-KIND | AN9: 853025 | AO9: DOH:HIV&AIDS, TB, MAT&CHILD HEAL | AP9: DOH:CHILD,YOUTH & SCHOOL HEALTH | AQ9: HPV VACCINE | AW9: HPV VACCINE | AX9: 30130025 | AY9: NON-ASSETS RELATED | AZ9: NON-ASSETS RELATED | BE9: NON-ASSETS RELATED | BF9: 235025 | BG9: NO PROJECTS | BH9: NO PROJECTS | BM9: NO PROJECTS | BN9: 4025 | BO9: PAYMENTS | BP9: PAYMENTS | BQ9: GOODS AND SERVICES | BR9: CATERING:DEPARTML ACTIVITIES | BS9: CATERING:DEPARTML ACTIVITIES | BU9: CATERING:DEPARTML ACTIVITIES | BV9: 1080025 | BW9: EXPENDITURE | BX9: NON INFRASTRUCTURE | BY9: NON INFRASTRUCTURE: CURRENT | BZ9: NON INFRASTRUCTURE: CURRENT | CA9: NON INFRA/STAND ALONE: CUR | CC9: NON INFRA/STAND ALONE: CUR | CD9: 95025 | CE9: N | CF9: N | CG9: N | CH9: CURRENT PAYMENTS | CI9: GOODS AND SERVICES | CJ9: GOODS AND SERVICES | CK9: HEALTH | CL9: HEALTH N.E.C. | CM9: HLTH:HEALTH N.E.C.
A10: National Departments | B10: Vote 16: Health | C10: DEPARTMENTAL RESPONSIBILITIES | D10: NATIONAL DEPARTMENT OF HEALTH | E10: P3:HIV AIDS,TB, MAT & CHILD HLTH | F10: CHILD YOUTH AND SCHOOL HLTH | G10: CHILD YOUTH & SCHOOL HEALTH | L10: CHILD YOUTH & SCHOOL HEALTH | M10: 32275025 | N10: CURRENT | O10: 2014/2015 | P10: 0 | Q10: 100000 | R10: 0 | S10: 316000 | T10: 0.00 | U10: 416000 | V10: 0 | W10: 416367.66 | X10: -367.66 | Y10: REGIONAL IDENTIFIER | Z10: NAT FUNCTION:WHOLE COUNTRY DOM | AA10: NAT FUNCTION: WHOLE COUNTRY DOM | AE10: NAT FUNCTION: WHOLE COUNTRY DOM | AF10: 30001025 | AG10: EXPENDITURE:VOTED | AH10: DEPARTMENTAL APPROPRIATION | AI10: EARMARKED AND SPECIFIC FUNDS | AJ10: E & S FUNDS: NATIONAL | AK10: E&S/F:HEALTH | AL10: DOH:SPEC & EXCL APPROPRIATE | AM10: NHI GRANT:HPV VAC CO-ALL-IN-KIND | AN10: 853025 | AO10: DOH:HIV&AIDS, TB, MAT&CHILD HEAL | AP10: DOH:CHILD,YOUTH & SCHOOL HEALTH | AQ10: HPV VACCINE | AW10: HPV VACCINE | AX10: 30130025 | AY10: NON-ASSETS RELATED | AZ10: NON-ASSETS RELATED | BE10: NON-ASSETS RELATED | BF10: 235025 | BG10: NO PROJECTS | BH10: NO PROJECTS | BM10: NO PROJECTS | BN10: 4025 | BO10: PAYMENTS | BP10: PAYMENTS | BQ10: GOODS AND SERVICES | BR10: TRAVEL AND SUBSISTENCE | BS10: T&S DOMESTIC | BT10: T&S:DOM:TRANSPORT | BU10: T&S DOM:KM ALL(OWN TRANSPORT) | BV10: 3999025 | BW10: EXPENDITURE | BX10: NON INFRASTRUCTURE | BY10: NON INFRASTRUCTURE: CURRENT | BZ10: NON INFRASTRUCTURE: CURRENT | CA10: NON INFRA/STAND ALONE: CUR | CC10: NON INFRA/STAND ALONE: CUR | CD10: 95025 | CE10: N | CF10: N | CG10: N | CH10: CURRENT PAYMENTS | CI10: GOODS AND SERVICES | CJ10: GOODS AND SERVICES | CK10: HEALTH | CL10: HEALTH N.E.C. | CM10: HLTH:HEALTH N.E.C.
A11: National Departments | B11: Vote 16: Health | C11: DEPARTMENTAL RESPONSIBILITIES | D11: NATIONAL DEPARTMENT OF HEALTH | E11: P3:HIV AIDS,TB, MAT & CHILD HLTH | F11: CHILD YOUTH AND SCHOOL HLTH | G11: CHILD YOUTH & SCHOOL HEALTH | L11: CHILD YOUTH & SCHOOL HEALTH | M11: 32275025 | N11: CURRENT | O11: 2014/2015 | P11: 0 | Q11: 150000 | R11: 0 | S11: -150000 | T11: 0.00 | U11: 0 | V11: 0 | W11: 0 | X11: 0 | Y11: REGIONAL IDENTIFIER | Z11: NAT FUNCTION:WHOLE COUNTRY DOM | AA11: NAT FUNCTION: WHOLE COUNTRY DOM | AE11: NAT FUNCTION: WHOLE COUNTRY DOM | AF11: 30001025 | AG11: EXPENDITURE:VOTED | AH11: DEPARTMENTAL APPROPRIATION | AI11: EARMARKED AND SPECIFIC FUNDS | AJ11: E & S FUNDS: NATIONAL | AK11: E&S/F:HEALTH | AL11: DOH:SPEC & EXCL APPROPRIATE | AM11: NHI GRANT:HPV VAC CO-ALL-IN-KIND | AN11: 853025 | AO11: DOH:HIV&AIDS, TB, MAT&CHILD HEAL | AP11: DOH:CHILD,YOUTH & SCHOOL HEALTH | AQ11: HPV VACCINE | AW11: HPV VACCINE | AX11: 30130025 | AY11: MINOR ASSETS | AZ11: TANGIBLE MINOR ASSETS | BA11: MACHINERY & EQUIPMENT <R5000 | BB11: MACHINERY&EQUIPMENT<R5000 | BC11: OTHER:MACHINERY & EQP<R5000 | BD11: EQP<R5000:CONTAINERS | BE11: EQP<R5000: CONTAINERS | BF11: 30042025 | BG11: NO PROJECTS | BH11: NO PROJECTS | BM11: NO PROJECTS | BN11: 4025 | BO11: PAYMENTS | BP11: PAYMENTS | BQ11: GOODS AND SERVICES | BR11: MINOR ASSETS | BS11: MACHINERY & EQUIPMENT<R5000 | BT11: EQP<R5000:CONTAINERS | BU11: EQP<R5000:CONTAINERS | BV11: 3746025 | BW11: EXPENDITURE | BX11: NON INFRASTRUCTURE | BY11: NON INFRASTRUCTURE: CURRENT | BZ11: NON INFRASTRUCTURE: CURRENT | CA11: NON INFRA/STAND ALONE: CUR | CC11: NON INFRA/STAND ALONE: CUR | CD11: 95025 | CE11: N | CF11: N | CG11: N | CH11: Total Expenditure = 0 | CI11: Total Expenditure = 0 | CJ11: Total Expenditure = 0 | CK11: HEALTH | CL11: HEALTH N.E.C. | CM11: HLTH:HEALTH N.E.C.
A12: National Departments | B12: Vote 16: Health | C12: DEPARTMENTAL RESPONSIBILITIES | D12: NATIONAL DEPARTMENT OF HEALTH | E12: P3:HIV AIDS,TB, MAT & CHILD HLTH | F12: CHILD YOUTH AND SCHOOL HLTH | G12: CHILD YOUTH & SCHOOL HEALTH | L12: CHILD YOUTH & SCHOOL HEALTH | M12: 32275025 | N12: CURRENT | O12: 2014/2015 | P12: 0 | Q12: 200000 | R12: 0 | S12: -138000 | T12: 0.00 | U12: 62000 | V12: 0 | W12: 62603.72 | X12: -603.72 | Y12: REGIONAL IDENTIFIER | Z12: NAT FUNCTION:WHOLE COUNTRY DOM | AA12: NAT FUNCTION: WHOLE COUNTRY DOM | AE12: NAT FUNCTION: WHOLE COUNTRY DOM | AF12: 30001025 | AG12: EXPENDITURE:VOTED | AH12: DEPARTMENTAL APPROPRIATION | AI12: EARMARKED AND SPECIFIC FUNDS | AJ12: E & S FUNDS: NATIONAL | AK12: E&S/F:HEALTH | AL12: DOH:SPEC & EXCL APPROPRIATE | AM12: NHI GRANT:HPV VAC CO-ALL-IN-KIND | AN12: 853025 | AO12: DOH:HIV&AIDS, TB, MAT&CHILD HEAL | AP12: DOH:CHILD,YOUTH & SCHOOL HEALTH | AQ12: HPV VACCINE | AW12: HPV VACCINE | AX12: 30130025 | AY12: NON-ASSETS RELATED | AZ12: NON-ASSETS RELATED | BE12: NON-ASSETS RELATED | BF12: 235025 | BG12: NO PROJECTS | BH12: NO PROJECTS | BM12: NO PROJECTS | BN12: 4025 | BO12: PAYMENTS | BP12: PAYMENTS | BQ12: GOODS AND SERVICES | BR12: TRAVEL AND SUBSISTENCE | BS12: T&S DOMESTIC: NON EMLOYEES | BT12: T&S:DOM NON EMPL:TRANSPORT | BU12: T&S:DOM NON EMPL:TRANSPORT | BV12: 3357025 | BW12: EXPENDITURE | BX12: NON INFRASTRUCTURE | BY12: NON INFRASTRUCTURE: CURRENT | BZ12: NON INFRASTRUCTURE: CURRENT | CA12: NON INFRA/STAND ALONE: CUR | CC12: NON INFRA/STAND ALONE: CUR | CD12: 95025 | CE12: N | CF12: N | CG12: N | CH12: CURRENT PAYMENTS | CI12: GOODS AND SERVICES | CJ12: GOODS AND SERVICES | CK12: HEALTH | CL12: HEALTH N.E.C. | CM12: HLTH:HEALTH N.E.C.
A13: National Departments | B13: Vote 16: Health | C13: DEPARTMENTAL RESPONSIBILITIES | D13: NATIONAL DEPARTMENT OF HEALTH | E13: P3:HIV AIDS,TB, MAT & CHILD HLTH | F13: CHILD YOUTH AND SCHOOL HLTH | G13: CHILD YOUTH & SCHOOL HEALTH | L13: CHILD YOUTH & SCHOOL HEALTH | M13: 32275025 | N13: CURRENT | O13: 2014/2015 | P13: 0 | Q13: 250000 | R13: 0 | S13: -240000 | T13: 0.00 | U13: 10000 | V13: 0 | W13: 8339.53 | X13: 1660.47 | Y13: REGIONAL IDENTIFIER | Z13: NAT FUNCTION:WHOLE COUNTRY DOM | AA13: NAT FUNCTION: WHOLE COUNTRY DOM | AE13: NAT FUNCTION: WHOLE COUNTRY DOM | AF13: 30001025 | AG13: EXPENDITURE:VOTED | AH13: DEPARTMENTAL APPROPRIATION | AI13: EARMARKED AND SPECIFIC FUNDS | AJ13: E & S FUNDS: NATIONAL | AK13: E&S/F:HEALTH | AL13: DOH:SPEC & EXCL APPROPRIATE | AM13: NHI GRANT:HPV VAC CO-ALL-IN-KIND | AN13: 853025 | AO13: DOH:HIV&AIDS, TB, MAT&CHILD HEAL | AP13: DOH:CHILD,YOUTH & SCHOOL HEALTH | AQ13: HPV VACCINE | AW13: HPV VACCINE | AX13: 30130025 | AY13: NON-ASSETS RELATED | AZ13: NON-ASSETS RELATED | BE13: NON-ASSETS RELATED | BF13: 235025 | BG13: NO PROJECTS | BH13: NO PROJECTS | BM13: NO PROJECTS | BN13: 4025 | BO13: PAYMENTS | BP13: PAYMENTS | BQ13: GOODS AND SERVICES | BR13: TRAVEL AND SUBSISTENCE | BS13: T&S DOMESTIC: NON EMLOYEES | BT13: T&S DOM NON EMPL:ACCOMMODATION | BU13: T&S DOM NON EMPL:ACCOMMODATION | BV13: 3363025 | BW13: EXPENDITURE | BX13: NON INFRASTRUCTURE | BY13: NON INFRASTRUCTURE: CURRENT | BZ13: NON INFRASTRUCTURE: CURRENT | CA13: NON INFRA/STAND ALONE: CUR | CC13: NON INFRA/STAND ALONE: CUR | CD13: 95025 | CE13: N | CF13: N | CG13: N | CH13: CURRENT PAYMENTS | CI13: GOODS AND SERVICES | CJ13: GOODS AND SERVICES | CK13: HEALTH | CL13: HEALTH N.E.C. | CM13: HLTH:HEALTH N.E.C.
A14: National Departments | B14: Vote 16: Health | C14: DEPARTMENTAL RESPONSIBILITIES | D14: NATIONAL DEPARTMENT OF HEALTH | E14: P3:HIV AIDS,TB, MAT & CHILD HLTH | F14: CHILD YOUTH AND SCHOOL HLTH | G14: CHILD YOUTH & SCHOOL HEALTH | L14: CHILD YOUTH & SCHOOL HEALTH | M14: 32275025 | N14: CURRENT | O14: 2014/2015 | P14: 0 | Q14: 300000 | R14: 0 | S14: -300000 | T14: 0.00 | U14: 0 | V14: 0 | W14: 0 | X14: 0 | Y14: REGIONAL IDENTIFIER | Z14: NAT FUNCTION:WHOLE COUNTRY DOM | AA14: NAT FUNCTION: WHOLE COUNTRY DOM | AE14: NAT FUNCTION: WHOLE COUNTRY DOM | AF14: 30001025 | AG14: EXPENDITURE:VOTED | AH14: DEPARTMENTAL APPROPRIATION | AI14: EARMARKED AND SPECIFIC FUNDS | AJ14: E & S FUNDS: NATIONAL | AK14: E&S/F:HEALTH | AL14: DOH:SPEC & EXCL APPROPRIATE | AM14: NHI GRANT:HPV VAC CO-ALL-IN-KIND | AN14: 853025 | AO14: DOH:HIV&AIDS, TB, MAT&CHILD HEAL | AP14: DOH:CHILD,YOUTH & SCHOOL HEALTH | AQ14: HPV VACCINE | AW14: HPV VACCINE | AX14: 30130025 | AY14: NON-ASSETS RELATED | AZ14: NON-ASSETS RELATED | BE14: NON-ASSETS RELATED | BF14: 235025 | BG14: NO PROJECTS | BH14: NO PROJECTS | BM14: NO PROJECTS | BN14: 4025 | BO14: PAYMENTS | BP14: PAYMENTS | BQ14: GOODS AND SERVICES | BR14: OPERATING PAYMENTS | BS14: O/P:COURIER & DELIVERY SERVS | BT14: O/P:COURIER & DELIVERY SERVS | BU14: O/P:COURIER & DELIVERY SERVS | BV14: 2138025 | BW14: EXPENDITURE | BX14: NON INFRASTRUCTURE | BY14: NON INFRASTRUCTURE: CURRENT | BZ14: NON INFRASTRUCTURE: CURRENT | CA14: NON INFRA/STAND ALONE: CUR | CC14: NON INFRA/STAND ALONE: CUR | CD14: 95025 | CE14: N | CF14: N | CG14: N | CH14: Total Expenditure = 0 | CI14: Total Expenditure = 0 | CJ14: Total Expenditure = 0 | CK14: HEALTH | CL14: HEALTH N.E.C. | CM14: HLTH:HEALTH N.E.C.
A15: National Departments | B15: Vote 16: Health | C15: DEPARTMENTAL RESPONSIBILITIES | D15: NATIONAL DEPARTMENT OF HEALTH | E15: P3:HIV AIDS,TB, MAT & CHILD HLTH | F15: CHILD YOUTH AND SCHOOL HLTH | G15: CHILD YOUTH & SCHOOL HEALTH | L15: CHILD YOUTH & SCHOOL HEALTH | M15: 32275025 | N15: CURRENT | O15: 2014/2015 | P15: 0 | Q15: 550000 | R15: 0 | S15: -543000 | T15: 0.00 | U15: 7000 | V15: 0 | W15: 7200 | X15: -200 | Y15: REGIONAL IDENTIFIER | Z15: NAT FUNCTION:WHOLE COUNTRY DOM | AA15: NAT FUNCTION: WHOLE COUNTRY DOM | AE15: NAT FUNCTION: WHOLE COUNTRY DOM | AF15: 30001025 | AG15: EXPENDITURE:VOTED | AH15: DEPARTMENTAL APPROPRIATION | AI15: EARMARKED AND SPECIFIC FUNDS | AJ15: E & S FUNDS: NATIONAL | AK15: E&S/F:HEALTH | AL15: DOH:SPEC & EXCL APPROPRIATE | AM15: NHI GRANT:HPV VAC CO-ALL-IN-KIND | AN15: 853025 | AO15: DOH:HIV&AIDS, TB, MAT&CHILD HEAL | AP15: DOH:CHILD,YOUTH & SCHOOL HEALTH | AQ15: HPV VACCINE | AW15: HPV VACCINE | AX15: 30130025 | AY15: NON-ASSETS RELATED | AZ15: NON-ASSETS RELATED | BE15: NON-ASSETS RELATED | BF15: 235025 | BG15: NO PROJECTS | BH15: NO PROJECTS | BM15: NO PROJECTS | BN15: 4025 | BO15: PAYMENTS | BP15: PAYMENTS | BQ15: GOODS AND SERVICES | BR15: COMMUNICATION | BS15: COM:CELL CONTRACT (SUBSCR&CALLS) | BT15: COM:CELL CONTR(SUBSCR&CALLS) | BU15: COM:CELL CONTR(SUBSCR&CALLS) | BV15: 2690025 | BW15: EXPENDITURE | BX15: NON INFRASTRUCTURE | BY15: NON INFRASTRUCTURE: CURRENT | BZ15: NON INFRASTRUCTURE: CURRENT | CA15: NON INFRA/STAND ALONE: CUR | CC15: NON INFRA/STAND ALONE: CUR | CD15: 95025 | CE15: N | CF15: N | CG15: N | CH15: CURRENT PAYMENTS | CI15: GOODS AND SERVICES | CJ15: GOODS AND SERVICES | CK15: HEALTH | CL15: HEALTH N.E.C. | CM15: HLTH:HEALTH N.E.C.
A16: National Departments | B16: Vote 16: Health | C16: DEPARTMENTAL RESPONSIBILITIES | D16: NATIONAL DEPARTMENT OF HEALTH | E16: P3:HIV AIDS,TB, MAT & CHILD HLTH | F16: CHILD YOUTH AND SCHOOL HLTH | G16: CHILD YOUTH & SCHOOL HEALTH | L16: CHILD YOUTH & SCHOOL HEALTH | M16: 32275025 | N16: CURRENT | O16: 2014/2015 | P16: 0 | Q16: 850000 | R16: 0 | S16: -850000 | T16: 0.00 | U16: 0 | V16: 0 | W16: 0 | X16: 0 | Y16: REGIONAL IDENTIFIER | Z16: NAT FUNCTION:WHOLE COUNTRY DOM | AA16: NAT FUNCTION: WHOLE COUNTRY DOM | AE16: NAT FUNCTION: WHOLE COUNTRY DOM | AF16: 30001025 | AG16: EXPENDITURE:VOTED | AH16: DEPARTMENTAL APPROPRIATION | AI16: EARMARKED AND SPECIFIC FUNDS | AJ16: E & S FUNDS: NATIONAL | AK16: E&S/F:HEALTH | AL16: DOH:SPEC & EXCL APPROPRIATE | AM16: NHI GRANT:HPV VAC CO-ALL-IN-KIND | AN16: 853025 | AO16: DOH:HIV&AIDS, TB, MAT&CHILD HEAL | AP16: DOH:CHILD,YOUTH & SCHOOL HEALTH | AQ16: HPV VACCINE | AW16: HPV VACCINE | AX16: 30130025 | AY16: MINOR ASSETS | AZ16: TANGIBLE MINOR ASSETS | BA16: MACHINERY & EQUIPMENT <R5000 | BB16: MACHINERY&EQUIPMENT<R5000 | BC16: OTHER:MACHINERY & EQP<R5000 | BD16: EQP<R5000:MEDICAL & ALLIED EQP | BE16: EQP<R5000:MEDICAL & ALLIED EQUIP | BF16: 30067025 | BG16: NO PROJECTS | BH16: NO PROJECTS | BM16: NO PROJECTS | BN16: 4025 | BO16: PAYMENTS | BP16: PAYMENTS | BQ16: GOODS AND SERVICES | BR16: MINOR ASSETS | BS16: MACHINERY & EQUIPMENT<R5000 | BT16: EQP<R5000:MEDICAL&ALLIED EQUIP | BU16: EQP<R5000:MED&ALLIED EQUIP | BV16: 3718025 | BW16: EXPENDITURE | BX16: NON INFRASTRUCTURE | BY16: NON INFRASTRUCTURE: CURRENT | BZ16: NON INFRASTRUCTURE: CURRENT | CA16: NON INFRA/STAND ALONE: CUR | CC16: NON INFRA/STAND ALONE: CUR | CD16: 95025 | CE16: N | CF16: N | CG16: N | CH16: Total Expenditure = 0 | CI16: Total Expenditure = 0 | CJ16: Total Expenditure = 0 | CK16: HEALTH | CL16: HEALTH N.E.C. | CM16: HLTH:HEALTH N.E.C.
A17: National Departments | B17: Vote 16: Health | C17: DEPARTMENTAL RESPONSIBILITIES | D17: NATIONAL DEPARTMENT OF HEALTH | E17: P3:HIV AIDS,TB, MAT & CHILD HLTH | F17: CHILD YOUTH AND SCHOOL HLTH | G17: CHILD YOUTH & SCHOOL HEALTH | L17: CHILD YOUTH & SCHOOL HEALTH | M17: 32275025 | N17: CURRENT | O17: 2014/2015 | P17: 0 | Q17: 1500000 | R17: 0 | S17: -828000 | T17: 0.00 | U17: 672000 | V17: 0 | W17: 672229 | X17: -229 | Y17: REGIONAL IDENTIFIER | Z17: NAT FUNCTION:WHOLE COUNTRY DOM | AA17: NAT FUNCTION: WHOLE COUNTRY DOM | AE17: NAT FUNCTION: WHOLE COUNTRY DOM | AF17: 30001025 | AG17: EXPENDITURE:VOTED | AH17: DEPARTMENTAL APPROPRIATION | AI17: EARMARKED AND SPECIFIC FUNDS | AJ17: E & S FUNDS: NATIONAL | AK17: E&S/F:HEALTH | AL17: DOH:SPEC & EXCL APPROPRIATE | AM17: NHI GRANT:HPV VAC CO-ALL-IN-KIND | AN17: 853025 | AO17: DOH:HIV&AIDS, TB, MAT&CHILD HEAL | AP17: DOH:CHILD,YOUTH & SCHOOL HEALTH | AQ17: HPV VACCINE | AW17: HPV VACCINE | AX17: 30130025 | AY17: NON-ASSETS RELATED | AZ17: NON-ASSETS RELATED | BE17: NON-ASSETS RELATED | BF17: 235025 | BG17: NO PROJECTS | BH17: NO PROJECTS | BM17: NO PROJECTS | BN17: 4025 | BO17: PAYMENTS | BP17: PAYMENTS | BQ17: GOODS AND SERVICES | BR17: OPERATING PAYMENTS | BS17: O/P:PRINTING&PUBLICATIONS SERV | BT17: O/P:PRINTING&PUBLICAT SERV | BU17: O/P:PRINTING&PUBLICAT SERV | BV17: 2126025 | BW17: EXPENDITURE | BX17: NON INFRASTRUCTURE | BY17: NON INFRASTRUCTURE: CURRENT | BZ17: NON INFRASTRUCTURE: CURRENT | CA17: NON INFRA/STAND ALONE: CUR | CC17: NON INFRA/STAND ALONE: CUR | CD17: 95025 | CE17: N | CF17: N | CG17: N | CH17: CURRENT PAYMENTS | CI17: GOODS AND SERVICES | CJ17: GOODS AND SERVICES | CK17: HEALTH | CL17: HEALTH N.E.C. | CM17: HLTH:HEALTH N.E.C.
A18: National Departments | B18: Vote 16: Health | C18: DEPARTMENTAL RESPONSIBILITIES | D18: NATIONAL DEPARTMENT OF HEALTH | E18: P3:HIV AIDS,TB, MAT & CHILD HLTH | F18: CHILD YOUTH AND SCHOOL HLTH | G18: CHILD YOUTH & SCHOOL HEALTH | L18: CHILD YOUTH & SCHOOL HEALTH | M18: 32275025 | N18: CURRENT | O18: 2014/2015 | P18: 0 | Q18: 2000000 | R18: 0 | S18: -2000000 | T18: 0.00 | U18: 0 | V18: 0 | W18: 0 | X18: 0 | Y18: REGIONAL IDENTIFIER | Z18: NAT FUNCTION:WHOLE COUNTRY DOM | AA18: NAT FUNCTION: WHOLE COUNTRY DOM | AE18: NAT FUNCTION: WHOLE COUNTRY DOM | AF18: 30001025 | AG18: EXPENDITURE:VOTED | AH18: DEPARTMENTAL APPROPRIATION | AI18: EARMARKED AND SPECIFIC FUNDS | AJ18: E & S FUNDS: NATIONAL | AK18: E&S/F:HEALTH | AL18: DOH:SPEC & EXCL APPROPRIATE | AM18: NHI GRANT:HPV VAC CO-ALL-IN-KIND | AN18: 853025 | AO18: DOH:HIV&AIDS, TB, MAT&CHILD HEAL | AP18: DOH:CHILD,YOUTH & SCHOOL HEALTH | AQ18: HPV VACCINE | AW18: HPV VACCINE | AX18: 30130025 | AY18: MINOR ASSETS | AZ18: TANGIBLE MINOR ASSETS | BA18: MACHINERY & EQUIPMENT <R5000 | BB18: MACHINERY&EQUIPMENT<R5000 | BC18: OTHER:MACHINERY & EQP<R5000 | BD18: EQP<R5000:CELLULAR PHONES | BE18: EQP<R5000: CELLULAR PHONES | BF18: 30028025 | BG18: NO PROJECTS | BH18: NO PROJECTS | BM18: NO PROJECTS | BN18: 4025 | BO18: PAYMENTS | BP18: PAYMENTS | BQ18: GOODS AND SERVICES | BR18: MINOR ASSETS | BS18: MACHINERY & EQUIPMENT<R5000 | BT18: EQP<R5000:CELLULAR PHONES | BU18: EQP<R5000:CELLULAR PHONES | BV18: 3769025 | BW18: EXPENDITURE | BX18: NON INFRASTRUCTURE | BY18: NON INFRASTRUCTURE: CURRENT | BZ18: NON INFRASTRUCTURE: CURRENT | CA18: NON INFRA/STAND ALONE: CUR | CC18: NON INFRA/STAND ALONE: CUR | CD18: 95025 | CE18: Y | CF18: N | CG18: Y | CH18: Total Expenditure = 0 | CI18: Total Expenditure = 0 | CJ18: Total Expenditure = 0 | CK18: HEALTH | CL18: HEALTH N.E.C. | CM18: HLTH:HEALTH N.E.C.
A19: National Departments | B19: Vote 16: Health | C19: DEPARTMENTAL RESPONSIBILITIES | D19: NATIONAL DEPARTMENT OF HEALTH | E19: P3:HIV AIDS,TB, MAT & CHILD HLTH | F19: CHILD YOUTH AND SCHOOL HLTH | G19: CHILD YOUTH & SCHOOL HEALTH | L19: CHILD YOUTH & SCHOOL HEALTH | M19: 32275025 | N19: CURRENT | O19: 2014/2015 | P19: 0 | Q19: 3500000 | R19: 0 | S19: -3500000 | T19: 0.00 | U19: 0 | V19: 0 | W19: 0 | X19: 0 | Y19: REGIONAL IDENTIFIER | Z19: NAT FUNCTION:WHOLE COUNTRY DOM | AA19: NAT FUNCTION: WHOLE COUNTRY DOM | AE19: NAT FUNCTION: WHOLE COUNTRY DOM | AF19: 30001025 | AG19: EXPENDITURE:VOTED | AH19: DEPARTMENTAL APPROPRIATION | AI19: EARMARKED AND SPECIFIC FUNDS | AJ19: E & S FUNDS: NATIONAL | AK19: E&S/F:HEALTH | AL19: DOH:SPEC & EXCL APPROPRIATE | AM19: NHI GRANT:HPV VAC CO-ALL-IN-KIND | AN19: 853025 | AO19: DOH:HIV&AIDS, TB, MAT&CHILD HEAL | AP19: DOH:CHILD,YOUTH & SCHOOL HEALTH | AQ19: HPV VACCINE | AW19: HPV VACCINE | AX19: 30130025 | AY19: NON-ASSETS RELATED | AZ19: NON-ASSETS RELATED | BE19: NON-ASSETS RELATED | BF19: 235025 | BG19: NO PROJECTS | BH19: NO PROJECTS | BM19: NO PROJECTS | BN19: 4025 | BO19: PAYMENTS | BP19: PAYMENTS | BQ19: GOODS AND SERVICES | BR19: COMMUNICATION | BS19: COM:RADIO AND TV TRANSMISSIONS | BT19: COM:RADIO & TV TRANSMISSIONS | BU19: COM:RADIO & TV TRANSMISSIONS | BV19: 2694025 | BW19: EXPENDITURE | BX19: NON INFRASTRUCTURE | BY19: NON INFRASTRUCTURE: CURRENT | BZ19: NON INFRASTRUCTURE: CURRENT | CA19: NON INFRA/STAND ALONE: CUR | CC19: NON INFRA/STAND ALONE: CUR | CD19: 95025 | CE19: N | CF19: N | CG19: N | CH19: Total Expenditure = 0 | CI19: Total Expenditure = 0 | CJ19: Total Expenditure = 0 | CK19: HEALTH | CL19: HEALTH N.E.C. | CM19: HLTH:HEALTH N.E.C.
A20: National Departments | B20: Vote 16: Health | C20: DEPARTMENTAL RESPONSIBILITIES | D20: NATIONAL DEPARTMENT OF HEALTH | E20: P3:HIV AIDS,TB, MAT & CHILD HLTH | F20: CHILD YOUTH AND SCHOOL HLTH | G20: CHILD YOUTH & SCHOOL HEALTH | L20: CHILD YOUTH & SCHOOL HEALTH | M20: 32275025 | N20: CURRENT | O20: 2014/2015 | P20: 0 | Q20: 4000000 | R20: 0 | S20: -4000000 | T20: 0.00 | U20: 0 | V20: 0 | W20: 0 | X20: 0 | Y20: REGIONAL IDENTIFIER | Z20: NAT FUNCTION:WHOLE COUNTRY DOM | AA20: NAT FUNCTION: WHOLE COUNTRY DOM | AE20: NAT FUNCTION: WHOLE COUNTRY DOM | AF20: 30001025 | AG20: EXPENDITURE:VOTED | AH20: DEPARTMENTAL APPROPRIATION | AI20: EARMARKED AND SPECIFIC FUNDS | AJ20: E & S FUNDS: NATIONAL | AK20: E&S/F:HEALTH | AL20: DOH:SPEC & EXCL APPROPRIATE | AM20: NHI GRANT:HPV VAC CO-ALL-IN-KIND | AN20: 853025 | AO20: DOH:HIV&AIDS, TB, MAT&CHILD HEAL | AP20: DOH:CHILD,YOUTH & SCHOOL HEALTH | AQ20: HPV VACCINE | AW20: HPV VACCINE | AX20: 30130025 | AY20: NON-ASSETS RELATED | AZ20: NON-ASSETS RELATED | BE20: NON-ASSETS RELATED | BF20: 235025 | BG20: NO PROJECTS | BH20: NO PROJECTS | BM20: NO PROJECTS | BN20: 4025 | BO20: PAYMENTS | BP20: PAYMENTS | BQ20: GOODS AND SERVICES | BR20: INV:MEDICAL SUPPLIES | BS20: INV MED:SURGICAL/MEDICAL SUPPLS | BT20: INV MED:SURGICL/MEDIC SUPPLS | BU20: INV MED:SURGICL/MEDIC SUPPLS | BV20: 2347025 | BW20: EXPENDITURE | BX20: NON INFRASTRUCTURE | BY20: NON INFRASTRUCTURE: CURRENT | BZ20: NON INFRASTRUCTURE: CURRENT | CA20: NON INFRA/STAND ALONE: CUR | CC20: NON INFRA/STAND ALONE: CUR | CD20: 95025 | CE20: N | CF20: N | CG20: N | CH20: Total Expenditure = 0 | CI20: Total Expenditure = 0 | CJ20: Total Expenditure = 0 | CK20: HEALTH | CL20: HEALTH N.E.C. | CM20: HLTH:HEALTH N.E.C.
A21: National Departments | B21: Vote 16: Health | C21: DEPARTMENTAL RESPONSIBILITIES | D21: NATIONAL DEPARTMENT OF HEALTH | E21: P3:HIV AIDS,TB, MAT & CHILD HLTH | F21: CHILD YOUTH AND SCHOOL HLTH | G21: CHILD YOUTH & SCHOOL HEALTH | L21: CHILD YOUTH & SCHOOL HEALTH | M21: 32275025 | N21: CURRENT | O21: 2014/2015 | P21: 0 | Q21: 4000000 | R21: 0 | S21: -3537000 | T21: 0.00 | U21: 463000 | V21: 0 | W21: 463137.97 | X21: -137.97 | Y21: REGIONAL IDENTIFIER | Z21: NAT FUNCTION:WHOLE COUNTRY DOM | AA21: NAT FUNCTION: WHOLE COUNTRY DOM | AE21: NAT FUNCTION: WHOLE COUNTRY DOM | AF21: 30001025 | AG21: EXPENDITURE:VOTED | AH21: DEPARTMENTAL APPROPRIATION | AI21: EARMARKED AND SPECIFIC FUNDS | AJ21: E & S FUNDS: NATIONAL | AK21: E&S/F:HEALTH | AL21: DOH:SPEC & EXCL APPROPRIATE | AM21: NHI GRANT:HPV VAC CO-ALL-IN-KIND | AN21: 853025 | AO21: DOH:HIV&AIDS, TB, MAT&CHILD HEAL | AP21: DOH:CHILD,YOUTH & SCHOOL HEALTH | AQ21: HPV VACCINE | AW21: HPV VACCINE | AX21: 30130025 | AY21: NON-ASSETS RELATED | AZ21: NON-ASSETS RELATED | BE21: NON-ASSETS RELATED | BF21: 235025 | BG21: NO PROJECTS | BH21: NO PROJECTS | BM21: NO PROJECTS | BN21: 4025 | BO21: PAYMENTS | BP21: PAYMENTS | BQ21: GOODS AND SERVICES | BR21: FLEET SERVICES(F/SER) | BS21: FLEET SERVICES | BT21: F/SER:FUEL,OIL&GREASE | BU21: F/SER:FUEL,OIL&GREASE | BV21: 3488025 | BW21: EXPENDITURE | BX21: NON INFRASTRUCTURE | BY21: NON INFRASTRUCTURE: CURRENT | BZ21: NON INFRASTRUCTURE: CURRENT | CA21: NON INFRA/STAND ALONE: CUR | CC21: NON INFRA/STAND ALONE: CUR | CD21: 95025 | CE21: N | CF21: N | CG21: N | CH21: CURRENT PAYMENTS | CI21: GOODS AND SERVICES | CJ21: GOODS AND SERVICES | CK21: HEALTH | CL21: HEALTH N.E.C. | CM21: HLTH:HEALTH N.E.C.
A22: National Departments | B22: Vote 16: Health | C22: DEPARTMENTAL RESPONSIBILITIES | D22: NATIONAL DEPARTMENT OF HEALTH | E22: P3:HIV AIDS,TB, MAT & CHILD HLTH | F22: CHILD YOUTH AND SCHOOL HLTH | G22: CHILD YOUTH & SCHOOL HEALTH | L22: CHILD YOUTH & SCHOOL HEALTH | M22: 32275025 | N22: CURRENT | O22: 2014/2015 | P22: 0 | Q22: 5000000 | R22: 0 | S22: -2396000 | T22: 0.00 | U22: 2604000 | V22: 0 | W22: 2603615.4 | X22: 384.65 | Y22: REGIONAL IDENTIFIER | Z22: NAT FUNCTION:WHOLE COUNTRY DOM | AA22: NAT FUNCTION: WHOLE COUNTRY DOM | AE22: NAT FUNCTION: WHOLE COUNTRY DOM | AF22: 30001025 | AG22: EXPENDITURE:VOTED | AH22: DEPARTMENTAL APPROPRIATION | AI22: EARMARKED AND SPECIFIC FUNDS | AJ22: E & S FUNDS: NATIONAL | AK22: E&S/F:HEALTH | AL22: DOH:SPEC & EXCL APPROPRIATE | AM22: NHI GRANT:HPV VAC CO-ALL-IN-KIND | AN22: 853025 | AO22: DOH:HIV&AIDS, TB, MAT&CHILD HEAL | AP22: DOH:CHILD,YOUTH & SCHOOL HEALTH | AQ22: HPV VACCINE | AW22: HPV VACCINE | AX22: 30130025 | AY22: NON-ASSETS RELATED | AZ22: NON-ASSETS RELATED | BE22: NON-ASSETS RELATED | BF22: 235025 | BG22: NO PROJECTS | BH22: NO PROJECTS | BM22: NO PROJECTS | BN22: 4025 | BO22: PAYMENTS | BP22: PAYMENTS | BQ22: GOODS AND SERVICES | BR22: AGENCY&SUPRT/OUTSOURCED SERVICES | BS22: A&S/O/S:PERSONNEL&LABOUR | BT22: A&S/O/S:PERSONNEL&LABOUR | BU22: A&S/O/S:PERSONNEL&LABOUR | BV22: 2496025 | BW22: EXPENDITURE | BX22: NON INFRASTRUCTURE | BY22: NON INFRASTRUCTURE: CURRENT | BZ22: NON INFRASTRUCTURE: CURRENT | CA22: NON INFRA/STAND ALONE: CUR | CC22: NON INFRA/STAND ALONE: CUR | CD22: 95025 | CE22: N | CF22: N | CG22: N | CH22: CURRENT PAYMENTS | CI22: GOODS AND SERVICES | CJ22: GOODS AND SERVICES | CK22: HEALTH | CL22: HEALTH N.E.C. | CM22: HLTH:HEALTH N.E.C.
A23: National Departments | B23: Vote 16: Health | C23: DEPARTMENTAL RESPONSIBILITIES | D23: NATIONAL DEPARTMENT OF HEALTH | E23: P3:HIV AIDS,TB, MAT & CHILD HLTH | F23: CHILD YOUTH AND SCHOOL HLTH | G23: CHILD YOUTH & SCHOOL HEALTH | L23: CHILD YOUTH & SCHOOL HEALTH | M23: 32275025 | N23: CURRENT | O23: 2014/2015 | P23: 0 | Q23: 25000000 | R23: 0 | S23: -25000000 | T23: 0.00 | U23: 0 | V23: 0 | W23: 0 | X23: 0 | Y23: REGIONAL IDENTIFIER | Z23: NAT FUNCTION:WHOLE COUNTRY DOM | AA23: NAT FUNCTION: WHOLE COUNTRY DOM | AE23: NAT FUNCTION: WHOLE COUNTRY DOM | AF23: 30001025 | AG23: EXPENDITURE:VOTED | AH23: DEPARTMENTAL APPROPRIATION | AI23: EARMARKED AND SPECIFIC FUNDS | AJ23: E & S FUNDS: NATIONAL | AK23: E&S/F:HEALTH | AL23: DOH:SPEC & EXCL APPROPRIATE | AM23: NHI GRANT:HPV VAC CO-ALL-IN-KIND | AN23: 853025 | AO23: DOH:HIV&AIDS, TB, MAT&CHILD HEAL | AP23: DOH:CHILD,YOUTH & SCHOOL HEALTH | AQ23: HPV VACCINE | AW23: HPV VACCINE | AX23: 30130025 | AY23: NON-ASSETS RELATED | AZ23: NON-ASSETS RELATED | BE23: NON-ASSETS RELATED | BF23: 235025 | BG23: NO PROJECTS | BH23: NO PROJECTS | BM23: NO PROJECTS | BN23: 4025 | BO23: PAYMENTS | BP23: PAYMENTS | BQ23: GOODS AND SERVICES | BR23: TRAVEL AND SUBSISTENCE | BS23: T&S DOMESTIC | BT23: T&S:DOM:TRANSPORT | BU23: T&S DOM:CAR RENT | BV23: 3997025 | BW23: EXPENDITURE | BX23: NON INFRASTRUCTURE | BY23: NON INFRASTRUCTURE: CURRENT | BZ23: NON INFRASTRUCTURE: CURRENT | CA23: NON INFRA/STAND ALONE: CUR | CC23: NON INFRA/STAND ALONE: CUR | CD23: 95025 | CE23: N | CF23: N | CG23: N | CH23: Total Expenditure = 0 | CI23: Total Expenditure = 0 | CJ23: Total Expenditure = 0 | CK23: HEALTH | CL23: HEALTH N.E.C. | CM23: HLTH:HEALTH N.E.C.
A24: National Departments | B24: Vote 16: Health | C24: DEPARTMENTAL RESPONSIBILITIES | D24: NATIONAL DEPARTMENT OF HEALTH | E24: P3:HIV AIDS,TB, MAT & CHILD HLTH | F24: CHILD YOUTH AND SCHOOL HLTH | G24: CHILD YOUTH & SCHOOL HEALTH | L24: CHILD YOUTH & SCHOOL HEALTH | M24: 32275025 | N24: CURRENT | O24: 2014/2015 | P24: 10000 | Q24: 0 | R24: 0 | S24: -10000 | T24: 0.00 | U24: 0 | V24: 0 | W24: 0 | X24: 0 | Y24: REGIONAL IDENTIFIER | Z24: NAT FUNCTION:WHOLE COUNTRY DOM | AA24: NAT FUNCTION: WHOLE COUNTRY DOM | AE24: NAT FUNCTION: WHOLE COUNTRY DOM | AF24: 30001025 | AG24: EXPENDITURE:VOTED | AH24: DEPARTMENTAL APPROPRIATION | AI24: EARMARKED AND SPECIFIC FUNDS | AJ24: E & S FUNDS: NATIONAL | AK24: E&S/F:HEALTH | AL24: DOH:SPEC & EXCL APPROPRIATE | AM24: NHI GRANT:HPV VAC CO-ALL-IN-KIND | AN24: 853025 | AO24: DOH:HIV&AIDS, TB, MAT&CHILD HEAL | AP24: DOH:CHILD,YOUTH & SCHOOL HEALTH | AQ24: HPV VACCINE | AW24: HPV VACCINE | AX24: 30130025 | AY24: NON-ASSETS RELATED | AZ24: NON-ASSETS RELATED | BE24: NON-ASSETS RELATED | BF24: 235025 | BG24: NO PROJECTS | BH24: NO PROJECTS | BM24: NO PROJECTS | BN24: 4025 | BO24: PAYMENTS | BP24: PAYMENTS | BQ24: GOODS AND SERVICES | BR24: CONS:STA,PRINT&OFF SUP | BS24: CONS:SP&OS:STATIONERY | BT24: CONS:SP&OS:STATIONERY | BU24: CONS:SP&OS:STATIONERY | BV24: 2245025 | BW24: EXPENDITURE | BX24: NON INFRASTRUCTURE | BY24: NON INFRASTRUCTURE: CURRENT | BZ24: NON INFRASTRUCTURE: CURRENT | CA24: NON INFRA/STAND ALONE: CUR | CC24: NON INFRA/STAND ALONE: CUR | CD24: 95025 | CE24: N | CF24: N | CG24: N | CH24: Total Expenditure = 0 | CI24: Total Expenditure = 0 | CJ24: Total Expenditure = 0 | CK24: HEALTH | CL24: HEALTH N.E.C. | CM24: HLTH:HEALTH N.E.C.
A25: National Departments | B25: Vote 16: Health | C25: DEPARTMENTAL RESPONSIBILITIES | D25: NATIONAL DEPARTMENT OF HEALTH | E25: P3:HIV AIDS,TB, MAT & CHILD HLTH | F25: CHILD YOUTH AND SCHOOL HLTH | G25: CHILD YOUTH & SCHOOL HEALTH | L25: CHILD YOUTH & SCHOOL HEALTH | M25: 32275025 | N25: CURRENT | O25: 2014/2015 | P25: 60000 | Q25: 150000 | R25: 0 | S25: -139000 | T25: 0.00 | U25: 71000 | V25: 0 | W25: 71233.67 | X25: -233.67 | Y25: REGIONAL IDENTIFIER | Z25: NAT FUNCTION:WHOLE COUNTRY DOM | AA25: NAT FUNCTION: WHOLE COUNTRY DOM | AE25: NAT FUNCTION: WHOLE COUNTRY DOM | AF25: 30001025 | AG25: EXPENDITURE:VOTED | AH25: DEPARTMENTAL APPROPRIATION | AI25: EARMARKED AND SPECIFIC FUNDS | AJ25: E & S FUNDS: NATIONAL | AK25: E&S/F:HEALTH | AL25: DOH:SPEC & EXCL APPROPRIATE | AM25: NHI GRANT:HPV VAC CO-ALL-IN-KIND | AN25: 853025 | AO25: DOH:HIV&AIDS, TB, MAT&CHILD HEAL | AP25: DOH:CHILD,YOUTH & SCHOOL HEALTH | AQ25: HPV VACCINE | AW25: HPV VACCINE | AX25: 30130025 | AY25: NON-ASSETS RELATED | AZ25: NON-ASSETS RELATED | BE25: NON-ASSETS RELATED | BF25: 235025 | BG25: NO PROJECTS | BH25: NO PROJECTS | BM25: NO PROJECTS | BN25: 4025 | BO25: PAYMENTS | BP25: PAYMENTS | BQ25: GOODS AND SERVICES | BR25: VENUES AND FACILITIES | BS25: VENUES AND FACILITIES | BU25: VENUES AND FACILITIES | BV25: 823025 | BW25: EXPENDITURE | BX25: NON INFRASTRUCTURE | BY25: NON INFRASTRUCTURE: CURRENT | BZ25: NON INFRASTRUCTURE: CURRENT | CA25: NON INFRA/STAND ALONE: CUR | CC25: NON INFRA/STAND ALONE: CUR | CD25: 95025 | CE25: N | CF25: N | CG25: N | CH25: CURRENT PAYMENTS | CI25: GOODS AND SERVICES | CJ25: GOODS AND SERVICES | CK25: HEALTH | CL25: HEALTH N.E.C. | CM25: HLTH:HEALTH N.E.C.
A26: National Departments | B26: Vote 16: Health | C26: DEPARTMENTAL RESPONSIBILITIES | D26: NATIONAL DEPARTMENT OF HEALTH | E26: P3:HIV AIDS,TB, MAT & CHILD HLTH | F26: CHILD YOUTH AND SCHOOL HLTH | G26: CHILD YOUTH & SCHOOL HEALTH | L26: CHILD YOUTH & SCHOOL HEALTH | M26: 32275025 | N26: CURRENT | O26: 2014/2015 | P26: 100000 | Q26: 0 | R26: 0 | S26: -10000 | T26: 0.00 | U26: 90000 | V26: 0 | W26: 89482.55 | X26: 517.45 | Y26: REGIONAL IDENTIFIER | Z26: NAT FUNCTION:WHOLE COUNTRY DOM | AA26: NAT FUNCTION: WHOLE COUNTRY DOM | AE26: NAT FUNCTION: WHOLE COUNTRY DOM | AF26: 30001025 | AG26: EXPENDITURE:VOTED | AH26: DEPARTMENTAL APPROPRIATION | AI26: EARMARKED AND SPECIFIC FUNDS | AJ26: E & S FUNDS: NATIONAL | AK26: E&S/F:HEALTH | AL26: DOH:SPEC & EXCL APPROPRIATE | AM26: NHI GRANT:HPV VAC CO-ALL-IN-KIND | AN26: 853025 | AO26: DOH:HIV&AIDS, TB, MAT&CHILD HEAL | AP26: DOH:CHILD,YOUTH & SCHOOL HEALTH | AQ26: HPV VACCINE | AW26: HPV VACCINE | AX26: 30130025 | AY26: NON-ASSETS RELATED | AZ26: NON-ASSETS RELATED | BE26: NON-ASSETS RELATED | BF26: 235025 | BG26: NO PROJECTS | BH26: NO PROJECTS | BM26: NO PROJECTS | BN26: 4025 | BO26: PAYMENTS | BP26: PAYMENTS | BQ26: GOODS AND SERVICES | BR26: TRAVEL AND SUBSISTENCE | BS26: T&S DOMESTIC | BT26: T&S DOM:ACCOMMODATION | BU26: T&S DOM:ACCOMMODATION | BV26: 3377025 | BW26: EXPENDITURE | BX26: NON INFRASTRUCTURE | BY26: NON INFRASTRUCTURE: CURRENT | BZ26: NON INFRASTRUCTURE: CURRENT | CA26: NON INFRA/STAND ALONE: CUR | CC26: NON INFRA/STAND ALONE: CUR | CD26: 95025 | CE26: N | CF26: N | CG26: N | CH26: CURRENT PAYMENTS | CI26: GOODS AND SERVICES | CJ26: GOODS AND SERVICES | CK26: HEALTH | CL26: HEALTH N.E.C. | CM26: HLTH:HEALTH N.E.C.
A27: National Departments | B27: Vote 16: Health | C27: DEPARTMENTAL RESPONSIBILITIES | D27: NATIONAL DEPARTMENT OF HEALTH | E27: P3:HIV AIDS,TB, MAT & CHILD HLTH | F27: CHILD YOUTH AND SCHOOL HLTH | G27: CHILD YOUTH & SCHOOL HEALTH | L27: CHILD YOUTH & SCHOOL HEALTH | M27: 32275025 | N27: CURRENT | O27: 2014/2015 | P27: 200000 | Q27: 0 | R27: 0 | S27: -161000 | T27: 0.00 | U27: 39000 | V27: 0 | W27: 39176.44 | X27: -176.44 | Y27: REGIONAL IDENTIFIER | Z27: NAT FUNCTION:WHOLE COUNTRY DOM | AA27: NAT FUNCTION: WHOLE COUNTRY DOM | AE27: NAT FUNCTION: WHOLE COUNTRY DOM | AF27: 30001025 | AG27: EXPENDITURE:VOTED | AH27: DEPARTMENTAL APPROPRIATION | AI27: EARMARKED AND SPECIFIC FUNDS | AJ27: E & S FUNDS: NATIONAL | AK27: E&S/F:HEALTH | AL27: DOH:SPEC & EXCL APPROPRIATE | AM27: NHI GRANT:HPV VAC CO-ALL-IN-KIND | AN27: 853025 | AO27: DOH:HIV&AIDS, TB, MAT&CHILD HEAL | AP27: DOH:CHILD,YOUTH & SCHOOL HEALTH | AQ27: HPV VACCINE | AW27: HPV VACCINE | AX27: 30130025 | AY27: NON-ASSETS RELATED | AZ27: NON-ASSETS RELATED | BE27: NON-ASSETS RELATED | BF27: 235025 | BG27: NO PROJECTS | BH27: NO PROJECTS | BM27: NO PROJECTS | BN27: 4025 | BO27: PAYMENTS | BP27: PAYMENTS | BQ27: GOODS AND SERVICES | BR27: TRAVEL AND SUBSISTENCE | BS27: T&S DOMESTIC | BT27: T&S:DOM:TRANSPORT-SHUTTLE SRVCS | BU27: T&S DOM:AIR TRANSPORT | BV27: 3989025 | BW27: EXPENDITURE | BX27: NON INFRASTRUCTURE | BY27: NON INFRASTRUCTURE: CURRENT | BZ27: NON INFRASTRUCTURE: CURRENT | CA27: NON INFRA/STAND ALONE: CUR | CC27: NON INFRA/STAND ALONE: CUR | CD27: 95025 | CE27: N | CF27: N | CG27: N | CH27: CURRENT PAYMENTS | CI27: GOODS AND SERVICES | CJ27: GOODS AND SERVICES | CK27: HEALTH | CL27: HEALTH N.E.C. | CM27: HLTH:HEALTH N.E.C.
A28: National Departments | B28: Vote 16: Health | C28: DEPARTMENTAL RESPONSIBILITIES | D28: NATIONAL DEPARTMENT OF HEALTH | E28: P3:HIV AIDS,TB, MAT & CHILD HLTH | F28: CHILD YOUTH AND SCHOOL HLTH | G28: CHILD YOUTH & SCHOOL HEALTH | L28: CHILD YOUTH & SCHOOL HEALTH | M28: 32275025 | N28: CURRENT | O28: 2014/2015 | P28: 199630000 | Q28: -58150000 | R28: 0 | S28: 35567000 | T28: 0.00 | U28: 177047000 | V28: 0 | W28: 1.7704566e+08 | X28: 1344.23 | Y28: REGIONAL IDENTIFIER | Z28: NAT FUNCTION:WHOLE COUNTRY DOM | AA28: NAT FUNCTION: WHOLE COUNTRY DOM | AE28: NAT FUNCTION: WHOLE COUNTRY DOM | AF28: 30001025 | AG28: EXPENDITURE:VOTED | AH28: DEPARTMENTAL APPROPRIATION | AI28: EARMARKED AND SPECIFIC FUNDS | AJ28: E & S FUNDS: NATIONAL | AK28: E&S/F:HEALTH | AL28: DOH:SPEC & EXCL APPROPRIATE | AM28: NHI GRANT:HPV VAC CO-ALL-IN-KIND | AN28: 853025 | AO28: DOH:HIV&AIDS, TB, MAT&CHILD HEAL | AP28: DOH:CHILD,YOUTH & SCHOOL HEALTH | AQ28: HPV VACCINE | AW28: HPV VACCINE | AX28: 30130025 | AY28: NON-ASSETS RELATED | AZ28: NON-ASSETS RELATED | BE28: NON-ASSETS RELATED | BF28: 235025 | BG28: NO PROJECTS | BH28: NO PROJECTS | BM28: NO PROJECTS | BN28: 4025 | BO28: PAYMENTS | BP28: PAYMENTS | BQ28: GOODS AND SERVICES | BR28: INV: MEDICINE | BS28: INV MEDI:VACCINES | BT28: INV MEDI:VACCINES | BU28: INV MEDI:VACCINES | BV28: 2329025 | BW28: EXPENDITURE | BX28: NON INFRASTRUCTURE | BY28: NON INFRASTRUCTURE: CURRENT | BZ28: NON INFRASTRUCTURE: CURRENT | CA28: NON INFRA/STAND ALONE: CUR | CC28: NON INFRA/STAND ALONE: CUR | CD28: 95025 | CE28: N | CF28: N | CG28: N | CH28: CURRENT PAYMENTS | CI28: GOODS AND SERVICES | CJ28: GOODS AND SERVICES | CK28: HEALTH | CL28: HEALTH N.E.C. | CM28: HLTH:HEALTH N.E.C.
P29: =SUM(P2:P28) -> 200000000 | Q29: =SUM(Q2:Q28) -> 0 | R29: =SUM(R2:R28) -> 0 | S29: =SUM(S2:S28) -> 0 | T29: =SUM(T2:T28) -> 0 | U29: =SUM(U2:U28) -> 200000000 | V29: =SUM(V2:V28) -> 14496 | W29: =SUM(W2:W28) -> 1.8948886e+08 | X29: =SUM(X2:X28) -> 10496648
D31: Main Expenditure items
E32: Compensation and contractors
E33: Inventory (Incl. Vaccines)
E34: Travel and transport
E35: Training and catering
E36: Stationery, Printing and communication
E37: Equipment (e.g. Electronic tablets)
E38: Other expenses

Sheet Exp201516
A1: National_Provincial | B1: Department | C1: Responsibility_Level_1 | D1: Responsibility_Level_2 | E1: Responsibility_Level_3 | F1: Responsibility_Level_4 | G1: Responsibility_Level_5 | H1: Responsibility_Level_6 | I1: Responsibility_Level_7 | J1: Responsibility_Level_8 | K1: Responsibility_Level_9 | L1: Responsibility_Lowest_Level | M1: Responsibility_Lowest_Level_Code | N1: Econ_Class | O1: Financial_Year | P1: Original_Budget | Q1: Adjustment_Budget | R1: Virement | S1: Fund_Shift | T1: Roll_Over | U1: Current_Budget | V1: Commitment | W1: Total_Expenditure | X1: Available_Budget | Y1: Regional_ID_Level_1 | Z1: Regional_ID_Level_2 | AA1: Regional_ID_Level_3 | AB1: Regional_ID_Level_4 | AC1: Regional_ID_Level_5 | AD1: Regional_ID_Level_6 | AE1: Regional_ID_Lowest_Level | AF1: Regional_ID_Lowest_Level_Code | AG1: Fund_Level_1 | AH1: Fund_Level_2 | AI1: Fund_Level_3 | AJ1: Fund_Level_4 | AK1: Fund_Level_5 | AL1: Fund_Level_6 | AM1: Fund_Lowest_Level | AN1: Fund_Lowest_Level_Code | AO1: Programme_Level_5 | AP1: Sub_Programme_Level_6 | AQ1: Objective_Level_7 | AR1: Objective_Level_8 | AS1: Objective_Level_9 | AT1: Objective_Level_10 | AU1: Objective_Level_11 | AV1: Objective_Level_12 | AW1: Objective_Lowest_Level | AX1: Objective_Lowest_Level_Code | AY1: Assets_Level_1 | AZ1: Assets_Level_2 | BA1: Assets_Level_3 | BB1: Assets_Level_4 | BC1: Assets_Level_5 | BD1: Assets_Level_6 | BE1: Assets_Lowest_Level | BF1: Assets_Lowest_Level_Code | BG1: Project_Level_1 | BH1: Project_Level_2 | BI1: Project_Level_3 | BJ1: Project_Level_4 | BK1: Project_Level_5 | BL1: Project_Level_6 | BM1: Project_Lowest_Level | BN1: Project_Lowest_Level_Code | BO1: Item_Level_1 | BP1: Item_Level_2 | BQ1: Item_Level_3 | BR1: Item_Level_4 | BS1: Item_Level_5 | BT1: Item_Level_6 | BU1: Item_Lowest_Level | BV1: Item_Lowest_Level_Code | BW1: Infrastructure_Level_1 | BX1: Infrastructure_Level_2 | BY1: Infrastructure_Level_3 | BZ1: Infrastructure_Level_4 | CA1: Infrastructure_Level_5 | CB1: Infrastructure_Level_6 | CC1: Infrastructure_Lowest_Level | CD1: Infrastructure_Lowest_Level_Code | CE1: ICT | CF1: ICT_Resp | CG1: ICT_Item | CH1: ECON_CLASS_LEVEL_2 | CI1: ECON_CLASS_LEVEL_3 | CJ1: INCONSISTENT_ECON_CLASS | CK1: Func_Class_Level_1 | CL1: Func_Class_Level_2 | CM1: Func_Class_Lowest_Level
A2: National Departments | B2: Vote 16: Health | C2: DEPARTMENTAL RESPONSIBILITIES | D2: NATIONAL DEPARTMENT OF HEALTH | E2: P3:HIV AIDS,TB, MAT & CHILD HLTH | F2: CHILD YOUTH AND SCHOOL HLTH | G2: CHILD YOUTH & SCHOOL HEALTH | L2: CHILD YOUTH & SCHOOL HEALTH | M2: 32275025 | N2: CURRENT | O2: 2015/2016 | P2: 0 | Q2: 0 | R2: 0 | S2: 0 | T2: 0 | U2: 0 | V2: 0 | W2: 260 | X2: -260 | Y2: REGIONAL IDENTIFIER | Z2: NAT FUNCTION:WHOLE COUNTRY DOM | AA2: NAT FUNCTION: WHOLE COUNTRY DOM | AE2: NAT FUNCTION: WHOLE COUNTRY DOM | AF2: 30001025 | AG2: EXPENDITURE:VOTED | AH2: DEPARTMENTAL APPROPRIATION | AI2: VOTED FUNDS DISCRETIONARY | AJ2: VOTED FUNDS | AM2: VOTED FUNDS | AN2: 341025 | AO2: DOH:HIV&AIDS, TB, MAT&CHILD HEAL | AP2: DOH:CHILD,YOUTH & SCHOOL HEALTH | AQ2: CHILD YOUTH & SCHOOL HLTH | AW2: CHILD YOUTH & SCHOOL HLTH | AX2: 30014025 | AY2: NON-ASSETS RELATED | AZ2: NON-ASSETS RELATED | BE2: NON-ASSETS RELATED | BF2: 235025 | BG2: NO PROJECTS | BH2: NO PROJECTS | BM2: NO PROJECTS | BN2: 4025 | BO2: PAYMENTS | BP2: PAYMENTS | BQ2: GOODS AND SERVICES | BR2: ADMINISTRATIVE FEES: PAYMENTS | BS2: BANK CHARGES AND CARD FEES | BT2: BANK CHARG&CARD FEES COMM BANK | BU2: BANK CHARG&CARD FS COMM BANK | BV2: 3811025 | BW2: EXPENDITURE | BX2: NON INFRASTRUCTURE | BY2: NON INFRASTRUCTURE: CURRENT | BZ2: NON INFRASTRUCTURE: CURRENT | CA2: NON INFRA/STAND ALONE: CUR | CC2: NON INFRA/STAND ALONE: CUR | CD2: 95025 | CE2: N | CF2: N | CG2: N | CH2: CURRENT PAYMENTS | CI2: GOODS AND SERVICES | CJ2: GOODS AND SERVICES | CK2: HEALTH | CL2: HEALTH N.E.C. | CM2: HLTH:HEALTH N.E.C.
A3: National Departments | B3: Vote 16: Health | C3: DEPARTMENTAL RESPONSIBILITIES | D3: NATIONAL DEPARTMENT OF HEALTH | E3: P3:HIV AIDS,TB, MAT & CHILD HLTH | F3: CHILD YOUTH AND SCHOOL HLTH | G3: CHILD YOUTH & SCHOOL HEALTH | L3: CHILD YOUTH & SCHOOL HEALTH | M3: 32275025 | N3: CURRENT | O3: 2015/2016 | P3: 0 | Q3: 0 | R3: 0 | S3: 0 | T3: 0 | U3: 0 | V3: 428600 | W3: 0 | X3: -428600 | Y3: REGIONAL IDENTIFIER | Z3: NAT FUNCTION:WHOLE COUNTRY DOM | AA3: NAT FUNCTION: WHOLE COUNTRY DOM | AE3: NAT FUNCTION: WHOLE COUNTRY DOM | AF3: 30001025 | AG3: EXPENDITURE:VOTED | AH3: DEPARTMENTAL APPROPRIATION | AI3: VOTED FUNDS DISCRETIONARY | AJ3: VOTED FUNDS | AM3: VOTED FUNDS | AN3: 341025 | AO3: DOH:HIV&AIDS, TB, MAT&CHILD HEAL | AP3: DOH:CHILD,YOUTH & SCHOOL HEALTH | AQ3: HPV VACCINE | AW3: HPV VACCINE | AX3: 30130025 | AY3: NON-ASSETS RELATED | AZ3: NON-ASSETS RELATED | BE3: NON-ASSETS RELATED | BF3: 235025 | BG3: NO PROJECTS | BH3: NO PROJECTS | BM3: NO PROJECTS | BN3: 4025 | BO3: PAYMENTS | BP3: PAYMENTS | BQ3: GOODS AND SERVICES | BR3: OPERATING PAYMENTS | BS3: O/P:PRINTING&PUBLICATIONS SERV | BT3: O/P:PRINTING&PUBLICAT SERV | BU3: O/P:PRINTING&PUBLICAT SERV | BV3: 2126025 | BW3: EXPENDITURE | BX3: NON INFRASTRUCTURE | BY3: NON INFRASTRUCTURE: CURRENT | BZ3: NON INFRASTRUCTURE: CURRENT | CA3: NON INFRA/STAND ALONE: CUR | CC3: NON INFRA/STAND ALONE: CUR | CD3: 95025 | CE3: N | CF3: N | CG3: N | CH3: CURRENT PAYMENTS | CI3: GOODS AND SERVICES | CJ3: GOODS AND SERVICES | CK3: HEALTH | CL3: HEALTH N.E.C. | CM3: HLTH:HEALTH N.E.C.
A4: National Departments | B4: Vote 16: Health | C4: DEPARTMENTAL RESPONSIBILITIES | D4: NATIONAL DEPARTMENT OF HEALTH | E4: P3:HIV AIDS,TB, MAT & CHILD HLTH | F4: CHILD YOUTH AND SCHOOL HLTH | G4: CHILD YOUTH & SCHOOL HEALTH | L4: CHILD YOUTH & SCHOOL HEALTH | M4: 32275025 | N4: CURRENT | O4: 2015/2016 | P4: 0 | Q4: 0 | R4: 0 | S4: 2000 | T4: 0 | U4: 2000 | V4: 0 | W4: 0 | X4: 2000 | Y4: REGIONAL IDENTIFIER | Z4: NAT FUNCTION:WHOLE COUNTRY DOM | AA4: NAT FUNCTION: WHOLE COUNTRY DOM | AE4: NAT FUNCTION: WHOLE COUNTRY DOM | AF4: 30001025 | AG4: EXPENDITURE:VOTED | AH4: DEPARTMENTAL APPROPRIATION | AI4: VOTED FUNDS DISCRETIONARY | AJ4: VOTED FUNDS | AM4: VOTED FUNDS | AN4: 341025 | AO4: DOH:HIV&AIDS, TB, MAT&CHILD HEAL | AP4: DOH:CHILD,YOUTH & SCHOOL HEALTH | AQ4: CHILD YOUTH & SCHOOL HLTH | AW4: CHILD YOUTH & SCHOOL HLTH | AX4: 30014025 | AY4: NON-ASSETS RELATED | AZ4: NON-ASSETS RELATED | BE4: NON-ASSETS RELATED | BF4: 235025 | BG4: NO PROJECTS | BH4: NO PROJECTS | BM4: NO PROJECTS | BN4: 4025 | BO4: PAYMENTS | BP4: PAYMENTS | BQ4: GOODS AND SERVICES | BR4: CONS SUPPLIES | BS4: CONS:HOUSEHOLD SUPP | BT4: CONS HOUS SUP:CROCKERY & CUTLERY | BU4: CONS HOUS SUP:CROCKERY & CUTLERY | BV4: 4846025 | BW4: EXPENDITURE | BX4: NON INFRASTRUCTURE | BY4: NON INFRASTRUCTURE: CURRENT | BZ4: NON INFRASTRUCTURE: CURRENT | CA4: NON INFRA/STAND ALONE: CUR | CC4: NON INFRA/STAND ALONE: CUR | CD4: 95025 | CE4: N | CF4: N | CG4: N | CH4: CURRENT PAYMENTS | CI4: GOODS AND SERVICES | CJ4: GOODS AND SERVICES | CK4: HEALTH | CL4: HEALTH N.E.C. | CM4: HLTH:HEALTH N.E.C.
A5: National Departments | B5: Vote 16: Health | C5: DEPARTMENTAL RESPONSIBILITIES | D5: NATIONAL DEPARTMENT OF HEALTH | E5: P3:HIV AIDS,TB, MAT & CHILD HLTH | F5: CHILD YOUTH AND SCHOOL HLTH | G5: CHILD YOUTH & SCHOOL HEALTH | L5: CHILD YOUTH & SCHOOL HEALTH | M5: 32275025 | N5: CURRENT | O5: 2015/2016 | P5: 0 | Q5: 0 | R5: 0 | S5: 2000 | T5: 0 | U5: 2000 | V5: 0 | W5: 851.87 | X5: 1148.13 | Y5: REGIONAL IDENTIFIER | Z5: NAT FUNCTION:WHOLE COUNTRY DOM | AA5: NAT FUNCTION: WHOLE COUNTRY DOM | AE5: NAT FUNCTION: WHOLE COUNTRY DOM | AF5: 30001025 | AG5: EXPENDITURE:VOTED | AH5: DEPARTMENTAL APPROPRIATION | AI5: VOTED FUNDS DISCRETIONARY | AJ5: VOTED FUNDS | AM5: VOTED FUNDS | AN5: 341025 | AO5: DOH:HIV&AIDS, TB, MAT&CHILD HEAL | AP5: DOH:CHILD,YOUTH & SCHOOL HEALTH | AQ5: CHILD YOUTH & SCHOOL HLTH | AW5: CHILD YOUTH & SCHOOL HLTH | AX5: 30014025 | AY5: NON-ASSETS RELATED | AZ5: NON-ASSETS RELATED | BE5: NON-ASSETS RELATED | BF5: 235025 | BG5: NO PROJECTS | BH5: NO PROJECTS | BM5: NO PROJECTS | BN5: 4025 | BO5: PAYMENTS | BP5: PAYMENTS | BQ5: GOODS AND SERVICES | BR5: INV:FOOD & FOOD SUPPLIES | BS5: INVFOOD SUP:MILK&MILK PRODUCTS | BT5: INV FOOD SUP:MILK&MILK PROD | BU5: INV FOOD SUP:MILK&MILK PROD | BV5: 2434025 | BW5: EXPENDITURE | BX5: NON INFRASTRUCTURE | BY5: NON INFRASTRUCTURE: CURRENT | BZ5: NON INFRASTRUCTURE: CURRENT | CA5: NON INFRA/STAND ALONE: CUR | CC5: NON INFRA/STAND ALONE: CUR | CD5: 95025 | CE5: N | CF5: N | CG5: N | CH5: CURRENT PAYMENTS | CI5: GOODS AND SERVICES | CJ5: GOODS AND SERVICES | CK5: HEALTH | CL5: HEALTH N.E.C. | CM5: HLTH:HEALTH N.E.C.
A6: National Departments | B6: Vote 16: Health | C6: DEPARTMENTAL RESPONSIBILITIES | D6: NATIONAL DEPARTMENT OF HEALTH | E6: P3:HIV AIDS,TB, MAT & CHILD HLTH | F6: CHILD YOUTH AND SCHOOL HLTH | G6: CHILD YOUTH & SCHOOL HEALTH | L6: CHILD YOUTH & SCHOOL HEALTH | M6: 32275025 | N6: CURRENT | O6: 2015/2016 | P6: 0 | Q6: 0 | R6: 0 | S6: 7000 | T6: 0 | U6: 7000 | V6: 0 | W6: 0 | X6: 7000 | Y6: REGIONAL IDENTIFIER | Z6: NAT FUNCTION:WHOLE COUNTRY DOM | AA6: NAT FUNCTION: WHOLE COUNTRY DOM | AE6: NAT FUNCTION: WHOLE COUNTRY DOM | AF6: 30001025 | AG6: EXPENDITURE:VOTED | AH6: DEPARTMENTAL APPROPRIATION | AI6: EARMARKED AND SPECIFIC FUNDS | AJ6: E & S FUNDS: NATIONAL | AK6: E&S/F:HEALTH | AL6: DOH:SPEC & EXCL APPROPRIATE | AM6: NHI GRANT:HPV VAC CO-ALL-IN-KIND | AN6: 853025 | AO6: DOH:HIV&AIDS, TB, MAT&CHILD HEAL | AP6: DOH:CHILD,YOUTH & SCHOOL HEALTH | AQ6: HPV VACCINE | AW6: HPV VACCINE | AX6: 30130025 | AY6: MINOR ASSETS | AZ6: TANGIBLE MINOR ASSETS | BA6: MACHINERY & EQUIPMENT <R5000 | BB6: MACHINERY&EQUIPMENT<R5000 | BC6: OTHER:MACHINERY & EQP<R5000 | BD6: EQP<R5000:DOMESTIC EQUIPMENT | BE6: EQP<R5000: DOMESTIC EQUIPMENT | BF6: 30032025 | BG6: NO PROJECTS | BH6: NO PROJECTS | BM6: NO PROJECTS | BN6: 4025 | BO6: PAYMENTS | BP6: PAYMENTS | BQ6: GOODS AND SERVICES | BR6: MINOR ASSETS | BS6: MACHINERY & EQUIPMENT<R5000 | BT6: EQP<R5000:DOMESTIC EQUIPMENT | BU6: EQP<R5000:DOMESTIC EQUIPMENT | BV6: 3748025 | BW6: EXPENDITURE | BX6: NON INFRASTRUCTURE | BY6: NON INFRASTRUCTURE: CURRENT | BZ6: NON INFRASTRUCTURE: CURRENT | CA6: NON INFRA/STAND ALONE: CUR | CC6: NON INFRA/STAND ALONE: CUR | CD6: 95025 | CE6: N | CF6: N | CG6: N | CH6: CURRENT PAYMENTS | CI6: GOODS AND SERVICES | CJ6: GOODS AND SERVICES | CK6: HEALTH | CL6: HEALTH N.E.C. | CM6: HLTH:HEALTH N.E.C.
A7: National Departments | B7: Vote 16: Health | C7: DEPARTMENTAL RESPONSIBILITIES | D7: NATIONAL DEPARTMENT OF HEALTH | E7: P3:HIV AIDS,TB, MAT & CHILD HLTH | F7: CHILD YOUTH AND SCHOOL HLTH | G7: CHILD YOUTH & SCHOOL HEALTH | L7: CHILD YOUTH & SCHOOL HEALTH | M7: 32275025 | N7: CURRENT | O7: 2015/2016 | P7: 0 | Q7: 0 | R7: 0 | S7: 50000 | T7: 0 | U7: 50000 | V7: 0 | W7: 9988.5 | X7: 40011.5 | Y7: REGIONAL IDENTIFIER | Z7: NAT FUNCTION:WHOLE COUNTRY DOM | AA7: NAT FUNCTION: WHOLE COUNTRY DOM | AE7: NAT FUNCTION: WHOLE COUNTRY DOM | AF7: 30001025 | AG7: EXPENDITURE:VOTED | AH7: DEPARTMENTAL APPROPRIATION | AI7: EARMARKED AND SPECIFIC FUNDS | AJ7: E & S FUNDS: NATIONAL | AK7: E&S/F:HEALTH | AL7: DOH:SPEC & EXCL APPROPRIATE | AM7: NHI GRANT:HPV VAC CO-ALL-IN-KIND | AN7: 853025 | AO7: DOH:HIV&AIDS, TB, MAT&CHILD HEAL | AP7: DOH:CHILD,YOUTH & SCHOOL HEALTH | AQ7: HPV VACCINE | AW7: HPV VACCINE | AX7: 30130025 | AY7: NON-ASSETS RELATED | AZ7: NON-ASSETS RELATED | BE7: NON-ASSETS RELATED | BF7: 235025 | BG7: NO PROJECTS | BH7: NO PROJECTS | BM7: NO PROJECTS | BN7: 4025 | BO7: PAYMENTS | BP7: PAYMENTS | BQ7: GOODS AND SERVICES | BR7: TRAVEL AND SUBSISTENCE | BS7: T&S DOMESTIC: NON EMLOYEES | BT7: T&S DOM NON EMPL:ACCOMMODATION | BU7: T&S DOM NON EMPL:ACCOMMODATION | BV7: 3363025 | BW7: EXPENDITURE | BX7: NON INFRASTRUCTURE | BY7: NON INFRASTRUCTURE: CURRENT | BZ7: NON INFRASTRUCTURE: CURRENT | CA7: NON INFRA/STAND ALONE: CUR | CC7: NON INFRA/STAND ALONE: CUR | CD7: 95025 | CE7: N | CF7: N | CG7: N | CH7: CURRENT PAYMENTS | CI7: GOODS AND SERVICES | CJ7: GOODS AND SERVICES | CK7: HEALTH | CL7: HEALTH N.E.C. | CM7: HLTH:HEALTH N.E.C.
A8: National Departments | B8: Vote 16: Health | C8: DEPARTMENTAL RESPONSIBILITIES | D8: NATIONAL DEPARTMENT OF HEALTH | E8: P3:HIV AIDS,TB, MAT & CHILD HLTH | F8: CHILD YOUTH AND SCHOOL HLTH | G8: CHILD YOUTH & SCHOOL HEALTH | L8: CHILD YOUTH & SCHOOL HEALTH | M8: 32275025 | N8: CURRENT | O8: 2015/2016 | P8: 0 | Q8: 0 | R8: 0 | S8: 60000 | T8: 0 | U8: 60000 | V8: 0 | W8: 0 | X8: 60000 | Y8: REGIONAL IDENTIFIER | Z8: NAT FUNCTION:WHOLE COUNTRY DOM | AA8: NAT FUNCTION: WHOLE COUNTRY DOM | AE8: NAT FUNCTION: WHOLE COUNTRY DOM | AF8: 30001025 | AG8: EXPENDITURE:VOTED | AH8: DEPARTMENTAL APPROPRIATION | AI8: EARMARKED AND SPECIFIC FUNDS | AJ8: E & S FUNDS: NATIONAL | AK8: E&S/F:HEALTH | AL8: DOH:SPEC & EXCL APPROPRIATE | AM8: NHI GRANT:HPV VAC CO-ALL-IN-KIND | AN8: 853025 | AO8: DOH:HIV&AIDS, TB, MAT&CHILD HEAL | AP8: DOH:CHILD,YOUTH & SCHOOL HEALTH | AQ8: HPV VACCINE | AW8: HPV VACCINE | AX8: 30130025 | AY8: NON-ASSETS RELATED | AZ8: NON-ASSETS RELATED | BE8: NON-ASSETS RELATED | BF8: 235025 | BG8: NO PROJECTS | BH8: NO PROJECTS | BM8: NO PROJECTS | BN8: 4025 | BO8: PAYMENTS | BP8: PAYMENTS | BQ8: GOODS AND SERVICES | BR8: AGENCY&SUPRT/OUTSOURCED SERVICES | BS8: A&S/O/S:NURSING STAFF | BT8: A&S/O/S:NURSING STAFF | BU8: A&S/O/S:NURSING STAFF | BV8: 2494025 | BW8: EXPENDITURE | BX8: NON INFRASTRUCTURE | BY8: NON INFRASTRUCTURE: CURRENT | BZ8: NON INFRASTRUCTURE: CURRENT | CA8: NON INFRA/STAND ALONE: CUR | CC8: NON INFRA/STAND ALONE: CUR | CD8: 95025 | CE8: N | CF8: N | CG8: N | CH8: CURRENT PAYMENTS | CI8: GOODS AND SERVICES | CJ8: GOODS AND SERVICES | CK8: HEALTH | CL8: HEALTH N.E.C. | CM8: HLTH:HEALTH N.E.C.
A9: National Departments | B9: Vote 16: Health | C9: DEPARTMENTAL RESPONSIBILITIES | D9: NATIONAL DEPARTMENT OF HEALTH | E9: P3:HIV AIDS,TB, MAT & CHILD HLTH | F9: CHILD YOUTH AND SCHOOL HLTH | G9: CHILD YOUTH & SCHOOL HEALTH | L9: CHILD YOUTH & SCHOOL HEALTH | M9: 32275025 | N9: CURRENT | O9: 2015/2016 | P9: 0 | Q9: 0 | R9: 0 | S9: 100000 | T9: 0 | U9: 100000 | V9: 0 | W9: 0 | X9: 100000 | Y9: REGIONAL IDENTIFIER | Z9: NAT FUNCTION:WHOLE COUNTRY DOM | AA9: NAT FUNCTION: WHOLE COUNTRY DOM | AE9: NAT FUNCTION: WHOLE COUNTRY DOM | AF9: 30001025 | AG9: EXPENDITURE:VOTED | AH9: DEPARTMENTAL APPROPRIATION | AI9: EARMARKED AND SPECIFIC FUNDS | AJ9: E & S FUNDS: NATIONAL | AK9: E&S/F:HEALTH | AL9: DOH:SPEC & EXCL APPROPRIATE | AM9: NHI GRANT:HPV VAC CO-ALL-IN-KIND | AN9: 853025 | AO9: DOH:HIV&AIDS, TB, MAT&CHILD HEAL | AP9: DOH:CHILD,YOUTH & SCHOOL HEALTH | AQ9: HPV VACCINE | AW9: HPV VACCINE | AX9: 30130025 | AY9: NON-ASSETS RELATED | AZ9: NON-ASSETS RELATED | BE9: NON-ASSETS RELATED | BF9: 235025 | BG9: NO PROJECTS | BH9: NO PROJECTS | BM9: NO PROJECTS | BN9: 4025 | BO9: PAYMENTS | BP9: PAYMENTS | BQ9: GOODS AND SERVICES | BR9: INV:MEDICAL SUPPLIES | BS9: INV MED:FIRST AID KIT | BT9: INV MED:FIRST AID KIT | BU9: INV MED:FIRST AID KIT | BV9: 2357025 | BW9: EXPENDITURE | BX9: NON INFRASTRUCTURE | BY9: NON INFRASTRUCTURE: CURRENT | BZ9: NON INFRASTRUCTURE: CURRENT | CA9: NON INFRA/STAND ALONE: CUR | CC9: NON INFRA/STAND ALONE: CUR | CD9: 95025 | CE9: N | CF9: N | CG9: N | CH9: CURRENT PAYMENTS | CI9: GOODS AND SERVICES | CJ9: GOODS AND SERVICES | CK9: HEALTH | CL9: HEALTH N.E.C. | CM9: HLTH:HEALTH N.E.C.
A10: National Departments | B10: Vote 16: Health | C10: DEPARTMENTAL RESPONSIBILITIES | D10: NATIONAL DEPARTMENT OF HEALTH | E10: P3:HIV AIDS,TB, MAT & CHILD HLTH | F10: CHILD YOUTH AND SCHOOL HLTH | G10: CHILD YOUTH & SCHOOL HEALTH | L10: CHILD YOUTH & SCHOOL HEALTH | M10: 32275025 | N10: CURRENT | O10: 2015/2016 | P10: 0 | Q10: 0 | R10: 0 | S10: 250000 | T10: 0 | U10: 250000 | V10: 0 | W10: 107377.43 | X10: 142622.57 | Y10: REGIONAL IDENTIFIER | Z10: NAT FUNCTION:WHOLE COUNTRY DOM | AA10: NAT FUNCTION: WHOLE COUNTRY DOM | AE10: NAT FUNCTION: WHOLE COUNTRY DOM | AF10: 30001025 | AG10: EXPENDITURE:VOTED | AH10: DEPARTMENTAL APPROPRIATION | AI10: EARMARKED AND SPECIFIC FUNDS | AJ10: E & S FUNDS: NATIONAL | AK10: E&S/F:HEALTH | AL10: DOH:SPEC & EXCL APPROPRIATE | AM10: NHI GRANT:HPV VAC CO-ALL-IN-KIND | AN10: 853025 | AO10: DOH:HIV&AIDS, TB, MAT&CHILD HEAL | AP10: DOH:CHILD,YOUTH & SCHOOL HEALTH | AQ10: HPV VACCINE | AW10: HPV VACCINE | AX10: 30130025 | AY10: NON-ASSETS RELATED | AZ10: NON-ASSETS RELATED | BE10: NON-ASSETS RELATED | BF10: 235025 | BG10: NO PROJECTS | BH10: NO PROJECTS | BM10: NO PROJECTS | BN10: 4025 | BO10: PAYMENTS | BP10: PAYMENTS | BQ10: GOODS AND SERVICES | BR10: TRAVEL AND SUBSISTENCE | BS10: T&S DOMESTIC: NON EMLOYEES | BT10: T&S:DOM NON EMPL:TRANSPORT | BU10: T&S:DOM NON EMPL:TRANSPORT | BV10: 3357025 | BW10: EXPENDITURE | BX10: NON INFRASTRUCTURE | BY10: NON INFRASTRUCTURE: CURRENT | BZ10: NON INFRASTRUCTURE: CURRENT | CA10: NON INFRA/STAND ALONE: CUR | CC10: NON INFRA/STAND ALONE: CUR | CD10: 95025 | CE10: N | CF10: N | CG10: N | CH10: CURRENT PAYMENTS | CI10: GOODS AND SERVICES | CJ10: GOODS AND SERVICES | CK10: HEALTH | CL10: HEALTH N.E.C. | CM10: HLTH:HEALTH N.E.C.
A11: National Departments | B11: Vote 16: Health | C11: DEPARTMENTAL RESPONSIBILITIES | D11: NATIONAL DEPARTMENT OF HEALTH | E11: P3:HIV AIDS,TB, MAT & CHILD HLTH | F11: CHILD YOUTH AND SCHOOL HLTH | G11: CHILD YOUTH & SCHOOL HEALTH | L11: CHILD YOUTH & SCHOOL HEALTH | M11: 32275025 | N11: CURRENT | O11: 2015/2016 | P11: 0 | Q11: 0 | R11: 0 | S11: 4000000 | T11: 0 | U11: 4000000 | V11: 3342222 | W11: 0 | X11: 657778 | Y11: REGIONAL IDENTIFIER | Z11: NAT FUNCTION:WHOLE COUNTRY DOM | AA11: NAT FUNCTION: WHOLE COUNTRY DOM | AE11: NAT FUNCTION: WHOLE COUNTRY DOM | AF11: 30001025 | AG11: EXPENDITURE:VOTED | AH11: DEPARTMENTAL APPROPRIATION | AI11: EARMARKED AND SPECIFIC FUNDS | AJ11: E & S FUNDS: NATIONAL | AK11: E&S/F:HEALTH | AL11: DOH:SPEC & EXCL APPROPRIATE | AM11: NHI GRANT:HPV VAC CO-ALL-IN-KIND | AN11: 853025 | AO11: DOH:HIV&AIDS, TB, MAT&CHILD HEAL | AP11: DOH:CHILD,YOUTH & SCHOOL HEALTH | AQ11: HPV VACCINE | AW11: HPV VACCINE | AX11: 30130025 | AY11: MINOR ASSETS | AZ11: TANGIBLE MINOR ASSETS | BA11: MACHINERY & EQUIPMENT <R5000 | BB11: MACHINERY&EQUIPMENT<R5000 | BC11: OTHER:MACHINERY & EQP<R5000 | BD11: EQP<R5000:CELLULAR PHONES | BE11: EQP<R5000: CELLULAR PHONES | BF11: 30028025 | BG11: NO PROJECTS | BH11: NO PROJECTS | BM11: NO PROJECTS | BN11: 4025 | BO11: PAYMENTS | BP11: PAYMENTS | BQ11: GOODS AND SERVICES | BR11: MINOR ASSETS | BS11: MACHINERY & EQUIPMENT<R5000 | BT11: EQP<R5000:CELLULAR PHONES | BU11: EQP<R5000:CELLULAR PHONES | BV11: 3769025 | BW11: EXPENDITURE | BX11: NON INFRASTRUCTURE | BY11: NON INFRASTRUCTURE: CURRENT | BZ11: NON INFRASTRUCTURE: CURRENT | CA11: NON INFRA/STAND ALONE: CUR | CC11: NON INFRA/STAND ALONE: CUR | CD11: 95025 | CE11: Y | CF11: N | CG11: Y | CH11: CURRENT PAYMENTS | CI11: GOODS AND SERVICES | CJ11: GOODS AND SERVICES | CK11: HEALTH | CL11: HEALTH N.E.C. | CM11: HLTH:HEALTH N.E.C.
A12: National Departments | B12: Vote 16: Health | C12: DEPARTMENTAL RESPONSIBILITIES | D12: NATIONAL DEPARTMENT OF HEALTH | E12: P3:HIV AIDS,TB, MAT & CHILD HLTH | F12: CHILD YOUTH AND SCHOOL HLTH | G12: CHILD YOUTH & SCHOOL HEALTH | L12: CHILD YOUTH & SCHOOL HEALTH | M12: 32275025 | N12: CURRENT | O12: 2015/2016 | P12: 2000 | Q12: 0 | R12: 0 | S12: 0 | T12: 0 | U12: 2000 | V12: 0 | W12: 334 | X12: 1666 | Y12: REGIONAL IDENTIFIER | Z12: NAT FUNCTION:WHOLE COUNTRY DOM | AA12: NAT FUNCTION: WHOLE COUNTRY DOM | AE12: NAT FUNCTION: WHOLE COUNTRY DOM | AF12: 30001025 | AG12: EXPENDITURE:VOTED | AH12: DEPARTMENTAL APPROPRIATION | AI12: VOTED FUNDS DISCRETIONARY | AJ12: VOTED FUNDS | AM12: VOTED FUNDS | AN12: 341025 | AO12: DOH:HIV&AIDS, TB, MAT&CHILD HEAL | AP12: DOH:CHILD,YOUTH & SCHOOL HEALTH | AQ12: CHILD YOUTH & SCHOOL HLTH | AW12: CHILD YOUTH & SCHOOL HLTH | AX12: 30014025 | AY12: NON-ASSETS RELATED | AZ12: NON-ASSETS RELATED | BE12: NON-ASSETS RELATED | BF12: 235025 | BG12: NO PROJECTS | BH12: NO PROJECTS | BM12: NO PROJECTS | BN12: 4025 | BO12: PAYMENTS | BP12: PAYMENTS | BQ12: GOODS AND SERVICES | BR12: INV:FUEL, OIL AND GAS | BS12: INV F&G:FUEL, OIL & LUBRICANTS | BT12: INV F&G:FUEL, OIL & LUBRCNTS | BU12: INV F&G:FUEL, OIL & LUBRCNTS | BV12: 2418025 | BW12: EXPENDITURE | BX12: NON INFRASTRUCTURE | BY12: NON INFRASTRUCTURE: CURRENT | BZ12: NON INFRASTRUCTURE: CURRENT | CA12: NON INFRA/STAND ALONE: CUR | CC12: NON INFRA/STAND ALONE: CUR | CD12: 95025 | CE12: N | CF12: N | CG12: N | CH12: CURRENT PAYMENTS | CI12: GOODS AND SERVICES | CJ12: GOODS AND SERVICES | CK12: HEALTH | CL12: HEALTH N.E.C. | CM12: HLTH:HEALTH N.E.C.
A13: National Departments | B13: Vote 16: Health | C13: DEPARTMENTAL RESPONSIBILITIES | D13: NATIONAL DEPARTMENT OF HEALTH | E13: P3:HIV AIDS,TB, MAT & CHILD HLTH | F13: CHILD YOUTH AND SCHOOL HLTH | G13: CHILD YOUTH & SCHOOL HEALTH | L13: CHILD YOUTH & SCHOOL HEALTH | M13: 32275025 | N13: CURRENT | O13: 2015/2016 | P13: 2000 | Q13: 0 | R13: 0 | S13: 0 | T13: 0 | U13: 2000 | V13: 0 | W13: 921.83 | X13: 1078.17 | Y13: REGIONAL IDENTIFIER | Z13: NAT FUNCTION:WHOLE COUNTRY DOM | AA13: NAT FUNCTION: WHOLE COUNTRY DOM | AE13: NAT FUNCTION: WHOLE COUNTRY DOM | AF13: 30001025 | AG13: EXPENDITURE:VOTED | AH13: DEPARTMENTAL APPROPRIATION | AI13: VOTED FUNDS DISCRETIONARY | AJ13: VOTED FUNDS | AM13: VOTED FUNDS | AN13: 341025 | AO13: DOH:HIV&AIDS, TB, MAT&CHILD HEAL | AP13: DOH:CHILD,YOUTH & SCHOOL HEALTH | AQ13: CHILD YOUTH & SCHOOL HLTH | AW13: CHILD YOUTH & SCHOOL HLTH | AX13: 30014025 | AY13: NON-ASSETS RELATED | AZ13: NON-ASSETS RELATED | BE13: NON-ASSETS RELATED | BF13: 235025 | BG13: NO PROJECTS | BH13: NO PROJECTS | BM13: NO PROJECTS | BN13: 4025 | BO13: PAYMENTS | BP13: PAYMENTS | BQ13: GOODS AND SERVICES | BR13: INV:FOOD & FOOD SUPPLIES | BS13: INV FOOD SUP:GROCERIES | BT13: INVFOOD SUP:GROCERIES | BU13: INVFOOD SUP:GROCERIES | BV13: 2430025 | BW13: EXPENDITURE | BX13: NON INFRASTRUCTURE | BY13: NON INFRASTRUCTURE: CURRENT | BZ13: NON INFRASTRUCTURE: CURRENT | CA13: NON INFRA/STAND ALONE: CUR | CC13: NON INFRA/STAND ALONE: CUR | CD13: 95025 | CE13: N | CF13: N | CG13: N | CH13: CURRENT PAYMENTS | CI13: GOODS AND SERVICES | CJ13: GOODS AND SERVICES | CK13: HEALTH | CL13: HEALTH N.E.C. | CM13: HLTH:HEALTH N.E.C.
A14: National Departments | B14: Vote 16: Health | C14: DEPARTMENTAL RESPONSIBILITIES | D14: NATIONAL DEPARTMENT OF HEALTH | E14: P3:HIV AIDS,TB, MAT & CHILD HLTH | F14: CHILD YOUTH AND SCHOOL HLTH | G14: CHILD YOUTH & SCHOOL HEALTH | L14: CHILD YOUTH & SCHOOL HEALTH | M14: 32275025 | N14: CURRENT | O14: 2015/2016 | P14: 2000 | Q14: 0 | R14: 0 | S14: 0 | T14: 0 | U14: 2000 | V14: 0 | W14: 1600.77 | X14: 399.23 | Y14: REGIONAL IDENTIFIER | Z14: NAT FUNCTION:WHOLE COUNTRY DOM | AA14: NAT FUNCTION: WHOLE COUNTRY DOM | AE14: NAT FUNCTION: WHOLE COUNTRY DOM | AF14: 30001025 | AG14: EXPENDITURE:VOTED | AH14: DEPARTMENTAL APPROPRIATION | AI14: VOTED FUNDS DISCRETIONARY | AJ14: VOTED FUNDS | AM14: VOTED FUNDS | AN14: 341025 | AO14: DOH:HIV&AIDS, TB, MAT&CHILD HEAL | AP14: DOH:CHILD,YOUTH & SCHOOL HEALTH | AQ14: CHILD YOUTH & SCHOOL HLTH | AW14: CHILD YOUTH & SCHOOL HLTH | AX14: 30014025 | AY14: NON-ASSETS RELATED | AZ14: NON-ASSETS RELATED | BE14: NON-ASSETS RELATED | BF14: 235025 | BG14: NO PROJECTS | BH14: NO PROJECTS | BM14: NO PROJECTS | BN14: 4025 | BO14: PAYMENTS | BP14: PAYMENTS | BQ14: COMPENSATION OF EMPLOYEES | BR14: SOCIAL CONTRIBUTIONS | BS14: SOCIAL CONTRIBUTIONS RESIDENTS | BT14: SOC CONTRIB: SERV BENEFITS(RES) | BU14: EMPL CONTR:BARGAIN COUNCIL(RES) | BV14: 4141025 | BW14: EXPENDITURE | BX14: NON INFRASTRUCTURE | BY14: NON INFRASTRUCTURE: CURRENT | BZ14: NON INFRASTRUCTURE: CURRENT | CA14: NON INFRA/STAND ALONE: CUR | CC14: NON INFRA/STAND ALONE: CUR | CD14: 95025 | CE14: N | CF14: N | CG14: N | CH14: CURRENT PAYMENTS | CI14: COMPENSATION OF EMPLOYEES | CJ14: COMPENSATION OF EMPLOYEES | CK14: HEALTH | CL14: HEALTH N.E.C. | CM14: HLTH:HEALTH N.E.C.
A15: National Departments | B15: Vote 16: Health | C15: DEPARTMENTAL RESPONSIBILITIES | D15: NATIONAL DEPARTMENT OF HEALTH | E15: P3:HIV AIDS,TB, MAT & CHILD HLTH | F15: CHILD YOUTH AND SCHOOL HLTH | G15: CHILD YOUTH & SCHOOL HEALTH | L15: CHILD YOUTH & SCHOOL HEALTH | M15: 32275025 | N15: CURRENT | O15: 2015/2016 | P15: 3000 | Q15: 0 | R15: 0 | S15: 0 | T15: 0 | U15: 3000 | V15: 0 | W15: 0 | X15: 3000 | Y15: REGIONAL IDENTIFIER | Z15: NAT FUNCTION:WHOLE COUNTRY DOM | AA15: NAT FUNCTION: WHOLE COUNTRY DOM | AE15: NAT FUNCTION: WHOLE COUNTRY DOM | AF15: 30001025 | AG15: EXPENDITURE:VOTED | AH15: DEPARTMENTAL APPROPRIATION | AI15: VOTED FUNDS DISCRETIONARY | AJ15: VOTED FUNDS | AM15: VOTED FUNDS | AN15: 341025 | AO15: DOH:HIV&AIDS, TB, MAT&CHILD HEAL | AP15: DOH:CHILD,YOUTH & SCHOOL HEALTH | AQ15: CHILD YOUTH & SCHOOL HLTH | AW15: CHILD YOUTH & SCHOOL HLTH | AX15: 30014025 | AY15: MINOR ASSETS | AZ15: TANGIBLE MINOR ASSETS | BA15: MACHINERY & EQUIPMENT <R5000 | BB15: MACHINERY&EQUIPMENT<R5000 | BC15: OTHER:MACHINERY & EQP<R5000 | BD15: EQP<R5000:KITCHEN APPLIANCES | BE15: EQP<R5000: KITCHEN APPLIANCE | BF15: 30038025 | BG15: NO PROJECTS | BH15: NO PROJECTS | BM15: NO PROJECTS | BN15: 4025 | BO15: PAYMENTS | BP15: PAYMENTS | BQ15: GOODS AND SERVICES | BR15: MINOR ASSETS | BS15: MACHINERY & EQUIPMENT<R5000 | BT15: EQP<R5000:KITCHEN APPLIANCES | BU15: EQP<R5000:KITCHEN APPLIANCES | BV15: 3720025 | BW15: EXPENDITURE | BX15: NON INFRASTRUCTURE | BY15: NON INFRASTRUCTURE: CURRENT | BZ15: NON INFRASTRUCTURE: CURRENT | CA15: NON INFRA/STAND ALONE: CUR | CC15: NON INFRA/STAND ALONE: CUR | CD15: 95025 | CE15: N | CF15: N | CG15: N | CH15: CURRENT PAYMENTS | CI15: GOODS AND SERVICES | CJ15: GOODS AND SERVICES | CK15: HEALTH | CL15: HEALTH N.E.C. | CM15: HLTH:HEALTH N.E.C.
A16: National Departments | B16: Vote 16: Health | C16: DEPARTMENTAL RESPONSIBILITIES | D16: NATIONAL DEPARTMENT OF HEALTH | E16: P3:HIV AIDS,TB, MAT & CHILD HLTH | F16: CHILD YOUTH AND SCHOOL HLTH | G16: CHILD YOUTH & SCHOOL HEALTH | L16: CHILD YOUTH & SCHOOL HEALTH | M16: 32275025 | N16: CURRENT | O16: 2015/2016 | P16: 5000 | Q16: 0 | R16: 0 | S16: 0 | T16: 0 | U16: 5000 | V16: 0 | W16: 0 | X16: 5000 | Y16: REGIONAL IDENTIFIER | Z16: NAT FUNCTION:WHOLE COUNTRY DOM | AA16: NAT FUNCTION: WHOLE COUNTRY DOM | AE16: NAT FUNCTION: WHOLE COUNTRY DOM | AF16: 30001025 | AG16: EXPENDITURE:VOTED | AH16: DEPARTMENTAL APPROPRIATION | AI16: VOTED FUNDS DISCRETIONARY | AJ16: VOTED FUNDS | AM16: VOTED FUNDS | AN16: 341025 | AO16: DOH:HIV&AIDS, TB, MAT&CHILD HEAL | AP16: DOH:CHILD,YOUTH & SCHOOL HEALTH | AQ16: CHILD YOUTH & SCHOOL HLTH | AW16: CHILD YOUTH & SCHOOL HLTH | AX16: 30014025 | AY16: TANGIBLE CAPITAL ASSETS | AZ16: MACHINERY & EQUIPMENT | BA16: OTHER MACHINERY & EQUIPMENT | BB16: FURNITURE & OFFICE EQUIPMENT | BC16: OFFICE EQUIPMENT | BD16: OFFICE EQUIPMENT | BE16: OFFICE EQUIPMENT | BF16: 30017025 | BG16: NO PROJECTS | BH16: NO PROJECTS | BM16: NO PROJECTS | BN16: 4025 | BO16: PAYMENTS | BP16: PAYMENTS | BQ16: GOODS AND SERVICES | BR16: CONTRACTORS | BS16: CONTR:MNT&REP NON INFR ASS | BT16: OUTS CONTRCTRS:MNT&REP N-INF ASS | BU16: OUTS CONTRCTRS:MNT&REP N-INF ASS | BV16: 2551025 | BW16: EXPENDITURE | BX16: NON INFRASTRUCTURE | BY16: NON INFRASTRUCTURE: CURRENT | BZ16: NON INFRA MAINTENANCE & REPAIR | CA16: NON INFRA MAINT&REPAIR:OUTS(CUR) | CC16: NON INFRA MAINT&REPAIR:OUTS(CUR) | CD16: 96025 | CE16: N | CF16: N | CG16: N | CH16: CURRENT PAYMENTS | CI16: GOODS AND SERVICES | CJ16: GOODS AND SERVICES | CK16: HEALTH | CL16: HEALTH N.E.C. | CM16: HLTH:HEALTH N.E.C.
A17: National Departments | B17: Vote 16: Health | C17: DEPARTMENTAL RESPONSIBILITIES | D17: NATIONAL DEPARTMENT OF HEALTH | E17: P3:HIV AIDS,TB, MAT & CHILD HLTH | F17: CHILD YOUTH AND SCHOOL HLTH | G17: CHILD YOUTH & SCHOOL HEALTH | L17: CHILD YOUTH & SCHOOL HEALTH | M17: 32275025 | N17: CURRENT | O17: 2015/2016 | P17: 5000 | Q17: 0 | R17: 0 | S17: 0 | T17: 0 | U17: 5000 | V17: 0 | W17: 0 | X17: 5000 | Y17: REGIONAL IDENTIFIER | Z17: NAT FUNCTION:WHOLE COUNTRY DOM | AA17: NAT FUNCTION: WHOLE COUNTRY DOM | AE17: NAT FUNCTION: WHOLE COUNTRY DOM | AF17: 30001025 | AG17: EXPENDITURE:VOTED | AH17: DEPARTMENTAL APPROPRIATION | AI17: VOTED FUNDS DISCRETIONARY | AJ17: VOTED FUNDS | AM17: VOTED FUNDS | AN17: 341025 | AO17: DOH:HIV&AIDS, TB, MAT&CHILD HEAL | AP17: DOH:CHILD,YOUTH & SCHOOL HEALTH | AQ17: CHILD YOUTH & SCHOOL HLTH | AW17: CHILD YOUTH & SCHOOL HLTH | AX17: 30014025 | AY17: NON-ASSETS RELATED | AZ17: NON-ASSETS RELATED | BE17: NON-ASSETS RELATED | BF17: 235025 | BG17: NO PROJECTS | BH17: NO PROJECTS | BM17: NO PROJECTS | BN17: 4025 | BO17: PAYMENTS | BP17: PAYMENTS | BQ17: GOODS AND SERVICES | BR17: TRAVEL AND SUBSISTENCE | BS17: T&S FOREIGN | BT17: T&S FORGN:TRNS - SHUTTLE SERVICE | BU17: T&S FORGN:ROAD TRANSPORT | BV17: 3981025 | BW17: EXPENDITURE | BX17: NON INFRASTRUCTURE | BY17: NON INFRASTRUCTURE: CURRENT | BZ17: NON INFRASTRUCTURE: CURRENT | CA17: NON INFRA/STAND ALONE: CUR | CC17: NON INFRA/STAND ALONE: CUR | CD17: 95025 | CE17: N | CF17: N | CG17: N | CH17: CURRENT PAYMENTS | CI17: GOODS AND SERVICES | CJ17: GOODS AND SERVICES | CK17: HEALTH | CL17: HEALTH N.E.C. | CM17: HLTH:HEALTH N.E.C.
A18: National Departments | B18: Vote 16: Health | C18: DEPARTMENTAL RESPONSIBILITIES | D18: NATIONAL DEPARTMENT OF HEALTH | E18: P3:HIV AIDS,TB, MAT & CHILD HLTH | F18: CHILD YOUTH AND SCHOOL HLTH | G18: CHILD YOUTH & SCHOOL HEALTH | L18: CHILD YOUTH & SCHOOL HEALTH | M18: 32275025 | N18: CURRENT | O18: 2015/2016 | P18: 7000 | Q18: 0 | R18: 0 | S18: 0 | T18: 0 | U18: 7000 | V18: 0 | W18: 3218.91 | X18: 3781.09 | Y18: REGIONAL IDENTIFIER | Z18: NAT FUNCTION:WHOLE COUNTRY DOM | AA18: NAT FUNCTION: WHOLE COUNTRY DOM | AE18: NAT FUNCTION: WHOLE COUNTRY DOM | AF18: 30001025 | AG18: EXPENDITURE:VOTED | AH18: DEPARTMENTAL APPROPRIATION | AI18: VOTED FUNDS DISCRETIONARY | AJ18: VOTED FUNDS | AM18: VOTED FUNDS | AN18: 341025 | AO18: DOH:HIV&AIDS, TB, MAT&CHILD HEAL | AP18: DOH:CHILD,YOUTH & SCHOOL HEALTH | AQ18: CHILD YOUTH & SCHOOL HLTH | AW18: CHILD YOUTH & SCHOOL HLTH | AX18: 30014025 | AY18: NON-ASSETS RELATED | AZ18: NON-ASSETS RELATED | BE18: NON-ASSETS RELATED | BF18: 235025 | BG18: NO PROJECTS | BH18: NO PROJECTS | BM18: NO PROJECTS | BN18: 4025 | BO18: PAYMENTS | BP18: PAYMENTS | BQ18: GOODS AND SERVICES | BR18: CONS:STA,PRINT&OFF SUP | BS18: CONS:SP&OS:MAG/NEWS/JRNLS | BT18: CONS:SP&OS:MAG/NEWS/JRNLS | BU18: CONS:SP&OS:MAG/NEWS/JRNLS | BV18: 2247025 | BW18: EXPENDITURE | BX18: NON INFRASTRUCTURE | BY18: NON INFRASTRUCTURE: CURRENT | BZ18: NON INFRASTRUCTURE: CURRENT | CA18: NON INFRA/STAND ALONE: CUR | CC18: NON INFRA/STAND ALONE: CUR | CD18: 95025 | CE18: N | CF18: N | CG18: N | CH18: CURRENT PAYMENTS | CI18: GOODS AND SERVICES | CJ18: GOODS AND SERVICES | CK18: HEALTH | CL18: HEALTH N.E.C. | CM18: HLTH:HEALTH N.E.C.
A19: National Departments | B19: Vote 16: Health | C19: DEPARTMENTAL RESPONSIBILITIES | D19: NATIONAL DEPARTMENT OF HEALTH | E19: P3:HIV AIDS,TB, MAT & CHILD HLTH | F19: CHILD YOUTH AND SCHOOL HLTH | G19: CHILD YOUTH & SCHOOL HEALTH | L19: CHILD YOUTH & SCHOOL HEALTH | M19: 32275025 | N19: CURRENT | O19: 2015/2016 | P19: 8000 | Q19: 0 | R19: 0 | S19: 0 | T19: 0 | U19: 8000 | V19: 0 | W19: 1925.53 | X19: 6074.47 | Y19: REGIONAL IDENTIFIER | Z19: NAT FUNCTION:WHOLE COUNTRY DOM | AA19: NAT FUNCTION: WHOLE COUNTRY DOM | AE19: NAT FUNCTION: WHOLE COUNTRY DOM | AF19: 30001025 | AG19: EXPENDITURE:VOTED | AH19: DEPARTMENTAL APPROPRIATION | AI19: VOTED FUNDS DISCRETIONARY | AJ19: VOTED FUNDS | AM19: VOTED FUNDS | AN19: 341025 | AO19: DOH:HIV&AIDS, TB, MAT&CHILD HEAL | AP19: DOH:CHILD,YOUTH & SCHOOL HEALTH | AQ19: CHILD YOUTH & SCHOOL HLTH | AW19: CHILD YOUTH & SCHOOL HLTH | AX19: 30014025 | AY19: NON-ASSETS RELATED | AZ19: NON-ASSETS RELATED | BE19: NON-ASSETS RELATED | BF19: 235025 | BG19: NO PROJECTS | BH19: NO PROJECTS | BM19: NO PROJECTS | BN19: 4025 | BO19: PAYMENTS | BP19: PAYMENTS | BQ19: GOODS AND SERVICES | BR19: FLEET SERVICES(F/SER) | BS19: FLEET SERVICES | BT19: F/SER:TOLL FEES | BU19: F/SER:TOLL FEES | BV19: 3476025 | BW19: EXPENDITURE | BX19: NON INFRASTRUCTURE | BY19: NON INFRASTRUCTURE: CURRENT | BZ19: NON INFRASTRUCTURE: CURRENT | CA19: NON INFRA/STAND ALONE: CUR | CC19: NON INFRA/STAND ALONE: CUR | CD19: 95025 | CE19: N | CF19: N | CG19: N | CH19: CURRENT PAYMENTS | CI19: GOODS AND SERVICES | CJ19: GOODS AND SERVICES | CK19: HEALTH | CL19: HEALTH N.E.C. | CM19: HLTH:HEALTH N.E.C.
A20: National Departments | B20: Vote 16: Health | C20: DEPARTMENTAL RESPONSIBILITIES | D20: NATIONAL DEPARTMENT OF HEALTH | E20: P3:HIV AIDS,TB, MAT & CHILD HLTH | F20: CHILD YOUTH AND SCHOOL HLTH | G20: CHILD YOUTH & SCHOOL HEALTH | L20: CHILD YOUTH & SCHOOL HEALTH | M20: 32275025 | N20: CURRENT | O20: 2015/2016 | P20: 10000 | Q20: 0 | R20: 0 | S20: 0 | T20: 0 | U20: 10000 | V20: 0 | W20: 0 | X20: 10000 | Y20: REGIONAL IDENTIFIER | Z20: NAT FUNCTION:WHOLE COUNTRY DOM | AA20: NAT FUNCTION: WHOLE COUNTRY DOM | AE20: NAT FUNCTION: WHOLE COUNTRY DOM | AF20: 30001025 | AG20: EXPENDITURE:VOTED | AH20: DEPARTMENTAL APPROPRIATION | AI20: VOTED FUNDS DISCRETIONARY | AJ20: VOTED FUNDS | AM20: VOTED FUNDS | AN20: 341025 | AO20: DOH:HIV&AIDS, TB, MAT&CHILD HEAL | AP20: DOH:CHILD,YOUTH & SCHOOL HEALTH | AQ20: CHILD YOUTH & SCHOOL HLTH | AW20: CHILD YOUTH & SCHOOL HLTH | AX20: 30014025 | AY20: NON-ASSETS RELATED | AZ20: NON-ASSETS RELATED | BE20: NON-ASSETS RELATED | BF20: 235025 | BG20: NO PROJECTS | BH20: NO PROJECTS | BM20: NO PROJECTS | BN20: 4025 | BO20: PAYMENTS | BP20: PAYMENTS | BQ20: GOODS AND SERVICES | BR20: TRAVEL AND SUBSISTENCE | BS20: T&S DOMESTIC: NON EMLOYEES | BT20: T&S DOM NON EMPL:FOOD&BEVER | BU20: T&S DOM NON EMPL:FOOD&BEVER | BV20: 3361025 | BW20: EXPENDITURE | BX20: NON INFRASTRUCTURE | BY20: NON INFRASTRUCTURE: CURRENT | BZ20: NON INFRASTRUCTURE: CURRENT | CA20: NON INFRA/STAND ALONE: CUR | CC20: NON INFRA/STAND ALONE: CUR | CD20: 95025 | CE20: N | CF20: N | CG20: N | CH20: CURRENT PAYMENTS | CI20: GOODS AND SERVICES | CJ20: GOODS AND SERVICES | CK20: HEALTH | CL20: HEALTH N.E.C. | CM20: HLTH:HEALTH N.E.C.
A21: National Departments | B21: Vote 16: Health | C21: DEPARTMENTAL RESPONSIBILITIES | D21: NATIONAL DEPARTMENT OF HEALTH | E21: P3:HIV AIDS,TB, MAT & CHILD HLTH | F21: CHILD YOUTH AND SCHOOL HLTH | G21: CHILD YOUTH & SCHOOL HEALTH | L21: CHILD YOUTH & SCHOOL HEALTH | M21: 32275025 | N21: CURRENT | O21: 2015/2016 | P21: 10000 | Q21: 0 | R21: 0 | S21: 0 | T21: 0 | U21: 10000 | V21: 0 | W21: 0 | X21: 10000 | Y21: REGIONAL IDENTIFIER | Z21: NAT FUNCTION:WHOLE COUNTRY DOM | AA21: NAT FUNCTION: WHOLE COUNTRY DOM | AE21: NAT FUNCTION: WHOLE COUNTRY DOM | AF21: 30001025 | AG21: EXPENDITURE:VOTED | AH21: DEPARTMENTAL APPROPRIATION | AI21: VOTED FUNDS DISCRETIONARY | AJ21: VOTED FUNDS | AM21: VOTED FUNDS | AN21: 341025 | AO21: DOH:HIV&AIDS, TB, MAT&CHILD HEAL | AP21: DOH:CHILD,YOUTH & SCHOOL HEALTH | AQ21: CHILD YOUTH & SCHOOL HLTH | AW21: CHILD YOUTH & SCHOOL HLTH | AX21: 30014025 | AY21: NON-ASSETS RELATED | AZ21: NON-ASSETS RELATED | BE21: NON-ASSETS RELATED | BF21: 235025 | BG21: NO PROJECTS | BH21: NO PROJECTS | BM21: NO PROJECTS | BN21: 4025 | BO21: PAYMENTS | BP21: PAYMENTS | BQ21: GOODS AND SERVICES | BR21: TRAVEL AND SUBSISTENCE | BS21: T&S DOMESTIC: NON EMLOYEES | BT21: T&S DOM NON EMPL:INCIDENTAL COST | BU21: T&S DOM NON EMPL:INCIDENTAL COST | BV21: 3359025 | BW21: EXPENDITURE | BX21: NON INFRASTRUCTURE | BY21: NON INFRASTRUCTURE: CURRENT | BZ21: NON INFRASTRUCTURE: CURRENT | CA21: NON INFRA/STAND ALONE: CUR | CC21: NON INFRA/STAND ALONE: CUR | CD21: 95025 | CE21: N | CF21: N | CG21: N | CH21: CURRENT PAYMENTS | CI21: GOODS AND SERVICES | CJ21: GOODS AND SERVICES | CK21: HEALTH | CL21: HEALTH N.E.C. | CM21: HLTH:HEALTH N.E.C.
A22: National Departments | B22: Vote 16: Health | C22: DEPARTMENTAL RESPONSIBILITIES | D22: NATIONAL DEPARTMENT OF HEALTH | E22: P3:HIV AIDS,TB, MAT & CHILD HLTH | F22: CHILD YOUTH AND SCHOOL HLTH | G22: CHILD YOUTH & SCHOOL HEALTH | L22: CHILD YOUTH & SCHOOL HEALTH | M22: 32275025 | N22: CURRENT | O22: 2015/2016 | P22: 10000 | Q22: 0 | R22: 0 | S22: 0 | T22: 0 | U22: 10000 | V22: 0 | W22: 3930.39 | X22: 6069.61 | Y22: REGIONAL IDENTIFIER | Z22: NAT FUNCTION:WHOLE COUNTRY DOM | AA22: NAT FUNCTION: WHOLE COUNTRY DOM | AE22: NAT FUNCTION: WHOLE COUNTRY DOM | AF22: 30001025 | AG22: EXPENDITURE:VOTED | AH22: DEPARTMENTAL APPROPRIATION | AI22: VOTED FUNDS DISCRETIONARY | AJ22: VOTED FUNDS | AM22: VOTED FUNDS | AN22: 341025 | AO22: DOH:HIV&AIDS, TB, MAT&CHILD HEAL | AP22: DOH:CHILD,YOUTH & SCHOOL HEALTH | AQ22: CHILD YOUTH & SCHOOL HLTH | AW22: CHILD YOUTH & SCHOOL HLTH | AX22: 30014025 | AY22: NON-ASSETS RELATED | AZ22: NON-ASSETS RELATED | BE22: NON-ASSETS RELATED | BF22: 235025 | BG22: NO PROJECTS | BH22: NO PROJECTS | BM22: NO PROJECTS | BN22: 4025 | BO22: PAYMENTS | BP22: PAYMENTS | BQ22: GOODS AND SERVICES | BR22: FLEET SERVICES(F/SER) | BS22: FLEET SERVICES | BT22: F/SER:TRANSACTION COSTS | BU22: F/SER:TRANSACTION COSTS | BV22: 3482025 | BW22: EXPENDITURE | BX22: NON INFRASTRUCTURE | BY22: NON INFRASTRUCTURE: CURRENT | BZ22: NON INFRASTRUCTURE: CURRENT | CA22: NON INFRA/STAND ALONE: CUR | CC22: NON INFRA/STAND ALONE: CUR | CD22: 95025 | CE22: N | CF22: N | CG22: N | CH22: CURRENT PAYMENTS | CI22: GOODS AND SERVICES | CJ22: GOODS AND SERVICES | CK22: HEALTH | CL22: HEALTH N.E.C. | CM22: HLTH:HEALTH N.E.C.
A23: National Departments | B23: Vote 16: Health | C23: DEPARTMENTAL RESPONSIBILITIES | D23: NATIONAL DEPARTMENT OF HEALTH | E23: P3:HIV AIDS,TB, MAT & CHILD HLTH | F23: CHILD YOUTH AND SCHOOL HLTH | G23: CHILD YOUTH & SCHOOL HEALTH | L23: CHILD YOUTH & SCHOOL HEALTH | M23: 32275025 | N23: CURRENT | O23: 2015/2016 | P23: 10000 | Q23: 0 | R23: 0 | S23: 0 | T23: 0 | U23: 10000 | V23: 0 | W23: 10000 | X23: 0 | Y23: REGIONAL IDENTIFIER | Z23: NAT FUNCTION:WHOLE COUNTRY DOM | AA23: NAT FUNCTION: WHOLE COUNTRY DOM | AE23: NAT FUNCTION: WHOLE COUNTRY DOM | AF23: 30001025 | AG23: EXPENDITURE:VOTED | AH23: DEPARTMENTAL APPROPRIATION | AI23: VOTED FUNDS DISCRETIONARY | AJ23: VOTED FUNDS | AM23: VOTED FUNDS | AN23: 341025 | AO23: DOH:HIV&AIDS, TB, MAT&CHILD HEAL | AP23: DOH:CHILD,YOUTH & SCHOOL HEALTH | AQ23: CHILD YOUTH & SCHOOL HLTH | AW23: CHILD YOUTH & SCHOOL HLTH | AX23: 30014025 | AY23: NON-ASSETS RELATED | AZ23: NON-ASSETS RELATED | BE23: NON-ASSETS RELATED | BF23: 235025 | BG23: NO PROJECTS | BH23: NO PROJECTS | BM23: NO PROJECTS | BN23: 4025 | BO23: PAYMENTS | BP23: PAYMENTS | BQ23: GOODS AND SERVICES | BR23: CONS:STA,PRINT&OFF SUP | BS23: CONS:SP&OS:STATIONERY | BT23: CONS:SP&OS:STATIONERY | BU23: CONS:SP&OS:STATIONERY | BV23: 2245025 | BW23: EXPENDITURE | BX23: NON INFRASTRUCTURE | BY23: NON INFRASTRUCTURE: CURRENT | BZ23: NON INFRASTRUCTURE: CURRENT | CA23: NON INFRA/STAND ALONE: CUR | CC23: NON INFRA/STAND ALONE: CUR | CD23: 95025 | CE23: N | CF23: N | CG23: N | CH23: CURRENT PAYMENTS | CI23: GOODS AND SERVICES | CJ23: GOODS AND SERVICES | CK23: HEALTH | CL23: HEALTH N.E.C. | CM23: HLTH:HEALTH N.E.C.
A24: National Departments | B24: Vote 16: Health | C24: DEPARTMENTAL RESPONSIBILITIES | D24: NATIONAL DEPARTMENT OF HEALTH | E24: P3:HIV AIDS,TB, MAT & CHILD HLTH | F24: CHILD YOUTH AND SCHOOL HLTH | G24: CHILD YOUTH & SCHOOL HEALTH | L24: CHILD YOUTH & SCHOOL HEALTH | M24: 32275025 | N24: CURRENT | O24: 2015/2016 | P24: 15000 | Q24: 0 | R24: 0 | S24: 0 | T24: 0 | U24: 15000 | V24: 0 | W24: 0 | X24: 15000 | Y24: REGIONAL IDENTIFIER | Z24: NAT FUNCTION:WHOLE COUNTRY DOM | AA24: NAT FUNCTION: WHOLE COUNTRY DOM | AE24: NAT FUNCTION: WHOLE COUNTRY DOM | AF24: 30001025 | AG24: EXPENDITURE:VOTED | AH24: DEPARTMENTAL APPROPRIATION | AI24: VOTED FUNDS DISCRETIONARY | AJ24: VOTED FUNDS | AM24: VOTED FUNDS | AN24: 341025 | AO24: DOH:HIV&AIDS, TB, MAT&CHILD HEAL | AP24: DOH:CHILD,YOUTH & SCHOOL HEALTH | AQ24: CHILD YOUTH & SCHOOL HLTH | AW24: CHILD YOUTH & SCHOOL HLTH | AX24: 30014025 | AY24: NON-ASSETS RELATED | AZ24: NON-ASSETS RELATED | BE24: NON-ASSETS RELATED | BF24: 235025 | BG24: NO PROJECTS | BH24: NO PROJECTS | BM24: NO PROJECTS | BN24: 4025 | BO24: PAYMENTS | BP24: PAYMENTS | BQ24: GOODS AND SERVICES | BR24: TRAVEL AND SUBSISTENCE | BS24: T&S FOREIGN | BT24: T&S FORGN:FOOD&BEVER | BU24: T&S FORGN:FOOD&BEVER | BV24: 3367025 | BW24: EXPENDITURE | BX24: NON INFRASTRUCTURE | BY24: NON INFRASTRUCTURE: CURRENT | BZ24: NON INFRASTRUCTURE: CURRENT | CA24: NON INFRA/STAND ALONE: CUR | CC24: NON INFRA/STAND ALONE: CUR | CD24: 95025 | CE24: N | CF24: N | CG24: N | CH24: CURRENT PAYMENTS | CI24: GOODS AND SERVICES | CJ24: GOODS AND SERVICES | CK24: HEALTH | CL24: HEALTH N.E.C. | CM24: HLTH:HEALTH N.E.C.
A25: National Departments | B25: Vote 16: Health | C25: DEPARTMENTAL RESPONSIBILITIES | D25: NATIONAL DEPARTMENT OF HEALTH | E25: P3:HIV AIDS,TB, MAT & CHILD HLTH | F25: CHILD YOUTH AND SCHOOL HLTH | G25: CHILD YOUTH & SCHOOL HEALTH | L25: CHILD YOUTH & SCHOOL HEALTH | M25: 32275025 | N25: CURRENT | O25: 2015/2016 | P25: 15000 | Q25: 0 | R25: 0 | S25: 0 | T25: 0 | U25: 15000 | V25: 0 | W25: 0 | X25: 15000 | Y25: REGIONAL IDENTIFIER | Z25: NAT FUNCTION:WHOLE COUNTRY DOM | AA25: NAT FUNCTION: WHOLE COUNTRY DOM | AE25: NAT FUNCTION: WHOLE COUNTRY DOM | AF25: 30001025 | AG25: EXPENDITURE:VOTED | AH25: DEPARTMENTAL APPROPRIATION | AI25: VOTED FUNDS DISCRETIONARY | AJ25: VOTED FUNDS | AM25: VOTED FUNDS | AN25: 341025 | AO25: DOH:HIV&AIDS, TB, MAT&CHILD HEAL | AP25: DOH:CHILD,YOUTH & SCHOOL HEALTH | AQ25: CHILD YOUTH & SCHOOL HLTH | AW25: CHILD YOUTH & SCHOOL HLTH | AX25: 30014025 | AY25: NON-ASSETS RELATED | AZ25: NON-ASSETS RELATED | BE25: NON-ASSETS RELATED | BF25: 235025 | BG25: NO PROJECTS | BH25: NO PROJECTS | BM25: NO PROJECTS | BN25: 4025 | BO25: PAYMENTS | BP25: PAYMENTS | BQ25: GOODS AND SERVICES | BR25: TRAVEL AND SUBSISTENCE | BS25: T&S FOREIGN | BT25: T&S FORGN: INCIDENTAL COST | BU25: T&S FORGN: INCIDENTAL COST | BV25: 3365025 | BW25: EXPENDITURE | BX25: NON INFRASTRUCTURE | BY25: NON INFRASTRUCTURE: CURRENT | BZ25: NON INFRASTRUCTURE: CURRENT | CA25: NON INFRA/STAND ALONE: CUR | CC25: NON INFRA/STAND ALONE: CUR | CD25: 95025 | CE25: N | CF25: N | CG25: N | CH25: CURRENT PAYMENTS | CI25: GOODS AND SERVICES | CJ25: GOODS AND SERVICES | CK25: HEALTH | CL25: HEALTH N.E.C. | CM25: HLTH:HEALTH N.E.C.
A26: National Departments | B26: Vote 16: Health | C26: DEPARTMENTAL RESPONSIBILITIES | D26: NATIONAL DEPARTMENT OF HEALTH | E26: P3:HIV AIDS,TB, MAT & CHILD HLTH | F26: CHILD YOUTH AND SCHOOL HLTH | G26: CHILD YOUTH & SCHOOL HEALTH | L26: CHILD YOUTH & SCHOOL HEALTH | M26: 32275025 | N26: CURRENT | O26: 2015/2016 | P26: 15000 | Q26: 0 | R26: 0 | S26: 0 | T26: 0 | U26: 15000 | V26: 0 | W26: 1298.8 | X26: 13701.2 | Y26: REGIONAL IDENTIFIER | Z26: NAT FUNCTION:WHOLE COUNTRY DOM | AA26: NAT FUNCTION: WHOLE COUNTRY DOM | AE26: NAT FUNCTION: WHOLE COUNTRY DOM | AF26: 30001025 | AG26: EXPENDITURE:VOTED | AH26: DEPARTMENTAL APPROPRIATION | AI26: VOTED FUNDS DISCRETIONARY | AJ26: VOTED FUNDS | AM26: VOTED FUNDS | AN26: 341025 | AO26: DOH:HIV&AIDS, TB, MAT&CHILD HEAL | AP26: DOH:CHILD,YOUTH & SCHOOL HEALTH | AQ26: CHILD YOUTH & SCHOOL HLTH | AW26: CHILD YOUTH & SCHOOL HLTH | AX26: 30014025 | AY26: NON-ASSETS RELATED | AZ26: NON-ASSETS RELATED | BE26: NON-ASSETS RELATED | BF26: 235025 | BG26: NO PROJECTS | BH26: NO PROJECTS | BM26: NO PROJECTS | BN26: 4025 | BO26: PAYMENTS | BP26: PAYMENTS | BQ26: GOODS AND SERVICES | BR26: CONS SUPPLIES | BS26: CONS:BAGS AND ACCESSORIES | BT26: CONS: BAGS AND ACCESSORIES | BU26: CONS: BAGS AND ACCESSORIES | BV26: 2255025 | BW26: EXPENDITURE | BX26: NON INFRASTRUCTURE | BY26: NON INFRASTRUCTURE: CURRENT | BZ26: NON INFRASTRUCTURE: CURRENT | CA26: NON INFRA/STAND ALONE: CUR | CC26: NON INFRA/STAND ALONE: CUR | CD26: 95025 | CE26: N | CF26: N | CG26: N | CH26: CURRENT PAYMENTS | CI26: GOODS AND SERVICES | CJ26: GOODS AND SERVICES | CK26: HEALTH | CL26: HEALTH N.E.C. | CM26: HLTH:HEALTH N.E.C.
A27: National Departments | B27: Vote 16: Health | C27: DEPARTMENTAL RESPONSIBILITIES | D27: NATIONAL DEPARTMENT OF HEALTH | E27: P3:HIV AIDS,TB, MAT & CHILD HLTH | F27: CHILD YOUTH AND SCHOOL HLTH | G27: CHILD YOUTH & SCHOOL HEALTH | L27: CHILD YOUTH & SCHOOL HEALTH | M27: 32275025 | N27: CURRENT | O27: 2015/2016 | P27: 20000 | Q27: 0 | R27: 0 | S27: 0 | T27: 0 | U27: 20000 | V27: 0 | W27: 0 | X27: 20000 | Y27: REGIONAL IDENTIFIER | Z27: NAT FUNCTION:WHOLE COUNTRY DOM | AA27: NAT FUNCTION: WHOLE COUNTRY DOM | AE27: NAT FUNCTION: WHOLE COUNTRY DOM | AF27: 30001025 | AG27: EXPENDITURE:VOTED | AH27: DEPARTMENTAL APPROPRIATION | AI27: EARMARKED AND SPECIFIC FUNDS | AJ27: E & S FUNDS: NATIONAL | AK27: E&S/F:HEALTH | AL27: DOH:SPEC & EXCL APPROPRIATE | AM27: NHI GRANT:HPV VAC CO-ALL-IN-KIND | AN27: 853025 | AO27: DOH:HIV&AIDS, TB, MAT&CHILD HEAL | AP27: DOH:CHILD,YOUTH & SCHOOL HEALTH | AQ27: HPV VACCINE | AW27: HPV VACCINE | AX27: 30130025 | AY27: NON-ASSETS RELATED | AZ27: NON-ASSETS RELATED | BE27: NON-ASSETS RELATED | BF27: 235025 | BG27: NO PROJECTS | BH27: NO PROJECTS | BM27: NO PROJECTS | BN27: 4025 | BO27: PAYMENTS | BP27: PAYMENTS | BQ27: GOODS AND SERVICES | BR27: TRAINING & DEVELOPMENT | BS27: TRAIN & DEV:EMPLOYEES | BT27: TRAIN & DEV:EMPLOYEES | BU27: TRAIN & DEV:EMPLOYEES | BV27: 2153025 | BW27: EXPENDITURE | BX27: NON INFRASTRUCTURE | BY27: NON INFRASTRUCTURE: CURRENT | BZ27: NON INFRASTRUCTURE: CURRENT | CA27: NON INFRA/STAND ALONE: CUR | CC27: NON INFRA/STAND ALONE: CUR | CD27: 95025 | CE27: N | CF27: N | CG27: N | CH27: CURRENT PAYMENTS | CI27: GOODS AND SERVICES | CJ27: GOODS AND SERVICES | CK27: HEALTH | CL27: HEALTH N.E.C. | CM27: HLTH:HEALTH N.E.C.
A28: National Departments | B28: Vote 16: Health | C28: DEPARTMENTAL RESPONSIBILITIES | D28: NATIONAL DEPARTMENT OF HEALTH | E28: P3:HIV AIDS,TB, MAT & CHILD HLTH | F28: CHILD YOUTH AND SCHOOL HLTH | G28: CHILD YOUTH & SCHOOL HEALTH | L28: CHILD YOUTH & SCHOOL HEALTH | M28: 32275025 | N28: CURRENT | O28: 2015/2016 | P28: 20000 | Q28: 0 | R28: 0 | S28: 0 | T28: 0 | U28: 20000 | V28: 0 | W28: 2059.91 | X28: 17940.09 | Y28: REGIONAL IDENTIFIER | Z28: NAT FUNCTION:WHOLE COUNTRY DOM | AA28: NAT FUNCTION: WHOLE COUNTRY DOM | AE28: NAT FUNCTION: WHOLE COUNTRY DOM | AF28: 30001025 | AG28: EXPENDITURE:VOTED | AH28: DEPARTMENTAL APPROPRIATION | AI28: EARMARKED AND SPECIFIC FUNDS | AJ28: E & S FUNDS: NATIONAL | AK28: E&S/F:HEALTH | AL28: DOH:SPEC & EXCL APPROPRIATE | AM28: NHI GRANT:HPV VAC CO-ALL-IN-KIND | AN28: 853025 | AO28: DOH:HIV&AIDS, TB, MAT&CHILD HEAL | AP28: DOH:CHILD,YOUTH & SCHOOL HEALTH | AQ28: HPV VACCINE | AW28: HPV VACCINE | AX28: 30130025 | AY28: NON-ASSETS RELATED | AZ28: NON-ASSETS RELATED | BE28: NON-ASSETS RELATED | BF28: 235025 | BG28: NO PROJECTS | BH28: NO PROJECTS | BM28: NO PROJECTS | BN28: 4025 | BO28: PAYMENTS | BP28: PAYMENTS | BQ28: GOODS AND SERVICES | BR28: FLEET SERVICES(F/SER) | BS28: FLEET SERVICES | BT28: F/SER:TOLL FEES | BU28: F/SER:TOLL FEES | BV28: 3476025 | BW28: EXPENDITURE | BX28: NON INFRASTRUCTURE | BY28: NON INFRASTRUCTURE: CURRENT | BZ28: NON INFRASTRUCTURE: CURRENT | CA28: NON INFRA/STAND ALONE: CUR | CC28: NON INFRA/STAND ALONE: CUR | CD28: 95025 | CE28: N | CF28: N | CG28: N | CH28: CURRENT PAYMENTS | CI28: GOODS AND SERVICES | CJ28: GOODS AND SERVICES | CK28: HEALTH | CL28: HEALTH N.E.C. | CM28: HLTH:HEALTH N.E.C.
A29: National Departments | B29: Vote 16: Health | C29: DEPARTMENTAL RESPONSIBILITIES | D29: NATIONAL DEPARTMENT OF HEALTH | E29: P3:HIV AIDS,TB, MAT & CHILD HLTH | F29: CHILD YOUTH AND SCHOOL HLTH | G29: CHILD YOUTH & SCHOOL HEALTH | L29: CHILD YOUTH & SCHOOL HEALTH | M29: 32275025 | N29: CURRENT | O29: 2015/2016 | P29: 25000 | Q29: 0 | R29: 0 | S29: -2000 | T29: 0 | U29: 23000 | V29: 0 | W29: 0 | X29: 23000 | Y29: REGIONAL IDENTIFIER | Z29: NAT FUNCTION:WHOLE COUNTRY DOM | AA29: NAT FUNCTION: WHOLE COUNTRY DOM | AE29: NAT FUNCTION: WHOLE COUNTRY DOM | AF29: 30001025 | AG29: EXPENDITURE:VOTED | AH29: DEPARTMENTAL APPROPRIATION | AI29: VOTED FUNDS DISCRETIONARY | AJ29: VOTED FUNDS | AM29: VOTED FUNDS | AN29: 341025 | AO29: DOH:HIV&AIDS, TB, MAT&CHILD HEAL | AP29: DOH:CHILD,YOUTH & SCHOOL HEALTH | AQ29: CHILD YOUTH & SCHOOL HLTH | AW29: CHILD YOUTH & SCHOOL HLTH | AX29: 30014025 | AY29: NON-ASSETS RELATED | AZ29: NON-ASSETS RELATED | BE29: NON-ASSETS RELATED | BF29: 235025 | BG29: NO PROJECTS | BH29: NO PROJECTS | BM29: NO PROJECTS | BN29: 4025 | BO29: PAYMENTS | BP29: PAYMENTS | BQ29: GOODS AND SERVICES | BR29: ADVERTISING | BS29: ADVERT:PROMOTIONAL ITEMS | BT29: ADVERT:PROMOTIONAL ITEMS | BU29: ADVERT:PROMOTIONAL ITEMS | BV29: 2799025 | BW29: EXPENDITURE | BX29: NON INFRASTRUCTURE | BY29: NON INFRASTRUCTURE: CURRENT | BZ29: NON INFRASTRUCTURE: CURRENT | CA29: NON INFRA/STAND ALONE: CUR | CC29: NON INFRA/STAND ALONE: CUR | CD29: 95025 | CE29: N | CF29: N | CG29: N | CH29: CURRENT PAYMENTS | CI29: GOODS AND SERVICES | CJ29: GOODS AND SERVICES | CK29: HEALTH | CL29: HEALTH N.E.C. | CM29: HLTH:HEALTH N.E.C.
A30: National Departments | B30: Vote 16: Health | C30: DEPARTMENTAL RESPONSIBILITIES | D30: NATIONAL DEPARTMENT OF HEALTH | E30: P3:HIV AIDS,TB, MAT & CHILD HLTH | F30: CHILD YOUTH AND SCHOOL HLTH | G30: CHILD YOUTH & SCHOOL HEALTH | L30: CHILD YOUTH & SCHOOL HEALTH | M30: 32275025 | N30: CURRENT | O30: 2015/2016 | P30: 25000 | Q30: 0 | R30: 0 | S30: 0 | T30: 0 | U30: 25000 | V30: 0 | W30: 21448.09 | X30: 3551.91 | Y30: REGIONAL IDENTIFIER | Z30: NAT FUNCTION:WHOLE COUNTRY DOM | AA30: NAT FUNCTION: WHOLE COUNTRY DOM | AE30: NAT FUNCTION: WHOLE COUNTRY DOM | AF30: 30001025 | AG30: EXPENDITURE:VOTED | AH30: DEPARTMENTAL APPROPRIATION | AI30: VOTED FUNDS DISCRETIONARY | AJ30: VOTED FUNDS | AM30: VOTED FUNDS | AN30: 341025 | AO30: DOH:HIV&AIDS, TB, MAT&CHILD HEAL | AP30: DOH:CHILD,YOUTH & SCHOOL HEALTH | AQ30: CHILD YOUTH & SCHOOL HLTH | AW30: CHILD YOUTH & SCHOOL HLTH | AX30: 30014025 | AY30: NON-ASSETS RELATED | AZ30: NON-ASSETS RELATED | BE30: NON-ASSETS RELATED | BF30: 235025 | BG30: NO PROJECTS | BH30: NO PROJECTS | BM30: NO PROJECTS | BN30: 4025 | BO30: PAYMENTS | BP30: PAYMENTS | BQ30: GOODS AND SERVICES | BR30: TRAVEL AND SUBSISTENCE | BS30: T&S FOREIGN | BT30: T&S FORGN:DAILY ALLOWANCE | BU30: T&S FORGN:DAILY ALLOWANCE | BV30: 3369025 | BW30: EXPENDITURE | BX30: NON INFRASTRUCTURE | BY30: NON INFRASTRUCTURE: CURRENT | BZ30: NON INFRASTRUCTURE: CURRENT | CA30: NON INFRA/STAND ALONE: CUR | CC30: NON INFRA/STAND ALONE: CUR | CD30: 95025 | CE30: N | CF30: N | CG30: N | CH30: CURRENT PAYMENTS | CI30: GOODS AND SERVICES | CJ30: GOODS AND SERVICES | CK30: HEALTH | CL30: HEALTH N.E.C. | CM30: HLTH:HEALTH N.E.C.
A31: National Departments | B31: Vote 16: Health | C31: DEPARTMENTAL RESPONSIBILITIES | D31: NATIONAL DEPARTMENT OF HEALTH | E31: P3:HIV AIDS,TB, MAT & CHILD HLTH | F31: CHILD YOUTH AND SCHOOL HLTH | G31: CHILD YOUTH & SCHOOL HEALTH | L31: CHILD YOUTH & SCHOOL HEALTH | M31: 32275025 | N31: CURRENT | O31: 2015/2016 | P31: 25000 | Q31: 0 | R31: 0 | S31: 70000 | T31: 0 | U31: 95000 | V31: 0 | W31: 18506.3 | X31: 76493.7 | Y31: REGIONAL IDENTIFIER | Z31: NAT FUNCTION:WHOLE COUNTRY DOM | AA31: NAT FUNCTION: WHOLE COUNTRY DOM | AE31: NAT FUNCTION: WHOLE COUNTRY DOM | AF31: 30001025 | AG31: EXPENDITURE:VOTED | AH31: DEPARTMENTAL APPROPRIATION | AI31: VOTED FUNDS DISCRETIONARY | AJ31: VOTED FUNDS | AM31: VOTED FUNDS | AN31: 341025 | AO31: DOH:HIV&AIDS, TB, MAT&CHILD HEAL | AP31: DOH:CHILD,YOUTH & SCHOOL HEALTH | AQ31: CHILD YOUTH & SCHOOL HLTH | AW31: CHILD YOUTH & SCHOOL HLTH | AX31: 30014025 | AY31: NON-ASSETS RELATED | AZ31: NON-ASSETS RELATED | BE31: NON-ASSETS RELATED | BF31: 235025 | BG31: NO PROJECTS | BH31: NO PROJECTS | BM31: NO PROJECTS | BN31: 4025 | BO31: PAYMENTS | BP31: PAYMENTS | BQ31: GOODS AND SERVICES | BR31: ADVERTISING | BS31: ADVERT:RECRUITMENT | BT31: ADVERT:RECRUITMENT | BU31: ADVERT:RECRUITMENT | BV31: 2803025 | BW31: EXPENDITURE | BX31: NON INFRASTRUCTURE | BY31: NON INFRASTRUCTURE: CURRENT | BZ31: NON INFRASTRUCTURE: CURRENT | CA31: NON INFRA/STAND ALONE: CUR | CC31: NON INFRA/STAND ALONE: CUR | CD31: 95025 | CE31: N | CF31: N | CG31: N | CH31: CURRENT PAYMENTS | CI31: GOODS AND SERVICES | CJ31: GOODS AND SERVICES | CK31: HEALTH | CL31: HEALTH N.E.C. | CM31: HLTH:HEALTH N.E.C.
A32: National Departments | B32: Vote 16: Health | C32: DEPARTMENTAL RESPONSIBILITIES | D32: NATIONAL DEPARTMENT OF HEALTH | E32: P3:HIV AIDS,TB, MAT & CHILD HLTH | F32: CHILD YOUTH AND SCHOOL HLTH | G32: CHILD YOUTH & SCHOOL HEALTH | L32: CHILD YOUTH & SCHOOL HEALTH | M32: 32275025 | N32: CURRENT | O32: 2015/2016 | P32: 30000 | Q32: 0 | R32: 0 | S32: -2000 | T32: 0 | U32: 28000 | V32: 0 | W32: 0 | X32: 28000 | Y32: REGIONAL IDENTIFIER | Z32: NAT FUNCTION:WHOLE COUNTRY DOM | AA32: NAT FUNCTION: WHOLE COUNTRY DOM | AE32: NAT FUNCTION: WHOLE COUNTRY DOM | AF32: 30001025 | AG32: EXPENDITURE:VOTED | AH32: DEPARTMENTAL APPROPRIATION | AI32: VOTED FUNDS DISCRETIONARY | AJ32: VOTED FUNDS | AM32: VOTED FUNDS | AN32: 341025 | AO32: DOH:HIV&AIDS, TB, MAT&CHILD HEAL | AP32: DOH:CHILD,YOUTH & SCHOOL HEALTH | AQ32: CHILD YOUTH & SCHOOL HLTH | AW32: CHILD YOUTH & SCHOOL HLTH | AX32: 30014025 | AY32: NON-ASSETS RELATED | AZ32: NON-ASSETS RELATED | BE32: NON-ASSETS RELATED | BF32: 235025 | BG32: NO PROJECTS | BH32: NO PROJECTS | BM32: NO PROJECTS | BN32: 4025 | BO32: PAYMENTS | BP32: PAYMENTS | BQ32: GOODS AND SERVICES | BR32: CONSULT:BUSINESS&ADVISORY SERV | BS32: CNS:BUS&ADV SER:QUALIFICTN VERIF | BT32: CNS:BUS&ADV SER:QUALIF VERIF | BU32: CNS:BUS&ADV SER:QUALIF VERIF | BV32: 2654025 | BW32: EXPENDITURE | BX32: NON INFRASTRUCTURE | BY32: NON INFRASTRUCTURE: CURRENT | BZ32: NON INFRASTRUCTURE: CURRENT | CA32: NON INFRA/STAND ALONE: CUR | CC32: NON INFRA/STAND ALONE: CUR | CD32: 95025 | CE32: N | CF32: N | CG32: N | CH32: CURRENT PAYMENTS | CI32: GOODS AND SERVICES | CJ32: GOODS AND SERVICES | CK32: HEALTH | CL32: HEALTH N.E.C. | CM32: HLTH:HEALTH N.E.C.
A33: National Departments | B33: Vote 16: Health | C33: DEPARTMENTAL RESPONSIBILITIES | D33: NATIONAL DEPARTMENT OF HEALTH | E33: P3:HIV AIDS,TB, MAT & CHILD HLTH | F33: CHILD YOUTH AND SCHOOL HLTH | G33: CHILD YOUTH & SCHOOL HEALTH | L33: CHILD YOUTH & SCHOOL HEALTH | M33: 32275025 | N33: CURRENT | O33: 2015/2016 | P33: 30000 | Q33: 0 | R33: 0 | S33: 0 | T33: 0 | U33: 30000 | V33: 0 | W33: 1104.66 | X33: 28895.34 | Y33: REGIONAL IDENTIFIER | Z33: NAT FUNCTION:WHOLE COUNTRY DOM | AA33: NAT FUNCTION: WHOLE COUNTRY DOM | AE33: NAT FUNCTION: WHOLE COUNTRY DOM | AF33: 30001025 | AG33: EXPENDITURE:VOTED | AH33: DEPARTMENTAL APPROPRIATION | AI33: VOTED FUNDS DISCRETIONARY | AJ33: VOTED FUNDS | AM33: VOTED FUNDS | AN33: 341025 | AO33: DOH:HIV&AIDS, TB, MAT&CHILD HEAL | AP33: DOH:CHILD,YOUTH & SCHOOL HEALTH | AQ33: CHILD YOUTH & SCHOOL HLTH | AW33: CHILD YOUTH & SCHOOL HLTH | AX33: 30014025 | AY33: MINOR ASSETS | AZ33: TANGIBLE MINOR ASSETS | BA33: MACHINERY & EQUIPMENT <R5000 | BB33: MACHINERY&EQUIPMENT<R5000 | BC33: OTHER:MACHINERY & EQP<R5000 | BD33: FURNITURE&OFFICE EQP<R5000 | BE33: EQP<R5000: OFFICE EQUIPMENT | BF33: 30036025 | BG33: NO PROJECTS | BH33: NO PROJECTS | BM33: NO PROJECTS | BN33: 4025 | BO33: PAYMENTS | BP33: PAYMENTS | BQ33: GOODS AND SERVICES | BR33: MINOR ASSETS | BS33: MACHINERY & EQUIPMENT<R5000 | BT33: EQP<R5000:FURNITURE&OFFICE EQUIP | BU33: F&O/EQP<R5000:OFFICE EQUIP | BV33: 4119025 | BW33: EXPENDITURE | BX33: NON INFRASTRUCTURE | BY33: NON INFRASTRUCTURE: CURRENT | BZ33: NON INFRASTRUCTURE: CURRENT | CA33: NON INFRA/STAND ALONE: CUR | CC33: NON INFRA/STAND ALONE: CUR | CD33: 95025 | CE33: N | CF33: N | CG33: N | CH33: CURRENT PAYMENTS | CI33: GOODS AND SERVICES | CJ33: GOODS AND SERVICES | CK33: HEALTH | CL33: HEALTH N.E.C. | CM33: HLTH:HEALTH N.E.C.
A34: National Departments | B34: Vote 16: Health | C34: DEPARTMENTAL RESPONSIBILITIES | D34: NATIONAL DEPARTMENT OF HEALTH | E34: P3:HIV AIDS,TB, MAT & CHILD HLTH | F34: CHILD YOUTH AND SCHOOL HLTH | G34: CHILD YOUTH & SCHOOL HEALTH | L34: CHILD YOUTH & SCHOOL HEALTH | M34: 32275025 | N34: CURRENT | O34: 2015/2016 | P34: 38000 | Q34: 0 | R34: 0 | S34: 0 | T34: 0 | U34: 38000 | V34: 0 | W34: 15560.03 | X34: 22439.97 | Y34: REGIONAL IDENTIFIER | Z34: NAT FUNCTION:WHOLE COUNTRY DOM | AA34: NAT FUNCTION: WHOLE COUNTRY DOM | AE34: NAT FUNCTION: WHOLE COUNTRY DOM | AF34: 30001025 | AG34: EXPENDITURE:VOTED | AH34: DEPARTMENTAL APPROPRIATION | AI34: VOTED FUNDS DISCRETIONARY | AJ34: VOTED FUNDS | AM34: VOTED FUNDS | AN34: 341025 | AO34: DOH:HIV&AIDS, TB, MAT&CHILD HEAL | AP34: DOH:CHILD,YOUTH & SCHOOL HEALTH | AQ34: CHILD YOUTH & SCHOOL HLTH | AW34: CHILD YOUTH & SCHOOL HLTH | AX34: 30014025 | AY34: NON-ASSETS RELATED | AZ34: NON-ASSETS RELATED | BE34: NON-ASSETS RELATED | BF34: 235025 | BG34: NO PROJECTS | BH34: NO PROJECTS | BM34: NO PROJECTS | BN34: 4025 | BO34: PAYMENTS | BP34: PAYMENTS | BQ34: GOODS AND SERVICES | BR34: TRAVEL AND SUBSISTENCE | BS34: T&S DOMESTIC | BT34: T&S DOM:INCIDENTAL COST | BU34: T&S DOM:INCIDENTAL COST | BV34: 3373025 | BW34: EXPENDITURE | BX34: NON INFRASTRUCTURE | BY34: NON INFRASTRUCTURE: CURRENT | BZ34: NON INFRASTRUCTURE: CURRENT | CA34: NON INFRA/STAND ALONE: CUR | CC34: NON INFRA/STAND ALONE: CUR | CD34: 95025 | CE34: N | CF34: N | CG34: N | CH34: CURRENT PAYMENTS | CI34: GOODS AND SERVICES | CJ34: GOODS AND SERVICES | CK34: HEALTH | CL34: HEALTH N.E.C. | CM34: HLTH:HEALTH N.E.C.
A35: National Departments | B35: Vote 16: Health | C35: DEPARTMENTAL RESPONSIBILITIES | D35: NATIONAL DEPARTMENT OF HEALTH | E35: P3:HIV AIDS,TB, MAT & CHILD HLTH | F35: CHILD YOUTH AND SCHOOL HLTH | G35: CHILD YOUTH & SCHOOL HEALTH | L35: CHILD YOUTH & SCHOOL HEALTH | M35: 32275025 | N35: CURRENT | O35: 2015/2016 | P35: 45000 | Q35: 0 | R35: 0 | S35: 0 | T35: 0 | U35: 45000 | V35: 0 | W35: 18156.16 | X35: 26843.84 | Y35: REGIONAL IDENTIFIER | Z35: NAT FUNCTION:WHOLE COUNTRY DOM | AA35: NAT FUNCTION: WHOLE COUNTRY DOM | AE35: NAT FUNCTION: WHOLE COUNTRY DOM | AF35: 30001025 | AG35: EXPENDITURE:VOTED | AH35: DEPARTMENTAL APPROPRIATION | AI35: VOTED FUNDS DISCRETIONARY | AJ35: VOTED FUNDS | AM35: VOTED FUNDS | AN35: 341025 | AO35: DOH:HIV&AIDS, TB, MAT&CHILD HEAL | AP35: DOH:CHILD,YOUTH & SCHOOL HEALTH | AQ35: CHILD YOUTH & SCHOOL HLTH | AW35: CHILD YOUTH & SCHOOL HLTH | AX35: 30014025 | AY35: NON-ASSETS RELATED | AZ35: NON-ASSETS RELATED | BE35: NON-ASSETS RELATED | BF35: 235025 | BG35: NO PROJECTS | BH35: NO PROJECTS | BM35: NO PROJECTS | BN35: 4025 | BO35: PAYMENTS | BP35: PAYMENTS | BQ35: GOODS AND SERVICES | BR35: TRAVEL AND SUBSISTENCE | BS35: T&S DOMESTIC | BT35: T&S DOM:FOOD&BEVER | BU35: T&S DOM:FOOD&BEVER | BV35: 3375025 | BW35: EXPENDITURE | BX35: NON INFRASTRUCTURE | BY35: NON INFRASTRUCTURE: CURRENT | BZ35: NON INFRASTRUCTURE: CURRENT | CA35: NON INFRA/STAND ALONE: CUR | CC35: NON INFRA/STAND ALONE: CUR | CD35: 95025 | CE35: N | CF35: N | CG35: N | CH35: CURRENT PAYMENTS | CI35: GOODS AND SERVICES | CJ35: GOODS AND SERVICES | CK35: HEALTH | CL35: HEALTH N.E.C. | CM35: HLTH:HEALTH N.E.C.
A36: National Departments | B36: Vote 16: Health | C36: DEPARTMENTAL RESPONSIBILITIES | D36: NATIONAL DEPARTMENT OF HEALTH | E36: P3:HIV AIDS,TB, MAT & CHILD HLTH | F36: CHILD YOUTH AND SCHOOL HLTH | G36: CHILD YOUTH & SCHOOL HEALTH | L36: CHILD YOUTH & SCHOOL HEALTH | M36: 32275025 | N36: CURRENT | O36: 2015/2016 | P36: 48000 | Q36: 50000 | R36: 0 | S36: 60000 | T36: 0 | U36: 158000 | V36: 0 | W36: 65712 | X36: 92288 | Y36: REGIONAL IDENTIFIER | Z36: NAT FUNCTION:WHOLE COUNTRY DOM | AA36: NAT FUNCTION: WHOLE COUNTRY DOM | AE36: NAT FUNCTION: WHOLE COUNTRY DOM | AF36: 30001025 | AG36: EXPENDITURE:VOTED | AH36: DEPARTMENTAL APPROPRIATION | AI36: VOTED FUNDS DISCRETIONARY | AJ36: VOTED FUNDS | AM36: VOTED FUNDS | AN36: 341025 | AO36: DOH:HIV&AIDS, TB, MAT&CHILD HEAL | AP36: DOH:CHILD,YOUTH & SCHOOL HEALTH | AQ36: CHILD YOUTH & SCHOOL HLTH | AW36: CHILD YOUTH & SCHOOL HLTH | AX36: 30014025 | AY36: NON-ASSETS RELATED | AZ36: NON-ASSETS RELATED | BE36: NON-ASSETS RELATED | BF36: 235025 | BG36: NO PROJECTS | BH36: NO PROJECTS | BM36: NO PROJECTS | BN36: 4025 | BO36: PAYMENTS | BP36: PAYMENTS | BQ36: GOODS AND SERVICES | BR36: CONSULT:BUSINESS&ADVISORY SERV | BS36: CNS:BUS&ADV SER:BOARD MEMBER | BT36: CNS:BUS&ADV SER:BOARD MEMBER | BU36: CNS:BUS&ADV SER:BOARD MEMBER | BV36: 2664025 | BW36: EXPENDITURE | BX36: NON INFRASTRUCTURE | BY36: NON INFRASTRUCTURE: CURRENT | BZ36: NON INFRASTRUCTURE: CURRENT | CA36: NON INFRA/STAND ALONE: CUR | CC36: NON INFRA/STAND ALONE: CUR | CD36: 95025 | CE36: N | CF36: N | CG36: N | CH36: CURRENT PAYMENTS | CI36: GOODS AND SERVICES | CJ36: GOODS AND SERVICES | CK36: HEALTH | CL36: HEALTH N.E.C. | CM36: HLTH:HEALTH N.E.C.
A37: National Departments | B37: Vote 16: Health | C37: DEPARTMENTAL RESPONSIBILITIES | D37: NATIONAL DEPARTMENT OF HEALTH | E37: P3:HIV AIDS,TB, MAT & CHILD HLTH | F37: CHILD YOUTH AND SCHOOL HLTH | G37: CHILD YOUTH & SCHOOL HEALTH | L37: CHILD YOUTH & SCHOOL HEALTH | M37: 32275025 | N37: CURRENT | O37: 2015/2016 | P37: 50000 | Q37: 0 | R37: 0 | S37: -50000 | T37: 0 | U37: 0 | V37: 0 | W37: 0 | X37: 0 | Y37: REGIONAL IDENTIFIER | Z37: NAT FUNCTION:WHOLE COUNTRY DOM | AA37: NAT FUNCTION: WHOLE COUNTRY DOM | AE37: NAT FUNCTION: WHOLE COUNTRY DOM | AF37: 30001025 | AG37: EXPENDITURE:VOTED | AH37: DEPARTMENTAL APPROPRIATION | AI37: EARMARKED AND SPECIFIC FUNDS | AJ37: E & S FUNDS: NATIONAL | AK37: E&S/F:HEALTH | AL37: DOH:SPEC & EXCL APPROPRIATE | AM37: NHI GRANT:HPV VAC CO-ALL-IN-KIND | AN37: 853025 | AO37: DOH:HIV&AIDS, TB, MAT&CHILD HEAL | AP37: DOH:CHILD,YOUTH & SCHOOL HEALTH | AQ37: HPV VACCINE | AW37: HPV VACCINE | AX37: 30130025 | AY37: NON-ASSETS RELATED | AZ37: NON-ASSETS RELATED | BE37: NON-ASSETS RELATED | BF37: 235025 | BG37: NO PROJECTS | BH37: NO PROJECTS | BM37: NO PROJECTS | BN37: 4025 | BO37: PAYMENTS | BP37: PAYMENTS | BQ37: GOODS AND SERVICES | BR37: TRAVEL AND SUBSISTENCE | BS37: T&S FOREIGN: NON EMPL EMLOYEES | BT37: T&S:FOR NON EMPL:TRANSPORT | BU37: T&S:FOR NON EMPL:TRANSPORT | BV37: 3349025 | BW37: EXPENDITURE | BX37: NON INFRASTRUCTURE | BY37: NON INFRASTRUCTURE: CURRENT | BZ37: NON INFRASTRUCTURE: CURRENT | CA37: NON INFRA/STAND ALONE: CUR | CC37: NON INFRA/STAND ALONE: CUR | CD37: 95025 | CE37: N | CF37: N | CG37: N | CH37: Total Expenditure = 0 | CI37: Total Expenditure = 0 | CJ37: Total Expenditure = 0 | CK37: HEALTH | CL37: HEALTH N.E.C. | CM37: HLTH:HEALTH N.E.C.
A38: National Departments | B38: Vote 16: Health | C38: DEPARTMENTAL RESPONSIBILITIES | D38: NATIONAL DEPARTMENT OF HEALTH | E38: P3:HIV AIDS,TB, MAT & CHILD HLTH | F38: CHILD YOUTH AND SCHOOL HLTH | G38: CHILD YOUTH & SCHOOL HEALTH | L38: CHILD YOUTH & SCHOOL HEALTH | M38: 32275025 | N38: CURRENT | O38: 2015/2016 | P38: 50000 | Q38: 0 | R38: 0 | S38: 0 | T38: 0 | U38: 50000 | V38: 0 | W38: 0 | X38: 50000 | Y38: REGIONAL IDENTIFIER | Z38: NAT FUNCTION:WHOLE COUNTRY DOM | AA38: NAT FUNCTION: WHOLE COUNTRY DOM | AE38: NAT FUNCTION: WHOLE COUNTRY DOM | AF38: 30001025 | AG38: EXPENDITURE:VOTED | AH38: DEPARTMENTAL APPROPRIATION | AI38: VOTED FUNDS DISCRETIONARY | AJ38: VOTED FUNDS | AM38: VOTED FUNDS | AN38: 341025 | AO38: DOH:HIV&AIDS, TB, MAT&CHILD HEAL | AP38: DOH:CHILD,YOUTH & SCHOOL HEALTH | AQ38: CHILD YOUTH & SCHOOL HLTH | AW38: CHILD YOUTH & SCHOOL HLTH | AX38: 30014025 | AY38: NON-ASSETS RELATED | AZ38: NON-ASSETS RELATED | BE38: NON-ASSETS RELATED | BF38: 235025 | BG38: NO PROJECTS | BH38: NO PROJECTS | BM38: NO PROJECTS | BN38: 4025 | BO38: PAYMENTS | BP38: PAYMENTS | BQ38: GOODS AND SERVICES | BR38: LEGAL SERVICES | BS38: L/CST:PRIVATE FIRMS SERV | BT38: L/PVT FIRM:LEGAL ADVICE SERV | BU38: L/PVT FIRM:LEGAL ADVICE SERV | BV38: 3538025 | BW38: EXPENDITURE | BX38: NON INFRASTRUCTURE | BY38: NON INFRASTRUCTURE: CURRENT | BZ38: NON INFRASTRUCTURE: CURRENT | CA38: NON INFRA/STAND ALONE: CUR | CC38: NON INFRA/STAND ALONE: CUR | CD38: 95025 | CE38: N | CF38: N | CG38: N | CH38: CURRENT PAYMENTS | CI38: GOODS AND SERVICES | CJ38: GOODS AND SERVICES | CK38: HEALTH | CL38: HEALTH N.E.C. | CM38: HLTH:HEALTH N.E.C.
A39: National Departments | B39: Vote 16: Health | C39: DEPARTMENTAL RESPONSIBILITIES | D39: NATIONAL DEPARTMENT OF HEALTH | E39: P3:HIV AIDS,TB, MAT & CHILD HLTH | F39: CHILD YOUTH AND SCHOOL HLTH | G39: CHILD YOUTH & SCHOOL HEALTH | L39: CHILD YOUTH & SCHOOL HEALTH | M39: 32275025 | N39: CURRENT | O39: 2015/2016 | P39: 50000 | Q39: 0 | R39: 0 | S39: 0 | T39: 0 | U39: 50000 | V39: 0 | W39: 0 | X39: 50000 | Y39: REGIONAL IDENTIFIER | Z39: NAT FUNCTION:WHOLE COUNTRY DOM | AA39: NAT FUNCTION: WHOLE COUNTRY DOM | AE39: NAT FUNCTION: WHOLE COUNTRY DOM | AF39: 30001025 | AG39: EXPENDITURE:VOTED | AH39: DEPARTMENTAL APPROPRIATION | AI39: EARMARKED AND SPECIFIC FUNDS | AJ39: E & S FUNDS: NATIONAL | AK39: E&S/F:HEALTH | AL39: DOH:SPEC & EXCL APPROPRIATE | AM39: NHI GRANT:HPV VAC CO-ALL-IN-KIND | AN39: 853025 | AO39: DOH:HIV&AIDS, TB, MAT&CHILD HEAL | AP39: DOH:CHILD,YOUTH & SCHOOL HEALTH | AQ39: HPV VACCINE | AW39: HPV VACCINE | AX39: 30130025 | AY39: NON-ASSETS RELATED | AZ39: NON-ASSETS RELATED | BE39: NON-ASSETS RELATED | BF39: 235025 | BG39: NO PROJECTS | BH39: NO PROJECTS | BM39: NO PROJECTS | BN39: 4025 | BO39: PAYMENTS | BP39: PAYMENTS | BQ39: GOODS AND SERVICES | BR39: ADVERTISING | BS39: ADVERT:PROMOTIONAL ITEMS | BT39: ADVERT:PROMOTIONAL ITEMS | BU39: ADVERT:PROMOTIONAL ITEMS | BV39: 2799025 | BW39: EXPENDITURE | BX39: NON INFRASTRUCTURE | BY39: NON INFRASTRUCTURE: CURRENT | BZ39: NON INFRASTRUCTURE: CURRENT | CA39: NON INFRA/STAND ALONE: CUR | CC39: NON INFRA/STAND ALONE: CUR | CD39: 95025 | CE39: N | CF39: N | CG39: N | CH39: CURRENT PAYMENTS | CI39: GOODS AND SERVICES | CJ39: GOODS AND SERVICES | CK39: HEALTH | CL39: HEALTH N.E.C. | CM39: HLTH:HEALTH N.E.C.
A40: National Departments | B40: Vote 16: Health | C40: DEPARTMENTAL RESPONSIBILITIES | D40: NATIONAL DEPARTMENT OF HEALTH | E40: P3:HIV AIDS,TB, MAT & CHILD HLTH | F40: CHILD YOUTH AND SCHOOL HLTH | G40: CHILD YOUTH & SCHOOL HEALTH | L40: CHILD YOUTH & SCHOOL HEALTH | M40: 32275025 | N40: CURRENT | O40: 2015/2016 | P40: 50000 | Q40: 0 | R40: 0 | S40: 0 | T40: 0 | U40: 50000 | V40: 0 | W40: 0 | X40: 50000 | Y40: REGIONAL IDENTIFIER | Z40: NAT FUNCTION:WHOLE COUNTRY DOM | AA40: NAT FUNCTION: WHOLE COUNTRY DOM | AE40: NAT FUNCTION: WHOLE COUNTRY DOM | AF40: 30001025 | AG40: EXPENDITURE:VOTED | AH40: DEPARTMENTAL APPROPRIATION | AI40: EARMARKED AND SPECIFIC FUNDS | AJ40: E & S FUNDS: NATIONAL | AK40: E&S/F:HEALTH | AL40: DOH:SPEC & EXCL APPROPRIATE | AM40: NHI GRANT:HPV VAC CO-ALL-IN-KIND | AN40: 853025 | AO40: DOH:HIV&AIDS, TB, MAT&CHILD HEAL | AP40: DOH:CHILD,YOUTH & SCHOOL HEALTH | AQ40: HPV VACCINE | AW40: HPV VACCINE | AX40: 30130025 | AY40: NON-ASSETS RELATED | AZ40: NON-ASSETS RELATED | BE40: NON-ASSETS RELATED | BF40: 235025 | BG40: NO PROJECTS | BH40: NO PROJECTS | BM40: NO PROJECTS | BN40: 4025 | BO40: PAYMENTS | BP40: PAYMENTS | BQ40: GOODS AND SERVICES | BR40: ADVERTISING | BS40: ADVERT:RECRUITMENT | BT40: ADVERT:RECRUITMENT | BU40: ADVERT:RECRUITMENT | BV40: 2803025 | BW40: EXPENDITURE | BX40: NON INFRASTRUCTURE | BY40: NON INFRASTRUCTURE: CURRENT | BZ40: NON INFRASTRUCTURE: CURRENT | CA40: NON INFRA/STAND ALONE: CUR | CC40: NON INFRA/STAND ALONE: CUR | CD40: 95025 | CE40: N | CF40: N | CG40: N | CH40: CURRENT PAYMENTS | CI40: GOODS AND SERVICES | CJ40: GOODS AND SERVICES | CK40: HEALTH | CL40: HEALTH N.E.C. | CM40: HLTH:HEALTH N.E.C.
A41: National Departments | B41: Vote 16: Health | C41: DEPARTMENTAL RESPONSIBILITIES | D41: NATIONAL DEPARTMENT OF HEALTH | E41: P3:HIV AIDS,TB, MAT & CHILD HLTH | F41: CHILD YOUTH AND SCHOOL HLTH | G41: CHILD YOUTH & SCHOOL HEALTH | L41: CHILD YOUTH & SCHOOL HEALTH | M41: 32275025 | N41: CURRENT | O41: 2015/2016 | P41: 50000 | Q41: 0 | R41: 0 | S41: 0 | T41: 0 | U41: 50000 | V41: 0 | W41: 0 | X41: 50000 | Y41: REGIONAL IDENTIFIER | Z41: NAT FUNCTION:WHOLE COUNTRY DOM | AA41: NAT FUNCTION: WHOLE COUNTRY DOM | AE41: NAT FUNCTION: WHOLE COUNTRY DOM | AF41: 30001025 | AG41: EXPENDITURE:VOTED | AH41: DEPARTMENTAL APPROPRIATION | AI41: EARMARKED AND SPECIFIC FUNDS | AJ41: E & S FUNDS: NATIONAL | AK41: E&S/F:HEALTH | AL41: DOH:SPEC & EXCL APPROPRIATE | AM41: NHI GRANT:HPV VAC CO-ALL-IN-KIND | AN41: 853025 | AO41: DOH:HIV&AIDS, TB, MAT&CHILD HEAL | AP41: DOH:CHILD,YOUTH & SCHOOL HEALTH | AQ41: HPV VACCINE | AW41: HPV VACCINE | AX41: 30130025 | AY41: NON-ASSETS RELATED | AZ41: NON-ASSETS RELATED | BE41: NON-ASSETS RELATED | BF41: 235025 | BG41: NO PROJECTS | BH41: NO PROJECTS | BM41: NO PROJECTS | BN41: 4025 | BO41: PAYMENTS | BP41: PAYMENTS | BQ41: GOODS AND SERVICES | BR41: ADVERTISING | BS41: ADVERT:TENDERS | BT41: ADVERT:TENDERS | BU41: ADVERT:TENDERS | BV41: 2805025 | BW41: EXPENDITURE | BX41: NON INFRASTRUCTURE | BY41: NON INFRASTRUCTURE: CURRENT | BZ41: NON INFRASTRUCTURE: CURRENT | CA41: NON INFRA/STAND ALONE: CUR | CC41: NON INFRA/STAND ALONE: CUR | CD41: 95025 | CE41: N | CF41: N | CG41: N | CH41: CURRENT PAYMENTS | CI41: GOODS AND SERVICES | CJ41: GOODS AND SERVICES | CK41: HEALTH | CL41: HEALTH N.E.C. | CM41: HLTH:HEALTH N.E.C.
A42: National Departments | B42: Vote 16: Health | C42: DEPARTMENTAL RESPONSIBILITIES | D42: NATIONAL DEPARTMENT OF HEALTH | E42: P3:HIV AIDS,TB, MAT & CHILD HLTH | F42: CHILD YOUTH AND SCHOOL HLTH | G42: CHILD YOUTH & SCHOOL HEALTH | L42: CHILD YOUTH & SCHOOL HEALTH | M42: 32275025 | N42: CURRENT | O42: 2015/2016 | P42: 50000 | Q42: 0 | R42: 0 | S42: 0 | T42: 0 | U42: 50000 | V42: 0 | W42: 0 | X42: 50000 | Y42: REGIONAL IDENTIFIER | Z42: NAT FUNCTION:WHOLE COUNTRY DOM | AA42: NAT FUNCTION: WHOLE COUNTRY DOM | AE42: NAT FUNCTION: WHOLE COUNTRY DOM | AF42: 30001025 | AG42: EXPENDITURE:VOTED | AH42: DEPARTMENTAL APPROPRIATION | AI42: EARMARKED AND SPECIFIC FUNDS | AJ42: E & S FUNDS: NATIONAL | AK42: E&S/F:HEALTH | AL42: DOH:SPEC & EXCL APPROPRIATE | AM42: NHI GRANT:HPV VAC CO-ALL-IN-KIND | AN42: 853025 | AO42: DOH:HIV&AIDS, TB, MAT&CHILD HEAL | AP42: DOH:CHILD,YOUTH & SCHOOL HEALTH | AQ42: HPV VACCINE | AW42: HPV VACCINE | AX42: 30130025 | AY42: NON-ASSETS RELATED | AZ42: NON-ASSETS RELATED | BE42: NON-ASSETS RELATED | BF42: 235025 | BG42: NO PROJECTS | BH42: NO PROJECTS | BM42: NO PROJECTS | BN42: 4025 | BO42: PAYMENTS | BP42: PAYMENTS | BQ42: GOODS AND SERVICES | BR42: CONSULT:BUSINESS&ADVISORY SERV | BS42: CNS:BUS&ADV SER:QUALIFICTN VERIF | BT42: CNS:BUS&ADV SER:QUALIF VERIF | BU42: CNS:BUS&ADV SER:QUALIF VERIF | BV42: 2654025 | BW42: EXPENDITURE | BX42: NON INFRASTRUCTURE | BY42: NON INFRASTRUCTURE: CURRENT | BZ42: NON INFRASTRUCTURE: CURRENT | CA42: NON INFRA/STAND ALONE: CUR | CC42: NON INFRA/STAND ALONE: CUR | CD42: 95025 | CE42: N | CF42: N | CG42: N | CH42: CURRENT PAYMENTS | CI42: GOODS AND SERVICES | CJ42: GOODS AND SERVICES | CK42: HEALTH | CL42: HEALTH N.E.C. | CM42: HLTH:HEALTH N.E.C.
A43: National Departments | B43: Vote 16: Health | C43: DEPARTMENTAL RESPONSIBILITIES | D43: NATIONAL DEPARTMENT OF HEALTH | E43: P3:HIV AIDS,TB, MAT & CHILD HLTH | F43: CHILD YOUTH AND SCHOOL HLTH | G43: CHILD YOUTH & SCHOOL HEALTH | L43: CHILD YOUTH & SCHOOL HEALTH | M43: 32275025 | N43: CURRENT | O43: 2015/2016 | P43: 50000 | Q43: 0 | R43: 0 | S43: 0 | T43: 0 | U43: 50000 | V43: 0 | W43: 17767.63 | X43: 32232.37 | Y43: REGIONAL IDENTIFIER | Z43: NAT FUNCTION:WHOLE COUNTRY DOM | AA43: NAT FUNCTION: WHOLE COUNTRY DOM | AE43: NAT FUNCTION: WHOLE COUNTRY DOM | AF43: 30001025 | AG43: EXPENDITURE:VOTED | AH43: DEPARTMENTAL APPROPRIATION | AI43: VOTED FUNDS DISCRETIONARY | AJ43: VOTED FUNDS | AM43: VOTED FUNDS | AN43: 341025 | AO43: DOH:HIV&AIDS, TB, MAT&CHILD HEAL | AP43: DOH:CHILD,YOUTH & SCHOOL HEALTH | AQ43: CHILD YOUTH & SCHOOL HLTH | AW43: CHILD YOUTH & SCHOOL HLTH | AX43: 30014025 | AY43: NON-ASSETS RELATED | AZ43: NON-ASSETS RELATED | BE43: NON-ASSETS RELATED | BF43: 235025 | BG43: NO PROJECTS | BH43: NO PROJECTS | BM43: NO PROJECTS | BN43: 4025 | BO43: PAYMENTS | BP43: PAYMENTS | BQ43: GOODS AND SERVICES | BR43: TRAVEL AND SUBSISTENCE | BS43: T&S DOMESTIC: NON EMLOYEES | BT43: T&S DOM NON EMPL:ACCOMMODATION | BU43: T&S DOM NON EMPL:ACCOMMODATION | BV43: 3363025 | BW43: EXPENDITURE | BX43: NON INFRASTRUCTURE | BY43: NON INFRASTRUCTURE: CURRENT | BZ43: NON INFRASTRUCTURE: CURRENT | CA43: NON INFRA/STAND ALONE: CUR | CC43: NON INFRA/STAND ALONE: CUR | CD43: 95025 | CE43: N | CF43: N | CG43: N | CH43: CURRENT PAYMENTS | CI43: GOODS AND SERVICES | CJ43: GOODS AND SERVICES | CK43: HEALTH | CL43: HEALTH N.E.C. | CM43: HLTH:HEALTH N.E.C.
A44: National Departments | B44: Vote 16: Health | C44: DEPARTMENTAL RESPONSIBILITIES | D44: NATIONAL DEPARTMENT OF HEALTH | E44: P3:HIV AIDS,TB, MAT & CHILD HLTH | F44: CHILD YOUTH AND SCHOOL HLTH | G44: CHILD YOUTH & SCHOOL HEALTH | L44: CHILD YOUTH & SCHOOL HEALTH | M44: 32275025 | N44: CURRENT | O44: 2015/2016 | P44: 50000 | Q44: 0 | R44: 0 | S44: 0 | T44: 0 | U44: 50000 | V44: 6069.4 | W44: 37143.51 | X44: 6787.09 | Y44: REGIONAL IDENTIFIER | Z44: NAT FUNCTION:WHOLE COUNTRY DOM | AA44: NAT FUNCTION: WHOLE COUNTRY DOM | AE44: NAT FUNCTION: WHOLE COUNTRY DOM | AF44: 30001025 | AG44: EXPENDITURE:VOTED | AH44: DEPARTMENTAL APPROPRIATION | AI44: VOTED FUNDS DISCRETIONARY | AJ44: VOTED FUNDS | AM44: VOTED FUNDS | AN44: 341025 | AO44: DOH:HIV&AIDS, TB, MAT&CHILD HEAL | AP44: DOH:CHILD,YOUTH & SCHOOL HEALTH | AQ44: CHILD YOUTH & SCHOOL HLTH | AW44: CHILD YOUTH & SCHOOL HLTH | AX44: 30014025 | AY44: NON-ASSETS RELATED | AZ44: NON-ASSETS RELATED | BE44: NON-ASSETS RELATED | BF44: 235025 | BG44: NO PROJECTS | BH44: NO PROJECTS | BM44: NO PROJECTS | BN44: 4025 | BO44: PAYMENTS | BP44: PAYMENTS | BQ44: GOODS AND SERVICES | BR44: CATERING:DEPARTML ACTIVITIES | BS44: CATERING:DEPARTML ACTIVITIES | BU44: CATERING:DEPARTML ACTIVITIES | BV44: 1080025 | BW44: EXPENDITURE | BX44: NON INFRASTRUCTURE | BY44: NON INFRASTRUCTURE: CURRENT | BZ44: NON INFRASTRUCTURE: CURRENT | CA44: NON INFRA/STAND ALONE: CUR | CC44: NON INFRA/STAND ALONE: CUR | CD44: 95025 | CE44: N | CF44: N | CG44: N | CH44: CURRENT PAYMENTS | CI44: GOODS AND SERVICES | CJ44: GOODS AND SERVICES | CK44: HEALTH | CL44: HEALTH N.E.C. | CM44: HLTH:HEALTH N.E.C.
A45: National Departments | B45: Vote 16: Health | C45: DEPARTMENTAL RESPONSIBILITIES | D45: NATIONAL DEPARTMENT OF HEALTH | E45: P3:HIV AIDS,TB, MAT & CHILD HLTH | F45: CHILD YOUTH AND SCHOOL HLTH | G45: CHILD YOUTH & SCHOOL HEALTH | L45: CHILD YOUTH & SCHOOL HEALTH | M45: 32275025 | N45: CURRENT | O45: 2015/2016 | P45: 50000 | Q45: 0 | R45: 0 | S45: 60000 | T45: 0 | U45: 110000 | V45: 0 | W45: 28860 | X45: 81140 | Y45: REGIONAL IDENTIFIER | Z45: NAT FUNCTION:WHOLE COUNTRY DOM | AA45: NAT FUNCTION: WHOLE COUNTRY DOM | AE45: NAT FUNCTION: WHOLE COUNTRY DOM | AF45: 30001025 | AG45: EXPENDITURE:VOTED | AH45: DEPARTMENTAL APPROPRIATION | AI45: EARMARKED AND SPECIFIC FUNDS | AJ45: E & S FUNDS: NATIONAL | AK45: E&S/F:HEALTH | AL45: DOH:SPEC & EXCL APPROPRIATE | AM45: NHI GRANT:HPV VAC CO-ALL-IN-KIND | AN45: 853025 | AO45: DOH:HIV&AIDS, TB, MAT&CHILD HEAL | AP45: DOH:CHILD,YOUTH & SCHOOL HEALTH | AQ45: HPV VACCINE | AW45: HPV VACCINE | AX45: 30130025 | AY45: NON-ASSETS RELATED | AZ45: NON-ASSETS RELATED | BE45: NON-ASSETS RELATED | BF45: 235025 | BG45: NO PROJECTS | BH45: NO PROJECTS | BM45: NO PROJECTS | BN45: 4025 | BO45: PAYMENTS | BP45: PAYMENTS | BQ45: GOODS AND SERVICES | BR45: CATERING:DEPARTML ACTIVITIES | BS45: CATERING:DEPARTML ACTIVITIES | BU45: CATERING:DEPARTML ACTIVITIES | BV45: 1080025 | BW45: EXPENDITURE | BX45: NON INFRASTRUCTURE | BY45: NON INFRASTRUCTURE: CURRENT | BZ45: NON INFRASTRUCTURE: CURRENT | CA45: NON INFRA/STAND ALONE: CUR | CC45: NON INFRA/STAND ALONE: CUR | CD45: 95025 | CE45: N | CF45: N | CG45: N | CH45: CURRENT PAYMENTS | CI45: GOODS AND SERVICES | CJ45: GOODS AND SERVICES | CK45: HEALTH | CL45: HEALTH N.E.C. | CM45: HLTH:HEALTH N.E.C.
A46: National Departments | B46: Vote 16: Health | C46: DEPARTMENTAL RESPONSIBILITIES | D46: NATIONAL DEPARTMENT OF HEALTH | E46: P3:HIV AIDS,TB, MAT & CHILD HLTH | F46: CHILD YOUTH AND SCHOOL HLTH | G46: CHILD YOUTH & SCHOOL HEALTH | L46: CHILD YOUTH & SCHOOL HEALTH | M46: 32275025 | N46: CURRENT | O46: 2015/2016 | P46: 55000 | Q46: 0 | R46: 0 | S46: 0 | T46: 0 | U46: 55000 | V46: 0 | W46: 28933.36 | X46: 26066.64 | Y46: REGIONAL IDENTIFIER | Z46: NAT FUNCTION:WHOLE COUNTRY DOM | AA46: NAT FUNCTION: WHOLE COUNTRY DOM | AE46: NAT FUNCTION: WHOLE COUNTRY DOM | AF46: 30001025 | AG46: EXPENDITURE:VOTED | AH46: DEPARTMENTAL APPROPRIATION | AI46: VOTED FUNDS DISCRETIONARY | AJ46: VOTED FUNDS | AM46: VOTED FUNDS | AN46: 341025 | AO46: DOH:HIV&AIDS, TB, MAT&CHILD HEAL | AP46: DOH:CHILD,YOUTH & SCHOOL HEALTH | AQ46: CHILD YOUTH & SCHOOL HLTH | AW46: CHILD YOUTH & SCHOOL HLTH | AX46: 30014025 | AY46: NON-ASSETS RELATED | AZ46: NON-ASSETS RELATED | BE46: NON-ASSETS RELATED | BF46: 235025 | BG46: NO PROJECTS | BH46: NO PROJECTS | BM46: NO PROJECTS | BN46: 4025 | BO46: PAYMENTS | BP46: PAYMENTS | BQ46: GOODS AND SERVICES | BR46: TRAVEL AND SUBSISTENCE | BS46: T&S DOMESTIC | BT46: T&S:DOM:DAILY ALLOWANCE | BU46: T&S DOM:SPECIAL DAILY ALLOW | BV46: 4003025 | BW46: EXPENDITURE | BX46: NON INFRASTRUCTURE | BY46: NON INFRASTRUCTURE: CURRENT | BZ46: NON INFRASTRUCTURE: CURRENT | CA46: NON INFRA/STAND ALONE: CUR | CC46: NON INFRA/STAND ALONE: CUR | CD46: 95025 | CE46: N | CF46: N | CG46: N | CH46: CURRENT PAYMENTS | CI46: GOODS AND SERVICES | CJ46: GOODS AND SERVICES | CK46: HEALTH | CL46: HEALTH N.E.C. | CM46: HLTH:HEALTH N.E.C.
A47: National Departments | B47: Vote 16: Health | C47: DEPARTMENTAL RESPONSIBILITIES | D47: NATIONAL DEPARTMENT OF HEALTH | E47: P3:HIV AIDS,TB, MAT & CHILD HLTH | F47: CHILD YOUTH AND SCHOOL HLTH | G47: CHILD YOUTH & SCHOOL HEALTH | L47: CHILD YOUTH & SCHOOL HEALTH | M47: 32275025 | N47: CURRENT | O47: 2015/2016 | P47: 60000 | Q47: 0 | R47: 0 | S47: 0 | T47: 0 | U47: 60000 | V47: 0 | W47: 50539.67 | X47: 9460.33 | Y47: REGIONAL IDENTIFIER | Z47: NAT FUNCTION:WHOLE COUNTRY DOM | AA47: NAT FUNCTION: WHOLE COUNTRY DOM | AE47: NAT FUNCTION: WHOLE COUNTRY DOM | AF47: 30001025 | AG47: EXPENDITURE:VOTED | AH47: DEPARTMENTAL APPROPRIATION | AI47: VOTED FUNDS DISCRETIONARY | AJ47: VOTED FUNDS | AM47: VOTED FUNDS | AN47: 341025 | AO47: DOH:HIV&AIDS, TB, MAT&CHILD HEAL | AP47: DOH:CHILD,YOUTH & SCHOOL HEALTH | AQ47: CHILD YOUTH & SCHOOL HLTH | AW47: CHILD YOUTH & SCHOOL HLTH | AX47: 30014025 | AY47: NON-ASSETS RELATED | AZ47: NON-ASSETS RELATED | BE47: NON-ASSETS RELATED | BF47: 235025 | BG47: NO PROJECTS | BH47: NO PROJECTS | BM47: NO PROJECTS | BN47: 4025 | BO47: PAYMENTS | BP47: PAYMENTS | BQ47: GOODS AND SERVICES | BR47: TRAVEL AND SUBSISTENCE | BS47: T&S DOMESTIC | BT47: T&S:DOM:TRANSPORT | BU47: T&S DOM:KM ALLOWANCE SMS | BV47: 4001025 | BW47: EXPENDITURE | BX47: NON INFRASTRUCTURE | BY47: NON INFRASTRUCTURE: CURRENT | BZ47: NON INFRASTRUCTURE: CURRENT | CA47: NON INFRA/STAND ALONE: CUR | CC47: NON INFRA/STAND ALONE: CUR | CD47: 95025 | CE47: N | CF47: N | CG47: N | CH47: CURRENT PAYMENTS | CI47: GOODS AND SERVICES | CJ47: GOODS AND SERVICES | CK47: HEALTH | CL47: HEALTH N.E.C. | CM47: HLTH:HEALTH N.E.C.
A48: National Departments | B48: Vote 16: Health | C48: DEPARTMENTAL RESPONSIBILITIES | D48: NATIONAL DEPARTMENT OF HEALTH | E48: P3:HIV AIDS,TB, MAT & CHILD HLTH | F48: CHILD YOUTH AND SCHOOL HLTH | G48: CHILD YOUTH & SCHOOL HEALTH | L48: CHILD YOUTH & SCHOOL HEALTH | M48: 32275025 | N48: CURRENT | O48: 2015/2016 | P48: 65000 | Q48: 0 | R48: 0 | S48: 0 | T48: 0 | U48: 65000 | V48: 0 | W48: 13365.85 | X48: 51634.15 | Y48: REGIONAL IDENTIFIER | Z48: NAT FUNCTION:WHOLE COUNTRY DOM | AA48: NAT FUNCTION: WHOLE COUNTRY DOM | AE48: NAT FUNCTION: WHOLE COUNTRY DOM | AF48: 30001025 | AG48: EXPENDITURE:VOTED | AH48: DEPARTMENTAL APPROPRIATION | AI48: VOTED FUNDS DISCRETIONARY | AJ48: VOTED FUNDS | AM48: VOTED FUNDS | AN48: 341025 | AO48: DOH:HIV&AIDS, TB, MAT&CHILD HEAL | AP48: DOH:CHILD,YOUTH & SCHOOL HEALTH | AQ48: CHILD YOUTH & SCHOOL HLTH | AW48: CHILD YOUTH & SCHOOL HLTH | AX48: 30014025 | AY48: NON-ASSETS RELATED | AZ48: NON-ASSETS RELATED | BE48: NON-ASSETS RELATED | BF48: 235025 | BG48: NO PROJECTS | BH48: NO PROJECTS | BM48: NO PROJECTS | BN48: 4025 | BO48: PAYMENTS | BP48: PAYMENTS | BQ48: GOODS AND SERVICES | BR48: TRAVEL AND SUBSISTENCE | BS48: T&S FOREIGN | BT48: T&S FORGN:TRNS - SHUTTLE SERVICE | BU48: T&S FORGN:AIR TRANSPORT | BV48: 3977025 | BW48: EXPENDITURE | BX48: NON INFRASTRUCTURE | BY48: NON INFRASTRUCTURE: CURRENT | BZ48: NON INFRASTRUCTURE: CURRENT | CA48: NON INFRA/STAND ALONE: CUR | CC48: NON INFRA/STAND ALONE: CUR | CD48: 95025 | CE48: N | CF48: N | CG48: N | CH48: CURRENT PAYMENTS | CI48: GOODS AND SERVICES | CJ48: GOODS AND SERVICES | CK48: HEALTH | CL48: HEALTH N.E.C. | CM48: HLTH:HEALTH N.E.C.
A49: National Departments | B49: Vote 16: Health | C49: DEPARTMENTAL RESPONSIBILITIES | D49: NATIONAL DEPARTMENT OF HEALTH | E49: P3:HIV AIDS,TB, MAT & CHILD HLTH | F49: CHILD YOUTH AND SCHOOL HLTH | G49: CHILD YOUTH & SCHOOL HEALTH | L49: CHILD YOUTH & SCHOOL HEALTH | M49: 32275025 | N49: CURRENT | O49: 2015/2016 | P49: 65000 | Q49: 0 | R49: 0 | S49: 0 | T49: 0 | U49: 65000 | V49: 0 | W49: 33207.97 | X49: 31792.03 | Y49: REGIONAL IDENTIFIER | Z49: NAT FUNCTION:WHOLE COUNTRY DOM | AA49: NAT FUNCTION: WHOLE COUNTRY DOM | AE49: NAT FUNCTION: WHOLE COUNTRY DOM | AF49: 30001025 | AG49: EXPENDITURE:VOTED | AH49: DEPARTMENTAL APPROPRIATION | AI49: VOTED FUNDS DISCRETIONARY | AJ49: VOTED FUNDS | AM49: VOTED FUNDS | AN49: 341025 | AO49: DOH:HIV&AIDS, TB, MAT&CHILD HEAL | AP49: DOH:CHILD,YOUTH & SCHOOL HEALTH | AQ49: CHILD YOUTH & SCHOOL HLTH | AW49: CHILD YOUTH & SCHOOL HLTH | AX49: 30014025 | AY49: NON-ASSETS RELATED | AZ49: NON-ASSETS RELATED | BE49: NON-ASSETS RELATED | BF49: 235025 | BG49: NO PROJECTS | BH49: NO PROJECTS | BM49: NO PROJECTS | BN49: 4025 | BO49: PAYMENTS | BP49: PAYMENTS | BQ49: GOODS AND SERVICES | BR49: TRAVEL AND SUBSISTENCE | BS49: T&S FOREIGN | BT49: T&S FORGN:ACCOMMODATION | BU49: T&S FORGN:ACCOMMODATION | BV49: 3371025 | BW49: EXPENDITURE | BX49: NON INFRASTRUCTURE | BY49: NON INFRASTRUCTURE: CURRENT | BZ49: NON INFRASTRUCTURE: CURRENT | CA49: NON INFRA/STAND ALONE: CUR | CC49: NON INFRA/STAND ALONE: CUR | CD49: 95025 | CE49: N | CF49: N | CG49: N | CH49: CURRENT PAYMENTS | CI49: GOODS AND SERVICES | CJ49: GOODS AND SERVICES | CK49: HEALTH | CL49: HEALTH N.E.C. | CM49: HLTH:HEALTH N.E.C.
A50: National Departments | B50: Vote 16: Health | C50: DEPARTMENTAL RESPONSIBILITIES | D50: NATIONAL DEPARTMENT OF HEALTH | E50: P3:HIV AIDS,TB, MAT & CHILD HLTH | F50: CHILD YOUTH AND SCHOOL HLTH | G50: CHILD YOUTH & SCHOOL HEALTH | L50: CHILD YOUTH & SCHOOL HEALTH | M50: 32275025 | N50: CURRENT | O50: 2015/2016 | P50: 65000 | Q50: 0 | R50: 0 | S50: 0 | T50: 0 | U50: 65000 | V50: 0 | W50: 67707.66 | X50: -2707.66 | Y50: REGIONAL IDENTIFIER | Z50: NAT FUNCTION:WHOLE COUNTRY DOM | AA50: NAT FUNCTION: WHOLE COUNTRY DOM | AE50: NAT FUNCTION: WHOLE COUNTRY DOM | AF50: 30001025 | AG50: EXPENDITURE:VOTED | AH50: DEPARTMENTAL APPROPRIATION | AI50: VOTED FUNDS DISCRETIONARY | AJ50: VOTED FUNDS | AM50: VOTED FUNDS | AN50: 341025 | AO50: DOH:HIV&AIDS, TB, MAT&CHILD HEAL | AP50: DOH:CHILD,YOUTH & SCHOOL HEALTH | AQ50: CHILD YOUTH & SCHOOL HLTH | AW50: CHILD YOUTH & SCHOOL HLTH | AX50: 30014025 | AY50: NON-ASSETS RELATED | AZ50: NON-ASSETS RELATED | BE50: NON-ASSETS RELATED | BF50: 235025 | BG50: NO PROJECTS | BH50: NO PROJECTS | BM50: NO PROJECTS | BN50: 4025 | BO50: PAYMENTS | BP50: PAYMENTS | BQ50: GOODS AND SERVICES | BR50: FLEET SERVICES(F/SER) | BS50: FLEET SERVICES | BT50: F/SER:FUEL,OIL&GREASE | BU50: F/SER:FUEL,OIL&GREASE | BV50: 3488025 | BW50: EXPENDITURE | BX50: NON INFRASTRUCTURE | BY50: NON INFRASTRUCTURE: CURRENT | BZ50: NON INFRASTRUCTURE: CURRENT | CA50: NON INFRA/STAND ALONE: CUR | CC50: NON INFRA/STAND ALONE: CUR | CD50: 95025 | CE50: N | CF50: N | CG50: N | CH50: CURRENT PAYMENTS | CI50: GOODS AND SERVICES | CJ50: GOODS AND SERVICES | CK50: HEALTH | CL50: HEALTH N.E.C. | CM50: HLTH:HEALTH N.E.C.
A51: National Departments | B51: Vote 16: Health | C51: DEPARTMENTAL RESPONSIBILITIES | D51: NATIONAL DEPARTMENT OF HEALTH | E51: P3:HIV AIDS,TB, MAT & CHILD HLTH | F51: CHILD YOUTH AND SCHOOL HLTH | G51: CHILD YOUTH & SCHOOL HEALTH | L51: CHILD YOUTH & SCHOOL HEALTH | M51: 32275025 | N51: CURRENT | O51: 2015/2016 | P51: 80000 | Q51: 0 | R51: 0 | S51: -50000 | T51: 0 | U51: 30000 | V51: 0 | W51: 2096.84 | X51: 27903.16 | Y51: REGIONAL IDENTIFIER | Z51: NAT FUNCTION:WHOLE COUNTRY DOM | AA51: NAT FUNCTION: WHOLE COUNTRY DOM | AE51: NAT FUNCTION: WHOLE COUNTRY DOM | AF51: 30001025 | AG51: EXPENDITURE:VOTED | AH51: DEPARTMENTAL APPROPRIATION | AI51: VOTED FUNDS DISCRETIONARY | AJ51: VOTED FUNDS | AM51: VOTED FUNDS | AN51: 341025 | AO51: DOH:HIV&AIDS, TB, MAT&CHILD HEAL | AP51: DOH:CHILD,YOUTH & SCHOOL HEALTH | AQ51: CHILD YOUTH & SCHOOL HLTH | AW51: CHILD YOUTH & SCHOOL HLTH | AX51: 30014025 | AY51: MINOR ASSETS | AZ51: TANGIBLE MINOR ASSETS | BA51: MACHINERY & EQUIPMENT <R5000 | BB51: MACHINERY&EQUIPMENT<R5000 | BC51: OTHER:MACHINERY & EQP<R5000 | BD51: COMPUTER EQUIPMENT<R5000 | BE51: EQP<R5000: COMP DESKTOP | BF51: 30029025 | BG51: NO PROJECTS | BH51: NO PROJECTS | BM51: NO PROJECTS | BN51: 4025 | BO51: PAYMENTS | BP51: PAYMENTS | BQ51: GOODS AND SERVICES | BR51: MINOR ASSETS | BS51: MACHINERY & EQUIPMENT<R5000 | BT51: EQP<R5000:COMPUTER EQUIPMENT | BU51: C/EQP<R5000:COM SYS-DESKTOP | BV51: 4127025 | BW51: EXPENDITURE | BX51: NON INFRASTRUCTURE | BY51: NON INFRASTRUCTURE: CURRENT | BZ51: NON INFRASTRUCTURE: CURRENT | CA51: NON INFRA/STAND ALONE: CUR | CC51: NON INFRA/STAND ALONE: CUR | CD51: 95025 | CE51: Y | CF51: N | CG51: Y | CH51: CURRENT PAYMENTS | CI51: GOODS AND SERVICES | CJ51: GOODS AND SERVICES | CK51: HEALTH | CL51: HEALTH N.E.C. | CM51: HLTH:HEALTH N.E.C.
A52: National Departments | B52: Vote 16: Health | C52: DEPARTMENTAL RESPONSIBILITIES | D52: NATIONAL DEPARTMENT OF HEALTH | E52: P3:HIV AIDS,TB, MAT & CHILD HLTH | F52: CHILD YOUTH AND SCHOOL HLTH | G52: CHILD YOUTH & SCHOOL HEALTH | L52: CHILD YOUTH & SCHOOL HEALTH | M52: 32275025 | N52: CURRENT | O52: 2015/2016 | P52: 85000 | Q52: 0 | R52: 0 | S52: 0 | T52: 0 | U52: 85000 | V52: 2561.01 | W52: 62359.96 | X52: 20079.03 | Y52: REGIONAL IDENTIFIER | Z52: NAT FUNCTION:WHOLE COUNTRY DOM | AA52: NAT FUNCTION: WHOLE COUNTRY DOM | AE52: NAT FUNCTION: WHOLE COUNTRY DOM | AF52: 30001025 | AG52: EXPENDITURE:VOTED | AH52: DEPARTMENTAL APPROPRIATION | AI52: VOTED FUNDS DISCRETIONARY | AJ52: VOTED FUNDS | AM52: VOTED FUNDS | AN52: 341025 | AO52: DOH:HIV&AIDS, TB, MAT&CHILD HEAL | AP52: DOH:CHILD,YOUTH & SCHOOL HEALTH | AQ52: CHILD YOUTH & SCHOOL HLTH | AW52: CHILD YOUTH & SCHOOL HLTH | AX52: 30014025 | AY52: NON-ASSETS RELATED | AZ52: NON-ASSETS RELATED | BE52: NON-ASSETS RELATED | BF52: 235025 | BG52: NO PROJECTS | BH52: NO PROJECTS | BM52: NO PROJECTS | BN52: 4025 | BO52: PAYMENTS | BP52: PAYMENTS | BQ52: GOODS AND SERVICES | BR52: COMMUNICATION | BS52: COM:CELL CONTRACT (SUBSCR&CALLS) | BT52: COM:CELL CONTR(SUBSCR&CALLS) | BU52: COM:CELL CONTR(SUBSCR&CALLS) | BV52: 2690025 | BW52: EXPENDITURE | BX52: NON INFRASTRUCTURE | BY52: NON INFRASTRUCTURE: CURRENT | BZ52: NON INFRASTRUCTURE: CURRENT | CA52: NON INFRA/STAND ALONE: CUR | CC52: NON INFRA/STAND ALONE: CUR | CD52: 95025 | CE52: N | CF52: N | CG52: N | CH52: CURRENT PAYMENTS | CI52: GOODS AND SERVICES | CJ52: GOODS AND SERVICES | CK52: HEALTH | CL52: HEALTH N.E.C. | CM52: HLTH:HEALTH N.E.C.
A53: National Departments | B53: Vote 16: Health | C53: DEPARTMENTAL RESPONSIBILITIES | D53: NATIONAL DEPARTMENT OF HEALTH | E53: P3:HIV AIDS,TB, MAT & CHILD HLTH | F53: CHILD YOUTH AND SCHOOL HLTH | G53: CHILD YOUTH & SCHOOL HEALTH | L53: CHILD YOUTH & SCHOOL HEALTH | M53: 32275025 | N53: CURRENT | O53: 2015/2016 | P53: 100000 | Q53: 0 | R53: 0 | S53: 0 | T53: 0 | U53: 100000 | V53: 0 | W53: 0 | X53: 100000 | Y53: REGIONAL IDENTIFIER | Z53: NAT FUNCTION:WHOLE COUNTRY DOM | AA53: NAT FUNCTION: WHOLE COUNTRY DOM | AE53: NAT FUNCTION: WHOLE COUNTRY DOM | AF53: 30001025 | AG53: EXPENDITURE:VOTED | AH53: DEPARTMENTAL APPROPRIATION | AI53: EARMARKED AND SPECIFIC FUNDS | AJ53: E & S FUNDS: NATIONAL | AK53: E&S/F:HEALTH | AL53: DOH:SPEC & EXCL APPROPRIATE | AM53: NHI GRANT:HPV VAC CO-ALL-IN-KIND | AN53: 853025 | AO53: DOH:HIV&AIDS, TB, MAT&CHILD HEAL | AP53: DOH:CHILD,YOUTH & SCHOOL HEALTH | AQ53: HPV VACCINE | AW53: HPV VACCINE | AX53: 30130025 | AY53: MINOR ASSETS | AZ53: TANGIBLE MINOR ASSETS | BA53: MACHINERY & EQUIPMENT <R5000 | BB53: MACHINERY&EQUIPMENT<R5000 | BC53: OTHER:MACHINERY & EQP<R5000 | BD53: FURNITURE&OFFICE EQP<R5000 | BE53: EQP<R5000: OFFICE EQUIPMENT | BF53: 30036025 | BG53: NO PROJECTS | BH53: NO PROJECTS | BM53: NO PROJECTS | BN53: 4025 | BO53: PAYMENTS | BP53: PAYMENTS | BQ53: GOODS AND SERVICES | BR53: MINOR ASSETS | BS53: MACHINERY & EQUIPMENT<R5000 | BT53: EQP<R5000:FURNITURE&OFFICE EQUIP | BU53: F&O/EQP<R5000:OFFICE EQUIP | BV53: 4119025 | BW53: EXPENDITURE | BX53: NON INFRASTRUCTURE | BY53: NON INFRASTRUCTURE: CURRENT | BZ53: NON INFRASTRUCTURE: CURRENT | CA53: NON INFRA/STAND ALONE: CUR | CC53: NON INFRA/STAND ALONE: CUR | CD53: 95025 | CE53: N | CF53: N | CG53: N | CH53: CURRENT PAYMENTS | CI53: GOODS AND SERVICES | CJ53: GOODS AND SERVICES | CK53: HEALTH | CL53: HEALTH N.E.C. | CM53: HLTH:HEALTH N.E.C.
A54: National Departments | B54: Vote 16: Health | C54: DEPARTMENTAL RESPONSIBILITIES | D54: NATIONAL DEPARTMENT OF HEALTH | E54: P3:HIV AIDS,TB, MAT & CHILD HLTH | F54: CHILD YOUTH AND SCHOOL HLTH | G54: CHILD YOUTH & SCHOOL HEALTH | L54: CHILD YOUTH & SCHOOL HEALTH | M54: 32275025 | N54: CURRENT | O54: 2015/2016 | P54: 100000 | Q54: 0 | R54: 0 | S54: 0 | T54: 0 | U54: 100000 | V54: 0 | W54: 36518.07 | X54: 63481.93 | Y54: REGIONAL IDENTIFIER | Z54: NAT FUNCTION:WHOLE COUNTRY DOM | AA54: NAT FUNCTION: WHOLE COUNTRY DOM | AE54: NAT FUNCTION: WHOLE COUNTRY DOM | AF54: 30001025 | AG54: EXPENDITURE:VOTED | AH54: DEPARTMENTAL APPROPRIATION | AI54: EARMARKED AND SPECIFIC FUNDS | AJ54: E & S FUNDS: NATIONAL | AK54: E&S/F:HEALTH | AL54: DOH:SPEC & EXCL APPROPRIATE | AM54: NHI GRANT:HPV VAC CO-ALL-IN-KIND | AN54: 853025 | AO54: DOH:HIV&AIDS, TB, MAT&CHILD HEAL | AP54: DOH:CHILD,YOUTH & SCHOOL HEALTH | AQ54: HPV VACCINE | AW54: HPV VACCINE | AX54: 30130025 | AY54: NON-ASSETS RELATED | AZ54: NON-ASSETS RELATED | BE54: NON-ASSETS RELATED | BF54: 235025 | BG54: NO PROJECTS | BH54: NO PROJECTS | BM54: NO PROJECTS | BN54: 4025 | BO54: PAYMENTS | BP54: PAYMENTS | BQ54: GOODS AND SERVICES | BR54: FLEET SERVICES(F/SER) | BS54: FLEET SERVICES | BT54: F/SER:TRANSACTION COSTS | BU54: F/SER:TRANSACTION COSTS | BV54: 3482025 | BW54: EXPENDITURE | BX54: NON INFRASTRUCTURE | BY54: NON INFRASTRUCTURE: CURRENT | BZ54: NON INFRASTRUCTURE: CURRENT | CA54: NON INFRA/STAND ALONE: CUR | CC54: NON INFRA/STAND ALONE: CUR | CD54: 95025 | CE54: N | CF54: N | CG54: N | CH54: CURRENT PAYMENTS | CI54: GOODS AND SERVICES | CJ54: GOODS AND SERVICES | CK54: HEALTH | CL54: HEALTH N.E.C. | CM54: HLTH:HEALTH N.E.C.
A55: National Departments | B55: Vote 16: Health | C55: DEPARTMENTAL RESPONSIBILITIES | D55: NATIONAL DEPARTMENT OF HEALTH | E55: P3:HIV AIDS,TB, MAT & CHILD HLTH | F55: CHILD YOUTH AND SCHOOL HLTH | G55: CHILD YOUTH & SCHOOL HEALTH | L55: CHILD YOUTH & SCHOOL HEALTH | M55: 32275025 | N55: CURRENT | O55: 2015/2016 | P55: 120000 | Q55: 0 | R55: 0 | S55: -120000 | T55: 0 | U55: 0 | V55: 0 | W55: 0 | X55: 0 | Y55: REGIONAL IDENTIFIER | Z55: NAT FUNCTION:WHOLE COUNTRY DOM | AA55: NAT FUNCTION: WHOLE COUNTRY DOM | AE55: NAT FUNCTION: WHOLE COUNTRY DOM | AF55: 30001025 | AG55: EXPENDITURE:VOTED | AH55: DEPARTMENTAL APPROPRIATION | AI55: VOTED FUNDS DISCRETIONARY | AJ55: VOTED FUNDS | AM55: VOTED FUNDS | AN55: 341025 | AO55: DOH:HIV&AIDS, TB, MAT&CHILD HEAL | AP55: DOH:CHILD,YOUTH & SCHOOL HEALTH | AQ55: CHILD YOUTH & SCHOOL HLTH | AW55: CHILD YOUTH & SCHOOL HLTH | AX55: 30014025 | AY55: NON-ASSETS RELATED | AZ55: NON-ASSETS RELATED | BE55: NON-ASSETS RELATED | BF55: 235025 | BG55: NO PROJECTS | BH55: NO PROJECTS | BM55: NO PROJECTS | BN55: 4025 | BO55: PAYMENTS | BP55: PAYMENTS | BQ55: GOODS AND SERVICES | BR55: RENTAL & HIRING | BS55: RENTAL & HIRING | BU55: RENTAL & HIRING | BV55: 877025 | BW55: EXPENDITURE | BX55: NON INFRASTRUCTURE | BY55: NON INFRASTRUCTURE: CURRENT | BZ55: NON INFRASTRUCTURE: CURRENT | CA55: NON INFRA/STAND ALONE: CUR | CC55: NON INFRA/STAND ALONE: CUR | CD55: 95025 | CE55: N | CF55: N | CG55: N | CH55: Total Expenditure = 0 | CI55: Total Expenditure = 0 | CJ55: Total Expenditure = 0 | CK55: HEALTH | CL55: HEALTH N.E.C. | CM55: HLTH:HEALTH N.E.C.
A56: National Departments | B56: Vote 16: Health | C56: DEPARTMENTAL RESPONSIBILITIES | D56: NATIONAL DEPARTMENT OF HEALTH | E56: P3:HIV AIDS,TB, MAT & CHILD HLTH | F56: CHILD YOUTH AND SCHOOL HLTH | G56: CHILD YOUTH & SCHOOL HEALTH | L56: CHILD YOUTH & SCHOOL HEALTH | M56: 32275025 | N56: CURRENT | O56: 2015/2016 | P56: 120000 | Q56: 0 | R56: 0 | S56: 0 | T56: 0 | U56: 120000 | V56: 0 | W56: 0 | X56: 120000 | Y56: REGIONAL IDENTIFIER | Z56: NAT FUNCTION:WHOLE COUNTRY DOM | AA56: NAT FUNCTION: WHOLE COUNTRY DOM | AE56: NAT FUNCTION: WHOLE COUNTRY DOM | AF56: 30001025 | AG56: EXPENDITURE:VOTED | AH56: DEPARTMENTAL APPROPRIATION | AI56: EARMARKED AND SPECIFIC FUNDS | AJ56: E & S FUNDS: NATIONAL | AK56: E&S/F:HEALTH | AL56: DOH:SPEC & EXCL APPROPRIATE | AM56: NHI GRANT:HPV VAC CO-ALL-IN-KIND | AN56: 853025 | AO56: DOH:HIV&AIDS, TB, MAT&CHILD HEAL | AP56: DOH:CHILD,YOUTH & SCHOOL HEALTH | AQ56: HPV VACCINE | AW56: HPV VACCINE | AX56: 30130025 | AY56: NON-ASSETS RELATED | AZ56: NON-ASSETS RELATED | BE56: NON-ASSETS RELATED | BF56: 235025 | BG56: NO PROJECTS | BH56: NO PROJECTS | BM56: NO PROJECTS | BN56: 4025 | BO56: PAYMENTS | BP56: PAYMENTS | BQ56: GOODS AND SERVICES | BR56: CONS:STA,PRINT&OFF SUP | BS56: CONS:SP&OS:PRNTNG PAPR | BT56: CONS:SP&OS:PRNTNG PAPR | BU56: CONS:SP&OS:PRNTNG PAPR | BV56: 2237025 | BW56: EXPENDITURE | BX56: NON INFRASTRUCTURE | BY56: NON INFRASTRUCTURE: CURRENT | BZ56: NON INFRASTRUCTURE: CURRENT | CA56: NON INFRA/STAND ALONE: CUR | CC56: NON INFRA/STAND ALONE: CUR | CD56: 95025 | CE56: N | CF56: N | CG56: N | CH56: CURRENT PAYMENTS | CI56: GOODS AND SERVICES | CJ56: GOODS AND SERVICES | CK56: HEALTH | CL56: HEALTH N.E.C. | CM56: HLTH:HEALTH N.E.C.
A57: National Departments | B57: Vote 16: Health | C57: DEPARTMENTAL RESPONSIBILITIES | D57: NATIONAL DEPARTMENT OF HEALTH | E57: P3:HIV AIDS,TB, MAT & CHILD HLTH | F57: CHILD YOUTH AND SCHOOL HLTH | G57: CHILD YOUTH & SCHOOL HEALTH | L57: CHILD YOUTH & SCHOOL HEALTH | M57: 32275025 | N57: CURRENT | O57: 2015/2016 | P57: 120000 | Q57: 0 | R57: 0 | S57: 0 | T57: 0 | U57: 120000 | V57: 0 | W57: 0 | X57: 120000 | Y57: REGIONAL IDENTIFIER | Z57: NAT FUNCTION:WHOLE COUNTRY DOM | AA57: NAT FUNCTION: WHOLE COUNTRY DOM | AE57: NAT FUNCTION: WHOLE COUNTRY DOM | AF57: 30001025 | AG57: EXPENDITURE:VOTED | AH57: DEPARTMENTAL APPROPRIATION | AI57: EARMARKED AND SPECIFIC FUNDS | AJ57: E & S FUNDS: NATIONAL | AK57: E&S/F:HEALTH | AL57: DOH:SPEC & EXCL APPROPRIATE | AM57: NHI GRANT:HPV VAC CO-ALL-IN-KIND | AN57: 853025 | AO57: DOH:HIV&AIDS, TB, MAT&CHILD HEAL | AP57: DOH:CHILD,YOUTH & SCHOOL HEALTH | AQ57: HPV VACCINE | AW57: HPV VACCINE | AX57: 30130025 | AY57: NON-ASSETS RELATED | AZ57: NON-ASSETS RELATED | BE57: NON-ASSETS RELATED | BF57: 235025 | BG57: NO PROJECTS | BH57: NO PROJECTS | BM57: NO PROJECTS | BN57: 4025 | BO57: PAYMENTS | BP57: PAYMENTS | BQ57: GOODS AND SERVICES | BR57: TRAVEL AND SUBSISTENCE | BS57: T&S DOMESTIC | BT57: T&S DOM:FOOD&BEVER | BU57: T&S DOM:FOOD&BEVER | BV57: 3375025 | BW57: EXPENDITURE | BX57: NON INFRASTRUCTURE | BY57: NON INFRASTRUCTURE: CURRENT | BZ57: NON INFRASTRUCTURE: CURRENT | CA57: NON INFRA/STAND ALONE: CUR | CC57: NON INFRA/STAND ALONE: CUR | CD57: 95025 | CE57: N | CF57: N | CG57: N | CH57: CURRENT PAYMENTS | CI57: GOODS AND SERVICES | CJ57: GOODS AND SERVICES | CK57: HEALTH | CL57: HEALTH N.E.C. | CM57: HLTH:HEALTH N.E.C.
A58: National Departments | B58: Vote 16: Health | C58: DEPARTMENTAL RESPONSIBILITIES | D58: NATIONAL DEPARTMENT OF HEALTH | E58: P3:HIV AIDS,TB, MAT & CHILD HLTH | F58: CHILD YOUTH AND SCHOOL HLTH | G58: CHILD YOUTH & SCHOOL HEALTH | L58: CHILD YOUTH & SCHOOL HEALTH | M58: 32275025 | N58: CURRENT | O58: 2015/2016 | P58: 120000 | Q58: 0 | R58: 0 | S58: 0 | T58: 0 | U58: 120000 | V58: 29370.48 | W58: 110622.01 | X58: -19992.49 | Y58: REGIONAL IDENTIFIER | Z58: NAT FUNCTION:WHOLE COUNTRY DOM | AA58: NAT FUNCTION: WHOLE COUNTRY DOM | AE58: NAT FUNCTION: WHOLE COUNTRY DOM | AF58: 30001025 | AG58: EXPENDITURE:VOTED | AH58: DEPARTMENTAL APPROPRIATION | AI58: VOTED FUNDS DISCRETIONARY | AJ58: VOTED FUNDS | AM58: VOTED FUNDS | AN58: 341025 | AO58: DOH:HIV&AIDS, TB, MAT&CHILD HEAL | AP58: DOH:CHILD,YOUTH & SCHOOL HEALTH | AQ58: CHILD YOUTH & SCHOOL HLTH | AW58: CHILD YOUTH & SCHOOL HLTH | AX58: 30014025 | AY58: TANGIBLE CAPITAL ASSETS | AZ58: MACHINERY & EQUIPMENT | BA58: OTHER MACHINERY & EQUIPMENT | BB58: FURNITURE & OFFICE EQUIPMENT | BC58: OFFICE EQUIPMENT | BD58: OFFICE EQUIPMENT | BE58: OFFICE EQUIPMENT | BF58: 30017025 | BG58: NO PROJECTS | BH58: NO PROJECTS | BM58: NO PROJECTS | BN58: 4025 | BO58: PAYMENTS | BP58: PAYMENTS | BQ58: GOODS AND SERVICES | BR58: OPERATING LEASES | BS58: OPERATING LEASES:NON-INFRSTRCTR | BU58: OPERATING LEASES:NON-INFRSTRCTR | BV58: 4856025 | BW58: EXPENDITURE | BX58: NON INFRASTRUCTURE | BY58: NON INFRA:LEASES | BZ58: NON INFRA:OPERATING LEASES (CUR) | CC58: NON INFRA:OPERATING LEASES (CUR) | CD58: 137025 | CE58: N | CF58: N | CG58: N | CH58: CURRENT PAYMENTS | CI58: GOODS AND SERVICES | CJ58: GOODS AND SERVICES | CK58: HEALTH | CL58: HEALTH N.E.C. | CM58: HLTH:HEALTH N.E.C.
A59: National Departments | B59: Vote 16: Health | C59: DEPARTMENTAL RESPONSIBILITIES | D59: NATIONAL DEPARTMENT OF HEALTH | E59: P3:HIV AIDS,TB, MAT & CHILD HLTH | F59: CHILD YOUTH AND SCHOOL HLTH | G59: CHILD YOUTH & SCHOOL HEALTH | L59: CHILD YOUTH & SCHOOL HEALTH | M59: 32275025 | N59: CURRENT | O59: 2015/2016 | P59: 125000 | Q59: 0 | R59: 0 | S59: 0 | T59: 0 | U59: 125000 | V59: 0 | W59: 102255.09 | X59: 22744.91 | Y59: REGIONAL IDENTIFIER | Z59: NAT FUNCTION:WHOLE COUNTRY DOM | AA59: NAT FUNCTION: WHOLE COUNTRY DOM | AE59: NAT FUNCTION: WHOLE COUNTRY DOM | AF59: 30001025 | AG59: EXPENDITURE:VOTED | AH59: DEPARTMENTAL APPROPRIATION | AI59: VOTED FUNDS DISCRETIONARY | AJ59: VOTED FUNDS | AM59: VOTED FUNDS | AN59: 341025 | AO59: DOH:HIV&AIDS, TB, MAT&CHILD HEAL | AP59: DOH:CHILD,YOUTH & SCHOOL HEALTH | AQ59: CHILD YOUTH & SCHOOL HLTH | AW59: CHILD YOUTH & SCHOOL HLTH | AX59: 30014025 | AY59: NON-ASSETS RELATED | AZ59: NON-ASSETS RELATED | BE59: NON-ASSETS RELATED | BF59: 235025 | BG59: NO PROJECTS | BH59: NO PROJECTS | BM59: NO PROJECTS | BN59: 4025 | BO59: PAYMENTS | BP59: PAYMENTS | BQ59: GOODS AND SERVICES | BR59: TRAVEL AND SUBSISTENCE | BS59: T&S DOMESTIC | BT59: T&S:DOM:TRANSPORT-SHUTTLE SRVCS | BU59: T&S DOM:ROAD TRANSPORT | BV59: 3993025 | BW59: EXPENDITURE | BX59: NON INFRASTRUCTURE | BY59: NON INFRASTRUCTURE: CURRENT | BZ59: NON INFRASTRUCTURE: CURRENT | CA59: NON INFRA/STAND ALONE: CUR | CC59: NON INFRA/STAND ALONE: CUR | CD59: 95025 | CE59: N | CF59: N | CG59: N | CH59: CURRENT PAYMENTS | CI59: GOODS AND SERVICES | CJ59: GOODS AND SERVICES | CK59: HEALTH | CL59: HEALTH N.E.C. | CM59: HLTH:HEALTH N.E.C.
A60: National Departments | B60: Vote 16: Health | C60: DEPARTMENTAL RESPONSIBILITIES | D60: NATIONAL DEPARTMENT OF HEALTH | E60: P3:HIV AIDS,TB, MAT & CHILD HLTH | F60: CHILD YOUTH AND SCHOOL HLTH | G60: CHILD YOUTH & SCHOOL HEALTH | L60: CHILD YOUTH & SCHOOL HEALTH | M60: 32275025 | N60: CURRENT | O60: 2015/2016 | P60: 150000 | Q60: 0 | R60: 0 | S60: -110000 | T60: 0 | U60: 40000 | V60: 0 | W60: 0 | X60: 40000 | Y60: REGIONAL IDENTIFIER | Z60: NAT FUNCTION:WHOLE COUNTRY DOM | AA60: NAT FUNCTION: WHOLE COUNTRY DOM | AE60: NAT FUNCTION: WHOLE COUNTRY DOM | AF60: 30001025 | AG60: EXPENDITURE:VOTED | AH60: DEPARTMENTAL APPROPRIATION | AI60: VOTED FUNDS DISCRETIONARY | AJ60: VOTED FUNDS | AM60: VOTED FUNDS | AN60: 341025 | AO60: DOH:HIV&AIDS, TB, MAT&CHILD HEAL | AP60: DOH:CHILD,YOUTH & SCHOOL HEALTH | AQ60: CHILD YOUTH & SCHOOL HLTH | AW60: CHILD YOUTH & SCHOOL HLTH | AX60: 30014025 | AY60: MINOR ASSETS | AZ60: TANGIBLE MINOR ASSETS | BA60: MACHINERY & EQUIPMENT <R5000 | BB60: MACHINERY&EQUIPMENT<R5000 | BC60: OTHER:MACHINERY & EQP<R5000 | BD60: FURNITURE&OFFICE EQP<R5000 | BE60: EQP<R5000: OFFICE FURNITURE | BF60: 30037025 | BG60: NO PROJECTS | BH60: NO PROJECTS | BM60: NO PROJECTS | BN60: 4025 | BO60: PAYMENTS | BP60: PAYMENTS | BQ60: GOODS AND SERVICES | BR60: MINOR ASSETS | BS60: MACHINERY & EQUIPMENT<R5000 | BT60: EQP<R5000:FURNITURE&OFFICE EQUIP | BU60: F&O/EQP<R5000:OFFICE FURN | BV60: 4121025 | BW60: EXPENDITURE | BX60: NON INFRASTRUCTURE | BY60: NON INFRASTRUCTURE: CURRENT | BZ60: NON INFRASTRUCTURE: CURRENT | CA60: NON INFRA/STAND ALONE: CUR | CC60: NON INFRA/STAND ALONE: CUR | CD60: 95025 | CE60: N | CF60: N | CG60: N | CH60: CURRENT PAYMENTS | CI60: GOODS AND SERVICES | CJ60: GOODS AND SERVICES | CK60: HEALTH | CL60: HEALTH N.E.C. | CM60: HLTH:HEALTH N.E.C.
A61: National Departments | B61: Vote 16: Health | C61: DEPARTMENTAL RESPONSIBILITIES | D61: NATIONAL DEPARTMENT OF HEALTH | E61: P3:HIV AIDS,TB, MAT & CHILD HLTH | F61: CHILD YOUTH AND SCHOOL HLTH | G61: CHILD YOUTH & SCHOOL HEALTH | L61: CHILD YOUTH & SCHOOL HEALTH | M61: 32275025 | N61: CURRENT | O61: 2015/2016 | P61: 150000 | Q61: 0 | R61: 0 | S61: -100000 | T61: 0 | U61: 50000 | V61: 45679.8 | W61: 14209.87 | X61: -9889.67 | Y61: REGIONAL IDENTIFIER | Z61: NAT FUNCTION:WHOLE COUNTRY DOM | AA61: NAT FUNCTION: WHOLE COUNTRY DOM | AE61: NAT FUNCTION: WHOLE COUNTRY DOM | AF61: 30001025 | AG61: EXPENDITURE:VOTED | AH61: DEPARTMENTAL APPROPRIATION | AI61: VOTED FUNDS DISCRETIONARY | AJ61: VOTED FUNDS | AM61: VOTED FUNDS | AN61: 341025 | AO61: DOH:HIV&AIDS, TB, MAT&CHILD HEAL | AP61: DOH:CHILD,YOUTH & SCHOOL HEALTH | AQ61: CHILD YOUTH & SCHOOL HLTH | AW61: CHILD YOUTH & SCHOOL HLTH | AX61: 30014025 | AY61: NON-ASSETS RELATED | AZ61: NON-ASSETS RELATED | BE61: NON-ASSETS RELATED | BF61: 235025 | BG61: NO PROJECTS | BH61: NO PROJECTS | BM61: NO PROJECTS | BN61: 4025 | BO61: PAYMENTS | BP61: PAYMENTS | BQ61: GOODS AND SERVICES | BR61: CONS:STA,PRINT&OFF SUP | BS61: CONS:SP&OS:PRNT CART | BT61: CONS:SP&OS:PRNT CART | BU61: CONS:SP&OS:PRNT CART | BV61: 2239025 | BW61: EXPENDITURE | BX61: NON INFRASTRUCTURE | BY61: NON INFRASTRUCTURE: CURRENT | BZ61: NON INFRASTRUCTURE: CURRENT | CA61: NON INFRA/STAND ALONE: CUR | CC61: NON INFRA/STAND ALONE: CUR | CD61: 95025 | CE61: N | CF61: N | CG61: N | CH61: CURRENT PAYMENTS | CI61: GOODS AND SERVICES | CJ61: GOODS AND SERVICES | CK61: HEALTH | CL61: HEALTH N.E.C. | CM61: HLTH:HEALTH N.E.C.
A62: National Departments | B62: Vote 16: Health | C62: DEPARTMENTAL RESPONSIBILITIES | D62: NATIONAL DEPARTMENT OF HEALTH | E62: P3:HIV AIDS,TB, MAT & CHILD HLTH | F62: CHILD YOUTH AND SCHOOL HLTH | G62: CHILD YOUTH & SCHOOL HEALTH | L62: CHILD YOUTH & SCHOOL HEALTH | M62: 32275025 | N62: CURRENT | O62: 2015/2016 | P62: 150000 | Q62: 0 | R62: 0 | S62: 0 | T62: 0 | U62: 150000 | V62: 0 | W62: 0 | X62: 150000 | Y62: REGIONAL IDENTIFIER | Z62: NAT FUNCTION:WHOLE COUNTRY DOM | AA62: NAT FUNCTION: WHOLE COUNTRY DOM | AE62: NAT FUNCTION: WHOLE COUNTRY DOM | AF62: 30001025 | AG62: EXPENDITURE:VOTED | AH62: DEPARTMENTAL APPROPRIATION | AI62: EARMARKED AND SPECIFIC FUNDS | AJ62: E & S FUNDS: NATIONAL | AK62: E&S/F:HEALTH | AL62: DOH:SPEC & EXCL APPROPRIATE | AM62: NHI GRANT:HPV VAC CO-ALL-IN-KIND | AN62: 853025 | AO62: DOH:HIV&AIDS, TB, MAT&CHILD HEAL | AP62: DOH:CHILD,YOUTH & SCHOOL HEALTH | AQ62: HPV VACCINE | AW62: HPV VACCINE | AX62: 30130025 | AY62: NON-ASSETS RELATED | AZ62: NON-ASSETS RELATED | BE62: NON-ASSETS RELATED | BF62: 235025 | BG62: NO PROJECTS | BH62: NO PROJECTS | BM62: NO PROJECTS | BN62: 4025 | BO62: PAYMENTS | BP62: PAYMENTS | BQ62: GOODS AND SERVICES | BR62: TRAVEL AND SUBSISTENCE | BS62: T&S DOMESTIC | BT62: T&S DOM:INCIDENTAL COST | BU62: T&S DOM:INCIDENTAL COST | BV62: 3373025 | BW62: EXPENDITURE | BX62: NON INFRASTRUCTURE | BY62: NON INFRASTRUCTURE: CURRENT | BZ62: NON INFRASTRUCTURE: CURRENT | CA62: NON INFRA/STAND ALONE: CUR | CC62: NON INFRA/STAND ALONE: CUR | CD62: 95025 | CE62: N | CF62: N | CG62: N | CH62: CURRENT PAYMENTS | CI62: GOODS AND SERVICES | CJ62: GOODS AND SERVICES | CK62: HEALTH | CL62: HEALTH N.E.C. | CM62: HLTH:HEALTH N.E.C.
A63: National Departments | B63: Vote 16: Health | C63: DEPARTMENTAL RESPONSIBILITIES | D63: NATIONAL DEPARTMENT OF HEALTH | E63: P3:HIV AIDS,TB, MAT & CHILD HLTH | F63: CHILD YOUTH AND SCHOOL HLTH | G63: CHILD YOUTH & SCHOOL HEALTH | L63: CHILD YOUTH & SCHOOL HEALTH | M63: 32275025 | N63: CURRENT | O63: 2015/2016 | P63: 150000 | Q63: 0 | R63: 0 | S63: 0 | T63: 0 | U63: 150000 | V63: 0 | W63: 110695.79 | X63: 39304.21 | Y63: REGIONAL IDENTIFIER | Z63: NAT FUNCTION:WHOLE COUNTRY DOM | AA63: NAT FUNCTION: WHOLE COUNTRY DOM | AE63: NAT FUNCTION: WHOLE COUNTRY DOM | AF63: 30001025 | AG63: EXPENDITURE:VOTED | AH63: DEPARTMENTAL APPROPRIATION | AI63: VOTED FUNDS DISCRETIONARY | AJ63: VOTED FUNDS | AM63: VOTED FUNDS | AN63: 341025 | AO63: DOH:HIV&AIDS, TB, MAT&CHILD HEAL | AP63: DOH:CHILD,YOUTH & SCHOOL HEALTH | AQ63: CHILD YOUTH & SCHOOL HLTH | AW63: CHILD YOUTH & SCHOOL HLTH | AX63: 30014025 | AY63: NON-ASSETS RELATED | AZ63: NON-ASSETS RELATED | BE63: NON-ASSETS RELATED | BF63: 235025 | BG63: NO PROJECTS | BH63: NO PROJECTS | BM63: NO PROJECTS | BN63: 4025 | BO63: PAYMENTS | BP63: PAYMENTS | BQ63: GOODS AND SERVICES | BR63: TRAVEL AND SUBSISTENCE | BS63: T&S DOMESTIC | BT63: T&S:DOM:TRANSPORT | BU63: T&S DOM:KM ALL(OWN TRANSPORT) | BV63: 3999025 | BW63: EXPENDITURE | BX63: NON INFRASTRUCTURE | BY63: NON INFRASTRUCTURE: CURRENT | BZ63: NON INFRASTRUCTURE: CURRENT | CA63: NON INFRA/STAND ALONE: CUR | CC63: NON INFRA/STAND ALONE: CUR | CD63: 95025 | CE63: N | CF63: N | CG63: N | CH63: CURRENT PAYMENTS | CI63: GOODS AND SERVICES | CJ63: GOODS AND SERVICES | CK63: HEALTH | CL63: HEALTH N.E.C. | CM63: HLTH:HEALTH N.E.C.
A64: National Departments | B64: Vote 16: Health | C64: DEPARTMENTAL RESPONSIBILITIES | D64: NATIONAL DEPARTMENT OF HEALTH | E64: P3:HIV AIDS,TB, MAT & CHILD HLTH | F64: CHILD YOUTH AND SCHOOL HLTH | G64: CHILD YOUTH & SCHOOL HEALTH | L64: CHILD YOUTH & SCHOOL HEALTH | M64: 32275025 | N64: CURRENT | O64: 2015/2016 | P64: 200000 | Q64: 0 | R64: 0 | S64: -80000 | T64: 0 | U64: 120000 | V64: 0 | W64: 76950 | X64: 43050 | Y64: REGIONAL IDENTIFIER | Z64: NAT FUNCTION:WHOLE COUNTRY DOM | AA64: NAT FUNCTION: WHOLE COUNTRY DOM | AE64: NAT FUNCTION: WHOLE COUNTRY DOM | AF64: 30001025 | AG64: EXPENDITURE:VOTED | AH64: DEPARTMENTAL APPROPRIATION | AI64: VOTED FUNDS DISCRETIONARY | AJ64: VOTED FUNDS | AM64: VOTED FUNDS | AN64: 341025 | AO64: DOH:HIV&AIDS, TB, MAT&CHILD HEAL | AP64: DOH:CHILD,YOUTH & SCHOOL HEALTH | AQ64: CHILD YOUTH & SCHOOL HLTH | AW64: CHILD YOUTH & SCHOOL HLTH | AX64: 30014025 | AY64: NON-ASSETS RELATED | AZ64: NON-ASSETS RELATED | BE64: NON-ASSETS RELATED | BF64: 235025 | BG64: NO PROJECTS | BH64: NO PROJECTS | BM64: NO PROJECTS | BN64: 4025 | BO64: PAYMENTS | BP64: PAYMENTS | BQ64: GOODS AND SERVICES | BR64: INV:MEDICAL SUPPLIES | BS64: INV MED:SURGICAL/MEDICAL SUPPLS | BT64: INV MED:SURGICL/MEDIC SUPPLS | BU64: INV MED:SURGICL/MEDIC SUPPLS | BV64: 2347025 | BW64: EXPENDITURE | BX64: NON INFRASTRUCTURE | BY64: NON INFRASTRUCTURE: CURRENT | BZ64: NON INFRASTRUCTURE: CURRENT | CA64: NON INFRA/STAND ALONE: CUR | CC64: NON INFRA/STAND ALONE: CUR | CD64: 95025 | CE64: N | CF64: N | CG64: N | CH64: CURRENT PAYMENTS | CI64: GOODS AND SERVICES | CJ64: GOODS AND SERVICES | CK64: HEALTH | CL64: HEALTH N.E.C. | CM64: HLTH:HEALTH N.E.C.
A65: National Departments | B65: Vote 16: Health | C65: DEPARTMENTAL RESPONSIBILITIES | D65: NATIONAL DEPARTMENT OF HEALTH | E65: P3:HIV AIDS,TB, MAT & CHILD HLTH | F65: CHILD YOUTH AND SCHOOL HLTH | G65: CHILD YOUTH & SCHOOL HEALTH | L65: CHILD YOUTH & SCHOOL HEALTH | M65: 32275025 | N65: CURRENT | O65: 2015/2016 | P65: 200000 | Q65: 0 | R65: 0 | S65: 0 | T65: 0 | U65: 200000 | V65: 0 | W65: 0 | X65: 200000 | Y65: REGIONAL IDENTIFIER | Z65: NAT FUNCTION:WHOLE COUNTRY DOM | AA65: NAT FUNCTION: WHOLE COUNTRY DOM | AE65: NAT FUNCTION: WHOLE COUNTRY DOM | AF65: 30001025 | AG65: EXPENDITURE:VOTED | AH65: DEPARTMENTAL APPROPRIATION | AI65: EARMARKED AND SPECIFIC FUNDS | AJ65: E & S FUNDS: NATIONAL | AK65: E&S/F:HEALTH | AL65: DOH:SPEC & EXCL APPROPRIATE | AM65: NHI GRANT:HPV VAC CO-ALL-IN-KIND | AN65: 853025 | AO65: DOH:HIV&AIDS, TB, MAT&CHILD HEAL | AP65: DOH:CHILD,YOUTH & SCHOOL HEALTH | AQ65: HPV VACCINE | AW65: HPV VACCINE | AX65: 30130025 | AY65: NON-ASSETS RELATED | AZ65: NON-ASSETS RELATED | BE65: NON-ASSETS RELATED | BF65: 235025 | BG65: NO PROJECTS | BH65: NO PROJECTS | BM65: NO PROJECTS | BN65: 4025 | BO65: PAYMENTS | BP65: PAYMENTS | BQ65: GOODS AND SERVICES | BR65: CONS:STA,PRINT&OFF SUP | BS65: CONS:SP&OS:PRNT CART | BT65: CONS:SP&OS:PRNT CART | BU65: CONS:SP&OS:PRNT CART | BV65: 2239025 | BW65: EXPENDITURE | BX65: NON INFRASTRUCTURE | BY65: NON INFRASTRUCTURE: CURRENT | BZ65: NON INFRASTRUCTURE: CURRENT | CA65: NON INFRA/STAND ALONE: CUR | CC65: NON INFRA/STAND ALONE: CUR | CD65: 95025 | CE65: N | CF65: N | CG65: N | CH65: CURRENT PAYMENTS | CI65: GOODS AND SERVICES | CJ65: GOODS AND SERVICES | CK65: HEALTH | CL65: HEALTH N.E.C. | CM65: HLTH:HEALTH N.E.C.
A66: National Departments | B66: Vote 16: Health | C66: DEPARTMENTAL RESPONSIBILITIES | D66: NATIONAL DEPARTMENT OF HEALTH | E66: P3:HIV AIDS,TB, MAT & CHILD HLTH | F66: CHILD YOUTH AND SCHOOL HLTH | G66: CHILD YOUTH & SCHOOL HEALTH | L66: CHILD YOUTH & SCHOOL HEALTH | M66: 32275025 | N66: CURRENT | O66: 2015/2016 | P66: 200000 | Q66: 0 | R66: 0 | S66: 0 | T66: 0 | U66: 200000 | V66: 0 | W66: 0 | X66: 200000 | Y66: REGIONAL IDENTIFIER | Z66: NAT FUNCTION:WHOLE COUNTRY DOM | AA66: NAT FUNCTION: WHOLE COUNTRY DOM | AE66: NAT FUNCTION: WHOLE COUNTRY DOM | AF66: 30001025 | AG66: EXPENDITURE:VOTED | AH66: DEPARTMENTAL APPROPRIATION | AI66: EARMARKED AND SPECIFIC FUNDS | AJ66: E & S FUNDS: NATIONAL | AK66: E&S/F:HEALTH | AL66: DOH:SPEC & EXCL APPROPRIATE | AM66: NHI GRANT:HPV VAC CO-ALL-IN-KIND | AN66: 853025 | AO66: DOH:HIV&AIDS, TB, MAT&CHILD HEAL | AP66: DOH:CHILD,YOUTH & SCHOOL HEALTH | AQ66: HPV VACCINE | AW66: HPV VACCINE | AX66: 30130025 | AY66: NON-ASSETS RELATED | AZ66: NON-ASSETS RELATED | BE66: NON-ASSETS RELATED | BF66: 235025 | BG66: NO PROJECTS | BH66: NO PROJECTS | BM66: NO PROJECTS | BN66: 4025 | BO66: PAYMENTS | BP66: PAYMENTS | BQ66: GOODS AND SERVICES | BR66: CONTRACTORS | BS66: CONTRCTRS:ARTISTS&PERFORMERS | BT66: CONTRCTRS:ARTISTS&PERFORMERS | BU66: CONTRCTRS:ARTISTS&PERFORMERS | BV66: 2593025 | BW66: EXPENDITURE | BX66: NON INFRASTRUCTURE | BY66: NON INFRASTRUCTURE: CURRENT | BZ66: NON INFRASTRUCTURE: CURRENT | CA66: NON INFRA/STAND ALONE: CUR | CC66: NON INFRA/STAND ALONE: CUR | CD66: 95025 | CE66: N | CF66: N | CG66: N | CH66: CURRENT PAYMENTS | CI66: GOODS AND SERVICES | CJ66: GOODS AND SERVICES | CK66: HEALTH | CL66: HEALTH N.E.C. | CM66: HLTH:HEALTH N.E.C.
A67: National Departments | B67: Vote 16: Health | C67: DEPARTMENTAL RESPONSIBILITIES | D67: NATIONAL DEPARTMENT OF HEALTH | E67: P3:HIV AIDS,TB, MAT & CHILD HLTH | F67: CHILD YOUTH AND SCHOOL HLTH | G67: CHILD YOUTH & SCHOOL HEALTH | L67: CHILD YOUTH & SCHOOL HEALTH | M67: 32275025 | N67: CURRENT | O67: 2015/2016 | P67: 200000 | Q67: 400000 | R67: 0 | S67: 220000 | T67: 0 | U67: 820000 | V67: 0 | W67: 416389.25 | X67: 403610.75 | Y67: REGIONAL IDENTIFIER | Z67: NAT FUNCTION:WHOLE COUNTRY DOM | AA67: NAT FUNCTION: WHOLE COUNTRY DOM | AE67: NAT FUNCTION: WHOLE COUNTRY DOM | AF67: 30001025 | AG67: EXPENDITURE:VOTED | AH67: DEPARTMENTAL APPROPRIATION | AI67: VOTED FUNDS DISCRETIONARY | AJ67: VOTED FUNDS | AM67: VOTED FUNDS | AN67: 341025 | AO67: DOH:HIV&AIDS, TB, MAT&CHILD HEAL | AP67: DOH:CHILD,YOUTH & SCHOOL HEALTH | AQ67: CHILD YOUTH & SCHOOL HLTH | AW67: CHILD YOUTH & SCHOOL HLTH | AX67: 30014025 | AY67: NON-ASSETS RELATED | AZ67: NON-ASSETS RELATED | BE67: NON-ASSETS RELATED | BF67: 235025 | BG67: NO PROJECTS | BH67: NO PROJECTS | BM67: NO PROJECTS | BN67: 4025 | BO67: PAYMENTS | BP67: PAYMENTS | BQ67: GOODS AND SERVICES | BR67: OPERATING PAYMENTS | BS67: O/P:COURIER & DELIVERY SERVS | BT67: O/P:COURIER & DELIVERY SERVS | BU67: O/P:COURIER & DELIVERY SERVS | BV67: 2138025 | BW67: EXPENDITURE | BX67: NON INFRASTRUCTURE | BY67: NON INFRASTRUCTURE: CURRENT | BZ67: NON INFRASTRUCTURE: CURRENT | CA67: NON INFRA/STAND ALONE: CUR | CC67: NON INFRA/STAND ALONE: CUR | CD67: 95025 | CE67: N | CF67: N | CG67: N | CH67: CURRENT PAYMENTS | CI67: GOODS AND SERVICES | CJ67: GOODS AND SERVICES | CK67: HEALTH | CL67: HEALTH N.E.C. | CM67: HLTH:HEALTH N.E.C.
A68: National Departments | B68: Vote 16: Health | C68: DEPARTMENTAL RESPONSIBILITIES | D68: NATIONAL DEPARTMENT OF HEALTH | E68: P3:HIV AIDS,TB, MAT & CHILD HLTH | F68: CHILD YOUTH AND SCHOOL HLTH | G68: CHILD YOUTH & SCHOOL HEALTH | L68: CHILD YOUTH & SCHOOL HEALTH | M68: 32275025 | N68: CURRENT | O68: 2015/2016 | P68: 204000 | Q68: 0 | R68: 0 | S68: 0 | T68: 0 | U68: 204000 | V68: 0 | W68: 161710.35 | X68: 42289.65 | Y68: REGIONAL IDENTIFIER | Z68: NAT FUNCTION:WHOLE COUNTRY DOM | AA68: NAT FUNCTION: WHOLE COUNTRY DOM | AE68: NAT FUNCTION: WHOLE COUNTRY DOM | AF68: 30001025 | AG68: EXPENDITURE:VOTED | AH68: DEPARTMENTAL APPROPRIATION | AI68: VOTED FUNDS DISCRETIONARY | AJ68: VOTED FUNDS | AM68: VOTED FUNDS | AN68: 341025 | AO68: DOH:HIV&AIDS, TB, MAT&CHILD HEAL | AP68: DOH:CHILD,YOUTH & SCHOOL HEALTH | AQ68: CHILD YOUTH & SCHOOL HLTH | AW68: CHILD YOUTH & SCHOOL HLTH | AX68: 30014025 | AY68: NON-ASSETS RELATED | AZ68: NON-ASSETS RELATED | BE68: NON-ASSETS RELATED | BF68: 235025 | BG68: NO PROJECTS | BH68: NO PROJECTS | BM68: NO PROJECTS | BN68: 4025 | BO68: PAYMENTS | BP68: PAYMENTS | BQ68: COMPENSATION OF EMPLOYEES | BR68: SALARIES AND WAGES | BS68: SALARIES & WAGES:RESIDENTS | BT68: SAL&WAGES:NON PENSIONABLE(RES) | BU68: S&W:PERFORMANCE BONUS (RES) | BV68: 4158025 | BW68: EXPENDITURE | BX68: NON INFRASTRUCTURE | BY68: NON INFRASTRUCTURE: CURRENT | BZ68: NON INFRASTRUCTURE: CURRENT | CA68: NON INFRA/STAND ALONE: CUR | CC68: NON INFRA/STAND ALONE: CUR | CD68: 95025 | CE68: N | CF68: N | CG68: N | CH68: CURRENT PAYMENTS | CI68: COMPENSATION OF EMPLOYEES | CJ68: COMPENSATION OF EMPLOYEES | CK68: HEALTH | CL68: HEALTH N.E.C. | CM68: HLTH:HEALTH N.E.C.
A69: National Departments | B69: Vote 16: Health | C69: DEPARTMENTAL RESPONSIBILITIES | D69: NATIONAL DEPARTMENT OF HEALTH | E69: P3:HIV AIDS,TB, MAT & CHILD HLTH | F69: CHILD YOUTH AND SCHOOL HLTH | G69: CHILD YOUTH & SCHOOL HEALTH | L69: CHILD YOUTH & SCHOOL HEALTH | M69: 32275025 | N69: CURRENT | O69: 2015/2016 | P69: 220000 | Q69: 0 | R69: 0 | S69: 0 | T69: 0 | U69: 220000 | V69: 0 | W69: 0 | X69: 220000 | Y69: REGIONAL IDENTIFIER | Z69: NAT FUNCTION:WHOLE COUNTRY DOM | AA69: NAT FUNCTION: WHOLE COUNTRY DOM | AE69: NAT FUNCTION: WHOLE COUNTRY DOM | AF69: 30001025 | AG69: EXPENDITURE:VOTED | AH69: DEPARTMENTAL APPROPRIATION | AI69: EARMARKED AND SPECIFIC FUNDS | AJ69: E & S FUNDS: NATIONAL | AK69: E&S/F:HEALTH | AL69: DOH:SPEC & EXCL APPROPRIATE | AM69: NHI GRANT:HPV VAC CO-ALL-IN-KIND | AN69: 853025 | AO69: DOH:HIV&AIDS, TB, MAT&CHILD HEAL | AP69: DOH:CHILD,YOUTH & SCHOOL HEALTH | AQ69: HPV VACCINE | AW69: HPV VACCINE | AX69: 30130025 | AY69: NON-ASSETS RELATED | AZ69: NON-ASSETS RELATED | BE69: NON-ASSETS RELATED | BF69: 235025 | BG69: NO PROJECTS | BH69: NO PROJECTS | BM69: NO PROJECTS | BN69: 4025 | BO69: PAYMENTS | BP69: PAYMENTS | BQ69: GOODS AND SERVICES | BR69: TRAVEL AND SUBSISTENCE | BS69: T&S DOMESTIC | BT69: T&S:DOM:DAILY ALLOWANCE | BU69: T&S DOM:SPECIAL DAILY ALLOW | BV69: 4003025 | BW69: EXPENDITURE | BX69: NON INFRASTRUCTURE | BY69: NON INFRASTRUCTURE: CURRENT | BZ69: NON INFRASTRUCTURE: CURRENT | CA69: NON INFRA/STAND ALONE: CUR | CC69: NON INFRA/STAND ALONE: CUR | CD69: 95025 | CE69: N | CF69: N | CG69: N | CH69: CURRENT PAYMENTS | CI69: GOODS AND SERVICES | CJ69: GOODS AND SERVICES | CK69: HEALTH | CL69: HEALTH N.E.C. | CM69: HLTH:HEALTH N.E.C.
A70: National Departments | B70: Vote 16: Health | C70: DEPARTMENTAL RESPONSIBILITIES | D70: NATIONAL DEPARTMENT OF HEALTH | E70: P3:HIV AIDS,TB, MAT & CHILD HLTH | F70: CHILD YOUTH AND SCHOOL HLTH | G70: CHILD YOUTH & SCHOOL HEALTH | L70: CHILD YOUTH & SCHOOL HEALTH | M70: 32275025 | N70: CURRENT | O70: 2015/2016 | P70: 250000 | Q70: 0 | R70: 0 | S70: 0 | T70: 0 | U70: 250000 | V70: 0 | W70: 0 | X70: 250000 | Y70: REGIONAL IDENTIFIER | Z70: NAT FUNCTION:WHOLE COUNTRY DOM | AA70: NAT FUNCTION: WHOLE COUNTRY DOM | AE70: NAT FUNCTION: WHOLE COUNTRY DOM | AF70: 30001025 | AG70: EXPENDITURE:VOTED | AH70: DEPARTMENTAL APPROPRIATION | AI70: EARMARKED AND SPECIFIC FUNDS | AJ70: E & S FUNDS: NATIONAL | AK70: E&S/F:HEALTH | AL70: DOH:SPEC & EXCL APPROPRIATE | AM70: NHI GRANT:HPV VAC CO-ALL-IN-KIND | AN70: 853025 | AO70: DOH:HIV&AIDS, TB, MAT&CHILD HEAL | AP70: DOH:CHILD,YOUTH & SCHOOL HEALTH | AQ70: HPV VACCINE | AW70: HPV VACCINE | AX70: 30130025 | AY70: MINOR ASSETS | AZ70: TANGIBLE MINOR ASSETS | BA70: MACHINERY & EQUIPMENT <R5000 | BB70: MACHINERY&EQUIPMENT<R5000 | BC70: OTHER:MACHINERY & EQP<R5000 | BD70: FURNITURE&OFFICE EQP<R5000 | BE70: EQP<R5000: OFFICE FURNITURE | BF70: 30037025 | BG70: NO PROJECTS | BH70: NO PROJECTS | BM70: NO PROJECTS | BN70: 4025 | BO70: PAYMENTS | BP70: PAYMENTS | BQ70: GOODS AND SERVICES | BR70: MINOR ASSETS | BS70: MACHINERY & EQUIPMENT<R5000 | BT70: EQP<R5000:FURNITURE&OFFICE EQUIP | BU70: F&O/EQP<R5000:OFFICE FURN | BV70: 4121025 | BW70: EXPENDITURE | BX70: NON INFRASTRUCTURE | BY70: NON INFRASTRUCTURE: CURRENT | BZ70: NON INFRASTRUCTURE: CURRENT | CA70: NON INFRA/STAND ALONE: CUR | CC70: NON INFRA/STAND ALONE: CUR | CD70: 95025 | CE70: N | CF70: N | CG70: N | CH70: CURRENT PAYMENTS | CI70: GOODS AND SERVICES | CJ70: GOODS AND SERVICES | CK70: HEALTH | CL70: HEALTH N.E.C. | CM70: HLTH:HEALTH N.E.C.
A71: National Departments | B71: Vote 16: Health | C71: DEPARTMENTAL RESPONSIBILITIES | D71: NATIONAL DEPARTMENT OF HEALTH | E71: P3:HIV AIDS,TB, MAT & CHILD HLTH | F71: CHILD YOUTH AND SCHOOL HLTH | G71: CHILD YOUTH & SCHOOL HEALTH | L71: CHILD YOUTH & SCHOOL HEALTH | M71: 32275025 | N71: CURRENT | O71: 2015/2016 | P71: 260000 | Q71: 0 | R71: 0 | S71: 0 | T71: 0 | U71: 260000 | V71: 0 | W71: 0 | X71: 260000 | Y71: REGIONAL IDENTIFIER | Z71: NAT FUNCTION:WHOLE COUNTRY DOM | AA71: NAT FUNCTION: WHOLE COUNTRY DOM | AE71: NAT FUNCTION: WHOLE COUNTRY DOM | AF71: 30001025 | AG71: EXPENDITURE:VOTED | AH71: DEPARTMENTAL APPROPRIATION | AI71: VOTED FUNDS DISCRETIONARY | AJ71: VOTED FUNDS | AM71: VOTED FUNDS | AN71: 341025 | AO71: DOH:HIV&AIDS, TB, MAT&CHILD HEAL | AP71: DOH:CHILD,YOUTH & SCHOOL HEALTH | AQ71: CHILD YOUTH & SCHOOL HLTH | AW71: CHILD YOUTH & SCHOOL HLTH | AX71: 30014025 | AY71: NON-ASSETS RELATED | AZ71: NON-ASSETS RELATED | BE71: NON-ASSETS RELATED | BF71: 235025 | BG71: NO PROJECTS | BH71: NO PROJECTS | BM71: NO PROJECTS | BN71: 4025 | BO71: PAYMENTS | BP71: PAYMENTS | BQ71: COMPENSATION OF EMPLOYEES | BR71: SALARIES AND WAGES | BS71: SALARIES & WAGES:RESIDENTS | BT71: SAL&WAGES:NON PENSIONABLE(RES) | BU71: S&W:LEAVE DISCOUNTING (RES) | BV71: 4161025 | BW71: EXPENDITURE | BX71: NON INFRASTRUCTURE | BY71: NON INFRASTRUCTURE: CURRENT | BZ71: NON INFRASTRUCTURE: CURRENT | CA71: NON INFRA/STAND ALONE: CUR | CC71: NON INFRA/STAND ALONE: CUR | CD71: 95025 | CE71: N | CF71: N | CG71: N | CH71: CURRENT PAYMENTS | CI71: COMPENSATION OF EMPLOYEES | CJ71: COMPENSATION OF EMPLOYEES | CK71: HEALTH | CL71: HEALTH N.E.C. | CM71: HLTH:HEALTH N.E.C.
A72: National Departments | B72: Vote 16: Health | C72: DEPARTMENTAL RESPONSIBILITIES | D72: NATIONAL DEPARTMENT OF HEALTH | E72: P3:HIV AIDS,TB, MAT & CHILD HLTH | F72: CHILD YOUTH AND SCHOOL HLTH | G72: CHILD YOUTH & SCHOOL HEALTH | L72: CHILD YOUTH & SCHOOL HEALTH | M72: 32275025 | N72: CURRENT | O72: 2015/2016 | P72: 300000 | Q72: 0 | R72: 0 | S72: 0 | T72: 0 | U72: 300000 | V72: 0 | W72: 0 | X72: 300000 | Y72: REGIONAL IDENTIFIER | Z72: NAT FUNCTION:WHOLE COUNTRY DOM | AA72: NAT FUNCTION: WHOLE COUNTRY DOM | AE72: NAT FUNCTION: WHOLE COUNTRY DOM | AF72: 30001025 | AG72: EXPENDITURE:VOTED | AH72: DEPARTMENTAL APPROPRIATION | AI72: VOTED FUNDS DISCRETIONARY | AJ72: VOTED FUNDS | AM72: VOTED FUNDS | AN72: 341025 | AO72: DOH:HIV&AIDS, TB, MAT&CHILD HEAL | AP72: DOH:CHILD,YOUTH & SCHOOL HEALTH | AQ72: CHILD YOUTH & SCHOOL HLTH | AW72: CHILD YOUTH & SCHOOL HLTH | AX72: 30014025 | AY72: NON-ASSETS RELATED | AZ72: NON-ASSETS RELATED | BE72: NON-ASSETS RELATED | BF72: 235025 | BG72: NO PROJECTS | BH72: NO PROJECTS | BM72: NO PROJECTS | BN72: 4025 | BO72: PAYMENTS | BP72: PAYMENTS | BQ72: GOODS AND SERVICES | BR72: CONS:STA,PRINT&OFF SUP | BS72: CONS:SP&OS:GOV PRIN | BT72: CONS:SP&OS:GOV PRIN | BU72: CONS:SP&OS:GOV PRIN | BV72: 2249025 | BW72: EXPENDITURE | BX72: NON INFRASTRUCTURE | BY72: NON INFRASTRUCTURE: CURRENT | BZ72: NON INFRASTRUCTURE: CURRENT | CA72: NON INFRA/STAND ALONE: CUR | CC72: NON INFRA/STAND ALONE: CUR | CD72: 95025 | CE72: N | CF72: N | CG72: N | CH72: CURRENT PAYMENTS | CI72: GOODS AND SERVICES | CJ72: GOODS AND SERVICES | CK72: HEALTH | CL72: HEALTH N.E.C. | CM72: HLTH:HEALTH N.E.C.
A73: National Departments | B73: Vote 16: Health | C73: DEPARTMENTAL RESPONSIBILITIES | D73: NATIONAL DEPARTMENT OF HEALTH | E73: P3:HIV AIDS,TB, MAT & CHILD HLTH | F73: CHILD YOUTH AND SCHOOL HLTH | G73: CHILD YOUTH & SCHOOL HEALTH | L73: CHILD YOUTH & SCHOOL HEALTH | M73: 32275025 | N73: CURRENT | O73: 2015/2016 | P73: 300000 | Q73: 0 | R73: 0 | S73: 160000 | T73: 0 | U73: 460000 | V73: 0 | W73: 404868.65 | X73: 55131.35 | Y73: REGIONAL IDENTIFIER | Z73: NAT FUNCTION:WHOLE COUNTRY DOM | AA73: NAT FUNCTION: WHOLE COUNTRY DOM | AE73: NAT FUNCTION: WHOLE COUNTRY DOM | AF73: 30001025 | AG73: EXPENDITURE:VOTED | AH73: DEPARTMENTAL APPROPRIATION | AI73: VOTED FUNDS DISCRETIONARY | AJ73: VOTED FUNDS | AM73: VOTED FUNDS | AN73: 341025 | AO73: DOH:HIV&AIDS, TB, MAT&CHILD HEAL | AP73: DOH:CHILD,YOUTH & SCHOOL HEALTH | AQ73: CHILD YOUTH & SCHOOL HLTH | AW73: CHILD YOUTH & SCHOOL HLTH | AX73: 30014025 | AY73: NON-ASSETS RELATED | AZ73: NON-ASSETS RELATED | BE73: NON-ASSETS RELATED | BF73: 235025 | BG73: NO PROJECTS | BH73: NO PROJECTS | BM73: NO PROJECTS | BN73: 4025 | BO73: PAYMENTS | BP73: PAYMENTS | BQ73: GOODS AND SERVICES | BR73: TRAVEL AND SUBSISTENCE | BS73: T&S DOMESTIC: NON EMLOYEES | BT73: T&S:DOM NON EMPL:TRANSPORT | BU73: T&S:DOM NON EMPL:TRANSPORT | BV73: 3357025 | BW73: EXPENDITURE | BX73: NON INFRASTRUCTURE | BY73: NON INFRASTRUCTURE: CURRENT | BZ73: NON INFRASTRUCTURE: CURRENT | CA73: NON INFRA/STAND ALONE: CUR | CC73: NON INFRA/STAND ALONE: CUR | CD73: 95025 | CE73: N | CF73: N | CG73: N | CH73: CURRENT PAYMENTS | CI73: GOODS AND SERVICES | CJ73: GOODS AND SERVICES | CK73: HEALTH | CL73: HEALTH N.E.C. | CM73: HLTH:HEALTH N.E.C.
A74: National Departments | B74: Vote 16: Health | C74: DEPARTMENTAL RESPONSIBILITIES | D74: NATIONAL DEPARTMENT OF HEALTH | E74: P3:HIV AIDS,TB, MAT & CHILD HLTH | F74: CHILD YOUTH AND SCHOOL HLTH | G74: CHILD YOUTH & SCHOOL HEALTH | L74: CHILD YOUTH & SCHOOL HEALTH | M74: 32275025 | N74: CURRENT | O74: 2015/2016 | P74: 360000 | Q74: 0 | R74: 0 | S74: 0 | T74: 0 | U74: 360000 | V74: 0 | W74: 328461 | X74: 31539 | Y74: REGIONAL IDENTIFIER | Z74: NAT FUNCTION:WHOLE COUNTRY DOM | AA74: NAT FUNCTION: WHOLE COUNTRY DOM | AE74: NAT FUNCTION: WHOLE COUNTRY DOM | AF74: 30001025 | AG74: EXPENDITURE:VOTED | AH74: DEPARTMENTAL APPROPRIATION | AI74: VOTED FUNDS DISCRETIONARY | AJ74: VOTED FUNDS | AM74: VOTED FUNDS | AN74: 341025 | AO74: DOH:HIV&AIDS, TB, MAT&CHILD HEAL | AP74: DOH:CHILD,YOUTH & SCHOOL HEALTH | AQ74: CHILD YOUTH & SCHOOL HLTH | AW74: CHILD YOUTH & SCHOOL HLTH | AX74: 30014025 | AY74: NON-ASSETS RELATED | AZ74: NON-ASSETS RELATED | BE74: NON-ASSETS RELATED | BF74: 235025 | BG74: NO PROJECTS | BH74: NO PROJECTS | BM74: NO PROJECTS | BN74: 4025 | BO74: PAYMENTS | BP74: PAYMENTS | BQ74: COMPENSATION OF EMPLOYEES | BR74: SALARIES AND WAGES | BS74: SALARIES & WAGES:RESIDENTS | BT74: SAL&WAGES:NON PENSIONABLE(RES) | BU74: S&W:HOUSING ALLOWANCE (RES) | BV74: 4155025 | BW74: EXPENDITURE | BX74: NON INFRASTRUCTURE | BY74: NON INFRASTRUCTURE: CURRENT | BZ74: NON INFRASTRUCTURE: CURRENT | CA74: NON INFRA/STAND ALONE: CUR | CC74: NON INFRA/STAND ALONE: CUR | CD74: 95025 | CE74: N | CF74: N | CG74: N | CH74: CURRENT PAYMENTS | CI74: COMPENSATION OF EMPLOYEES | CJ74: COMPENSATION OF EMPLOYEES | CK74: HEALTH | CL74: HEALTH N.E.C. | CM74: HLTH:HEALTH N.E.C.
A75: National Departments | B75: Vote 16: Health | C75: DEPARTMENTAL RESPONSIBILITIES | D75: NATIONAL DEPARTMENT OF HEALTH | E75: P3:HIV AIDS,TB, MAT & CHILD HLTH | F75: CHILD YOUTH AND SCHOOL HLTH | G75: CHILD YOUTH & SCHOOL HEALTH | L75: CHILD YOUTH & SCHOOL HEALTH | M75: 32275025 | N75: CURRENT | O75: 2015/2016 | P75: 390000 | Q75: 0 | R75: 0 | S75: 0 | T75: 0 | U75: 390000 | V75: 0 | W75: 0 | X75: 390000 | Y75: REGIONAL IDENTIFIER | Z75: NAT FUNCTION:WHOLE COUNTRY DOM | AA75: NAT FUNCTION: WHOLE COUNTRY DOM | AE75: NAT FUNCTION: WHOLE COUNTRY DOM | AF75: 30001025 | AG75: EXPENDITURE:VOTED | AH75: DEPARTMENTAL APPROPRIATION | AI75: VOTED FUNDS DISCRETIONARY | AJ75: VOTED FUNDS | AM75: VOTED FUNDS | AN75: 341025 | AO75: DOH:HIV&AIDS, TB, MAT&CHILD HEAL | AP75: DOH:CHILD,YOUTH & SCHOOL HEALTH | AQ75: CHILD YOUTH & SCHOOL HLTH | AW75: CHILD YOUTH & SCHOOL HLTH | AX75: 30014025 | AY75: NON-ASSETS RELATED | AZ75: NON-ASSETS RELATED | BE75: NON-ASSETS RELATED | BF75: 235025 | BG75: NO PROJECTS | BH75: NO PROJECTS | BM75: NO PROJECTS | BN75: 4025 | BO75: PAYMENTS | BP75: PAYMENTS | BQ75: COMPENSATION OF EMPLOYEES | BR75: SALARIES AND WAGES | BS75: SALARIES & WAGES:RESIDENTS | BT75: SAL&WAGES:NON PENSIONABLE(RES) | BU75: S&W: CAPITAL REMUNERATION (RES) | BV75: 4154025 | BW75: EXPENDITURE | BX75: NON INFRASTRUCTURE | BY75: NON INFRASTRUCTURE: CURRENT | BZ75: NON INFRASTRUCTURE: CURRENT | CA75: NON INFRA/STAND ALONE: CUR | CC75: NON INFRA/STAND ALONE: CUR | CD75: 95025 | CE75: N | CF75: N | CG75: N | CH75: CURRENT PAYMENTS | CI75: COMPENSATION OF EMPLOYEES | CJ75: COMPENSATION OF EMPLOYEES | CK75: HEALTH | CL75: HEALTH N.E.C. | CM75: HLTH:HEALTH N.E.C.
A76: National Departments | B76: Vote 16: Health | C76: DEPARTMENTAL RESPONSIBILITIES | D76: NATIONAL DEPARTMENT OF HEALTH | E76: P3:HIV AIDS,TB, MAT & CHILD HLTH | F76: CHILD YOUTH AND SCHOOL HLTH | G76: CHILD YOUTH & SCHOOL HEALTH | L76: CHILD YOUTH & SCHOOL HEALTH | M76: 32275025 | N76: CURRENT | O76: 2015/2016 | P76: 450000 | Q76: 0 | R76: 0 | S76: 0 | T76: 0 | U76: 450000 | V76: 0 | W76: 0 | X76: 450000 | Y76: REGIONAL IDENTIFIER | Z76: NAT FUNCTION:WHOLE COUNTRY DOM | AA76: NAT FUNCTION: WHOLE COUNTRY DOM | AE76: NAT FUNCTION: WHOLE COUNTRY DOM | AF76: 30001025 | AG76: EXPENDITURE:VOTED | AH76: DEPARTMENTAL APPROPRIATION | AI76: EARMARKED AND SPECIFIC FUNDS | AJ76: E & S FUNDS: NATIONAL | AK76: E&S/F:HEALTH | AL76: DOH:SPEC & EXCL APPROPRIATE | AM76: NHI GRANT:HPV VAC CO-ALL-IN-KIND | AN76: 853025 | AO76: DOH:HIV&AIDS, TB, MAT&CHILD HEAL | AP76: DOH:CHILD,YOUTH & SCHOOL HEALTH | AQ76: HPV VACCINE | AW76: HPV VACCINE | AX76: 30130025 | AY76: NON-ASSETS RELATED | AZ76: NON-ASSETS RELATED | BE76: NON-ASSETS RELATED | BF76: 235025 | BG76: NO PROJECTS | BH76: NO PROJECTS | BM76: NO PROJECTS | BN76: 4025 | BO76: PAYMENTS | BP76: PAYMENTS | BQ76: GOODS AND SERVICES | BR76: TRAVEL AND SUBSISTENCE | BS76: T&S DOMESTIC | BT76: T&S:DOM:TRANSPORT | BU76: T&S DOM:KM ALL(OWN TRANSPORT) | BV76: 3999025 | BW76: EXPENDITURE | BX76: NON INFRASTRUCTURE | BY76: NON INFRASTRUCTURE: CURRENT | BZ76: NON INFRASTRUCTURE: CURRENT | CA76: NON INFRA/STAND ALONE: CUR | CC76: NON INFRA/STAND ALONE: CUR | CD76: 95025 | CE76: N | CF76: N | CG76: N | CH76: CURRENT PAYMENTS | CI76: GOODS AND SERVICES | CJ76: GOODS AND SERVICES | CK76: HEALTH | CL76: HEALTH N.E.C. | CM76: HLTH:HEALTH N.E.C.
A77: National Departments | B77: Vote 16: Health | C77: DEPARTMENTAL RESPONSIBILITIES | D77: NATIONAL DEPARTMENT OF HEALTH | E77: P3:HIV AIDS,TB, MAT & CHILD HLTH | F77: CHILD YOUTH AND SCHOOL HLTH | G77: CHILD YOUTH & SCHOOL HEALTH | L77: CHILD YOUTH & SCHOOL HEALTH | M77: 32275025 | N77: CURRENT | O77: 2015/2016 | P77: 450000 | Q77: 0 | R77: 0 | S77: 0 | T77: 0 | U77: 450000 | V77: 0 | W77: 386998.26 | X77: 63001.74 | Y77: REGIONAL IDENTIFIER | Z77: NAT FUNCTION:WHOLE COUNTRY DOM | AA77: NAT FUNCTION: WHOLE COUNTRY DOM | AE77: NAT FUNCTION: WHOLE COUNTRY DOM | AF77: 30001025 | AG77: EXPENDITURE:VOTED | AH77: DEPARTMENTAL APPROPRIATION | AI77: VOTED FUNDS DISCRETIONARY | AJ77: VOTED FUNDS | AM77: VOTED FUNDS | AN77: 341025 | AO77: DOH:HIV&AIDS, TB, MAT&CHILD HEAL | AP77: DOH:CHILD,YOUTH & SCHOOL HEALTH | AQ77: CHILD YOUTH & SCHOOL HLTH | AW77: CHILD YOUTH & SCHOOL HLTH | AX77: 30014025 | AY77: NON-ASSETS RELATED | AZ77: NON-ASSETS RELATED | BE77: NON-ASSETS RELATED | BF77: 235025 | BG77: NO PROJECTS | BH77: NO PROJECTS | BM77: NO PROJECTS | BN77: 4025 | BO77: PAYMENTS | BP77: PAYMENTS | BQ77: GOODS AND SERVICES | BR77: FLEET SERVICES(F/SER) | BS77: FLEET SERVICES | BT77: F/SER: KILOMETERS | BU77: F/SER: KILOMETERS | BV77: 3498025 | BW77: EXPENDITURE | BX77: NON INFRASTRUCTURE | BY77: NON INFRASTRUCTURE: CURRENT | BZ77: NON INFRASTRUCTURE: CURRENT | CA77: NON INFRA/STAND ALONE: CUR | CC77: NON INFRA/STAND ALONE: CUR | CD77: 95025 | CE77: N | CF77: N | CG77: N | CH77: CURRENT PAYMENTS | CI77: GOODS AND SERVICES | CJ77: GOODS AND SERVICES | CK77: HEALTH | CL77: HEALTH N.E.C. | CM77: HLTH:HEALTH N.E.C.
A78: National Departments | B78: Vote 16: Health | C78: DEPARTMENTAL RESPONSIBILITIES | D78: NATIONAL DEPARTMENT OF HEALTH | E78: P3:HIV AIDS,TB, MAT & CHILD HLTH | F78: CHILD YOUTH AND SCHOOL HLTH | G78: CHILD YOUTH & SCHOOL HEALTH | L78: CHILD YOUTH & SCHOOL HEALTH | M78: 32275025 | N78: CURRENT | O78: 2015/2016 | P78: 500000 | Q78: 0 | R78: 0 | S78: -300000 | T78: 0 | U78: 200000 | V78: 0 | W78: 0 | X78: 200000 | Y78: REGIONAL IDENTIFIER | Z78: NAT FUNCTION:WHOLE COUNTRY DOM | AA78: NAT FUNCTION: WHOLE COUNTRY DOM | AE78: NAT FUNCTION: WHOLE COUNTRY DOM | AF78: 30001025 | AG78: EXPENDITURE:VOTED | AH78: DEPARTMENTAL APPROPRIATION | AI78: EARMARKED AND SPECIFIC FUNDS | AJ78: E & S FUNDS: NATIONAL | AK78: E&S/F:HEALTH | AL78: DOH:SPEC & EXCL APPROPRIATE | AM78: NHI GRANT:HPV VAC CO-ALL-IN-KIND | AN78: 853025 | AO78: DOH:HIV&AIDS, TB, MAT&CHILD HEAL | AP78: DOH:CHILD,YOUTH & SCHOOL HEALTH | AQ78: HPV VACCINE | AW78: HPV VACCINE | AX78: 30130025 | AY78: NON-ASSETS RELATED | AZ78: NON-ASSETS RELATED | BE78: NON-ASSETS RELATED | BF78: 235025 | BG78: NO PROJECTS | BH78: NO PROJECTS | BM78: NO PROJECTS | BN78: 4025 | BO78: PAYMENTS | BP78: PAYMENTS | BQ78: GOODS AND SERVICES | BR78: INV: MEDICINE | BS78: INV MEDI:TABLTS,CAPSULS&LOZENGS | BT78: INV MEDI:TABS,CAPSLS&LOZENGS | BU78: INV MEDI:TABS,CAPSLS&LOZENGS | BV78: 2325025 | BW78: EXPENDITURE | BX78: NON INFRASTRUCTURE | BY78: NON INFRASTRUCTURE: CURRENT | BZ78: NON INFRASTRUCTURE: CURRENT | CA78: NON INFRA/STAND ALONE: CUR | CC78: NON INFRA/STAND ALONE: CUR | CD78: 95025 | CE78: N | CF78: N | CG78: N | CH78: CURRENT PAYMENTS | CI78: GOODS AND SERVICES | CJ78: GOODS AND SERVICES | CK78: HEALTH | CL78: HEALTH N.E.C. | CM78: HLTH:HEALTH N.E.C.
A79: National Departments | B79: Vote 16: Health | C79: DEPARTMENTAL RESPONSIBILITIES | D79: NATIONAL DEPARTMENT OF HEALTH | E79: P3:HIV AIDS,TB, MAT & CHILD HLTH | F79: CHILD YOUTH AND SCHOOL HLTH | G79: CHILD YOUTH & SCHOOL HEALTH | L79: CHILD YOUTH & SCHOOL HEALTH | M79: 32275025 | N79: CURRENT | O79: 2015/2016 | P79: 500000 | Q79: 0 | R79: 0 | S79: -200000 | T79: 0 | U79: 300000 | V79: 0 | W79: 0 | X79: 300000 | Y79: REGIONAL IDENTIFIER | Z79: NAT FUNCTION:WHOLE COUNTRY DOM | AA79: NAT FUNCTION: WHOLE COUNTRY DOM | AE79: NAT FUNCTION: WHOLE COUNTRY DOM | AF79: 30001025 | AG79: EXPENDITURE:VOTED | AH79: DEPARTMENTAL APPROPRIATION | AI79: EARMARKED AND SPECIFIC FUNDS | AJ79: E & S FUNDS: NATIONAL | AK79: E&S/F:HEALTH | AL79: DOH:SPEC & EXCL APPROPRIATE | AM79: NHI GRANT:HPV VAC CO-ALL-IN-KIND | AN79: 853025 | AO79: DOH:HIV&AIDS, TB, MAT&CHILD HEAL | AP79: DOH:CHILD,YOUTH & SCHOOL HEALTH | AQ79: HPV VACCINE | AW79: HPV VACCINE | AX79: 30130025 | AY79: NON-ASSETS RELATED | AZ79: NON-ASSETS RELATED | BE79: NON-ASSETS RELATED | BF79: 235025 | BG79: NO PROJECTS | BH79: NO PROJECTS | BM79: NO PROJECTS | BN79: 4025 | BO79: PAYMENTS | BP79: PAYMENTS | BQ79: GOODS AND SERVICES | BR79: CONS:STA,PRINT&OFF SUP | BS79: CONS:SP&OS:STATIONERY | BT79: CONS:SP&OS:STATIONERY | BU79: CONS:SP&OS:STATIONERY | BV79: 2245025 | BW79: EXPENDITURE | BX79: NON INFRASTRUCTURE | BY79: NON INFRASTRUCTURE: CURRENT | BZ79: NON INFRASTRUCTURE: CURRENT | CA79: NON INFRA/STAND ALONE: CUR | CC79: NON INFRA/STAND ALONE: CUR | CD79: 95025 | CE79: N | CF79: N | CG79: N | CH79: CURRENT PAYMENTS | CI79: GOODS AND SERVICES | CJ79: GOODS AND SERVICES | CK79: HEALTH | CL79: HEALTH N.E.C. | CM79: HLTH:HEALTH N.E.C.
A80: National Departments | B80: Vote 16: Health | C80: DEPARTMENTAL RESPONSIBILITIES | D80: NATIONAL DEPARTMENT OF HEALTH | E80: P3:HIV AIDS,TB, MAT & CHILD HLTH | F80: CHILD YOUTH AND SCHOOL HLTH | G80: CHILD YOUTH & SCHOOL HEALTH | L80: CHILD YOUTH & SCHOOL HEALTH | M80: 32275025 | N80: CURRENT | O80: 2015/2016 | P80: 500000 | Q80: 0 | R80: 0 | S80: -50000 | T80: 0 | U80: 450000 | V80: 0 | W80: 1433.61 | X80: 448566.39 | Y80: REGIONAL IDENTIFIER | Z80: NAT FUNCTION:WHOLE COUNTRY DOM | AA80: NAT FUNCTION: WHOLE COUNTRY DOM | AE80: NAT FUNCTION: WHOLE COUNTRY DOM | AF80: 30001025 | AG80: EXPENDITURE:VOTED | AH80: DEPARTMENTAL APPROPRIATION | AI80: EARMARKED AND SPECIFIC FUNDS | AJ80: E & S FUNDS: NATIONAL | AK80: E&S/F:HEALTH | AL80: DOH:SPEC & EXCL APPROPRIATE | AM80: NHI GRANT:HPV VAC CO-ALL-IN-KIND | AN80: 853025 | AO80: DOH:HIV&AIDS, TB, MAT&CHILD HEAL | AP80: DOH:CHILD,YOUTH & SCHOOL HEALTH | AQ80: HPV VACCINE | AW80: HPV VACCINE | AX80: 30130025 | AY80: NON-ASSETS RELATED | AZ80: NON-ASSETS RELATED | BE80: NON-ASSETS RELATED | BF80: 235025 | BG80: NO PROJECTS | BH80: NO PROJECTS | BM80: NO PROJECTS | BN80: 4025 | BO80: PAYMENTS | BP80: PAYMENTS | BQ80: GOODS AND SERVICES | BR80: TRAVEL AND SUBSISTENCE | BS80: T&S FOREIGN: NON EMPL EMLOYEES | BT80: T&S FOR NON EMPL:ACCOMMODATION | BU80: T&S FOR NON EMPL:ACCOMMODATION | BV80: 3355025 | BW80: EXPENDITURE | BX80: NON INFRASTRUCTURE | BY80: NON INFRASTRUCTURE: CURRENT | BZ80: NON INFRASTRUCTURE: CURRENT | CA80: NON INFRA/STAND ALONE: CUR | CC80: NON INFRA/STAND ALONE: CUR | CD80: 95025 | CE80: N | CF80: N | CG80: N | CH80: CURRENT PAYMENTS | CI80: GOODS AND SERVICES | CJ80: GOODS AND SERVICES | CK80: HEALTH | CL80: HEALTH N.E.C. | CM80: HLTH:HEALTH N.E.C.
A81: National Departments | B81: Vote 16: Health | C81: DEPARTMENTAL RESPONSIBILITIES | D81: NATIONAL DEPARTMENT OF HEALTH | E81: P3:HIV AIDS,TB, MAT & CHILD HLTH | F81: CHILD YOUTH AND SCHOOL HLTH | G81: CHILD YOUTH & SCHOOL HEALTH | L81: CHILD YOUTH & SCHOOL HEALTH | M81: 32275025 | N81: CURRENT | O81: 2015/2016 | P81: 500000 | Q81: 0 | R81: 0 | S81: 0 | T81: 0 | U81: 500000 | V81: 0 | W81: 0 | X81: 500000 | Y81: REGIONAL IDENTIFIER | Z81: NAT FUNCTION:WHOLE COUNTRY DOM | AA81: NAT FUNCTION: WHOLE COUNTRY DOM | AE81: NAT FUNCTION: WHOLE COUNTRY DOM | AF81: 30001025 | AG81: EXPENDITURE:VOTED | AH81: DEPARTMENTAL APPROPRIATION | AI81: EARMARKED AND SPECIFIC FUNDS | AJ81: E & S FUNDS: NATIONAL | AK81: E&S/F:HEALTH | AL81: DOH:SPEC & EXCL APPROPRIATE | AM81: NHI GRANT:HPV VAC CO-ALL-IN-KIND | AN81: 853025 | AO81: DOH:HIV&AIDS, TB, MAT&CHILD HEAL | AP81: DOH:CHILD,YOUTH & SCHOOL HEALTH | AQ81: HPV VACCINE | AW81: HPV VACCINE | AX81: 30130025 | AY81: NON-ASSETS RELATED | AZ81: NON-ASSETS RELATED | BE81: NON-ASSETS RELATED | BF81: 235025 | BG81: NO PROJECTS | BH81: NO PROJECTS | BM81: NO PROJECTS | BN81: 4025 | BO81: PAYMENTS | BP81: PAYMENTS | BQ81: GOODS AND SERVICES | BR81: INV:MEDICAL SUPPLIES | BS81: INV MED:GLOVES,DIS. SUNDRIES | BT81: INV MED:GLOVES,DIS. SUNDRIES | BU81: INV MED:GLOVES,DIS. SUNDRIES | BV81: 2359025 | BW81: EXPENDITURE | BX81: NON INFRASTRUCTURE | BY81: NON INFRASTRUCTURE: CURRENT | BZ81: NON INFRASTRUCTURE: CURRENT | CA81: NON INFRA/STAND ALONE: CUR | CC81: NON INFRA/STAND ALONE: CUR | CD81: 95025 | CE81: N | CF81: N | CG81: N | CH81: CURRENT PAYMENTS | CI81: GOODS AND SERVICES | CJ81: GOODS AND SERVICES | CK81: HEALTH | CL81: HEALTH N.E.C. | CM81: HLTH:HEALTH N.E.C.
A82: National Departments | B82: Vote 16: Health | C82: DEPARTMENTAL RESPONSIBILITIES | D82: NATIONAL DEPARTMENT OF HEALTH | E82: P3:HIV AIDS,TB, MAT & CHILD HLTH | F82: CHILD YOUTH AND SCHOOL HLTH | G82: CHILD YOUTH & SCHOOL HEALTH | L82: CHILD YOUTH & SCHOOL HEALTH | M82: 32275025 | N82: CURRENT | O82: 2015/2016 | P82: 500000 | Q82: 0 | R82: 0 | S82: 0 | T82: 0 | U82: 500000 | V82: 0 | W82: 0 | X82: 500000 | Y82: REGIONAL IDENTIFIER | Z82: NAT FUNCTION:WHOLE COUNTRY DOM | AA82: NAT FUNCTION: WHOLE COUNTRY DOM | AE82: NAT FUNCTION: WHOLE COUNTRY DOM | AF82: 30001025 | AG82: EXPENDITURE:VOTED | AH82: DEPARTMENTAL APPROPRIATION | AI82: EARMARKED AND SPECIFIC FUNDS | AJ82: E & S FUNDS: NATIONAL | AK82: E&S/F:HEALTH | AL82: DOH:SPEC & EXCL APPROPRIATE | AM82: NHI GRANT:HPV VAC CO-ALL-IN-KIND | AN82: 853025 | AO82: DOH:HIV&AIDS, TB, MAT&CHILD HEAL | AP82: DOH:CHILD,YOUTH & SCHOOL HEALTH | AQ82: HPV VACCINE | AW82: HPV VACCINE | AX82: 30130025 | AY82: NON-ASSETS RELATED | AZ82: NON-ASSETS RELATED | BE82: NON-ASSETS RELATED | BF82: 235025 | BG82: NO PROJECTS | BH82: NO PROJECTS | BM82: NO PROJECTS | BN82: 4025 | BO82: PAYMENTS | BP82: PAYMENTS | BQ82: GOODS AND SERVICES | BR82: TRAINING & DEVELOPMENT | BS82: TRAIN & DEV:MATERIAL&MANUALS | BT82: TRAIN & DEV:MATERIAL&MANUALS | BU82: TRAIN & DEV:MATERIAL&MANUALS | BV82: 2151025 | BW82: EXPENDITURE | BX82: NON INFRASTRUCTURE | BY82: NON INFRASTRUCTURE: CURRENT | BZ82: NON INFRASTRUCTURE: CURRENT | CA82: NON INFRA/STAND ALONE: CUR | CC82: NON INFRA/STAND ALONE: CUR | CD82: 95025 | CE82: N | CF82: N | CG82: N | CH82: CURRENT PAYMENTS | CI82: GOODS AND SERVICES | CJ82: GOODS AND SERVICES | CK82: HEALTH | CL82: HEALTH N.E.C. | CM82: HLTH:HEALTH N.E.C.
A83: National Departments | B83: Vote 16: Health | C83: DEPARTMENTAL RESPONSIBILITIES | D83: NATIONAL DEPARTMENT OF HEALTH | E83: P3:HIV AIDS,TB, MAT & CHILD HLTH | F83: CHILD YOUTH AND SCHOOL HLTH | G83: CHILD YOUTH & SCHOOL HEALTH | L83: CHILD YOUTH & SCHOOL HEALTH | M83: 32275025 | N83: CURRENT | O83: 2015/2016 | P83: 500000 | Q83: 0 | R83: 0 | S83: 0 | T83: 0 | U83: 500000 | V83: 0 | W83: 0 | X83: 500000 | Y83: REGIONAL IDENTIFIER | Z83: NAT FUNCTION:WHOLE COUNTRY DOM | AA83: NAT FUNCTION: WHOLE COUNTRY DOM | AE83: NAT FUNCTION: WHOLE COUNTRY DOM | AF83: 30001025 | AG83: EXPENDITURE:VOTED | AH83: DEPARTMENTAL APPROPRIATION | AI83: EARMARKED AND SPECIFIC FUNDS | AJ83: E & S FUNDS: NATIONAL | AK83: E&S/F:HEALTH | AL83: DOH:SPEC & EXCL APPROPRIATE | AM83: NHI GRANT:HPV VAC CO-ALL-IN-KIND | AN83: 853025 | AO83: DOH:HIV&AIDS, TB, MAT&CHILD HEAL | AP83: DOH:CHILD,YOUTH & SCHOOL HEALTH | AQ83: HPV VACCINE | AW83: HPV VACCINE | AX83: 30130025 | AY83: NON-ASSETS RELATED | AZ83: NON-ASSETS RELATED | BE83: NON-ASSETS RELATED | BF83: 235025 | BG83: NO PROJECTS | BH83: NO PROJECTS | BM83: NO PROJECTS | BN83: 4025 | BO83: PAYMENTS | BP83: PAYMENTS | BQ83: GOODS AND SERVICES | BR83: CONTRACTORS | BS83: CONTRCTRS:AUDIO-VISUAL SERVICE | BT83: CONTRCTRS:AUDIO-VISUAL SERV | BU83: CONTRCTRS:AUDIO-VISUAL SERV | BV83: 2573025 | BW83: EXPENDITURE | BX83: NON INFRASTRUCTURE | BY83: NON INFRASTRUCTURE: CURRENT | BZ83: NON INFRASTRUCTURE: CURRENT | CA83: NON INFRA/STAND ALONE: CUR | CC83: NON INFRA/STAND ALONE: CUR | CD83: 95025 | CE83: N | CF83: N | CG83: N | CH83: CURRENT PAYMENTS | CI83: GOODS AND SERVICES | CJ83: GOODS AND SERVICES | CK83: HEALTH | CL83: HEALTH N.E.C. | CM83: HLTH:HEALTH N.E.C.
A84: National Departments | B84: Vote 16: Health | C84: DEPARTMENTAL RESPONSIBILITIES | D84: NATIONAL DEPARTMENT OF HEALTH | E84: P3:HIV AIDS,TB, MAT & CHILD HLTH | F84: CHILD YOUTH AND SCHOOL HLTH | G84: CHILD YOUTH & SCHOOL HEALTH | L84: CHILD YOUTH & SCHOOL HEALTH | M84: 32275025 | N84: CURRENT | O84: 2015/2016 | P84: 500000 | Q84: 0 | R84: 0 | S84: 0 | T84: 0 | U84: 500000 | V84: 0 | W84: 23758.98 | X84: 476241.02 | Y84: REGIONAL IDENTIFIER | Z84: NAT FUNCTION:WHOLE COUNTRY DOM | AA84: NAT FUNCTION: WHOLE COUNTRY DOM | AE84: NAT FUNCTION: WHOLE COUNTRY DOM | AF84: 30001025 | AG84: EXPENDITURE:VOTED | AH84: DEPARTMENTAL APPROPRIATION | AI84: EARMARKED AND SPECIFIC FUNDS | AJ84: E & S FUNDS: NATIONAL | AK84: E&S/F:HEALTH | AL84: DOH:SPEC & EXCL APPROPRIATE | AM84: NHI GRANT:HPV VAC CO-ALL-IN-KIND | AN84: 853025 | AO84: DOH:HIV&AIDS, TB, MAT&CHILD HEAL | AP84: DOH:CHILD,YOUTH & SCHOOL HEALTH | AQ84: HPV VACCINE | AW84: HPV VACCINE | AX84: 30130025 | AY84: NON-ASSETS RELATED | AZ84: NON-ASSETS RELATED | BE84: NON-ASSETS RELATED | BF84: 235025 | BG84: NO PROJECTS | BH84: NO PROJECTS | BM84: NO PROJECTS | BN84: 4025 | BO84: PAYMENTS | BP84: PAYMENTS | BQ84: GOODS AND SERVICES | BR84: TRAVEL AND SUBSISTENCE | BS84: T&S DOMESTIC | BT84: T&S:DOM:TRANSPORT-SHUTTLE SRVCS | BU84: T&S DOM:ROAD TRANSPORT | BV84: 3993025 | BW84: EXPENDITURE | BX84: NON INFRASTRUCTURE | BY84: NON INFRASTRUCTURE: CURRENT | BZ84: NON INFRASTRUCTURE: CURRENT | CA84: NON INFRA/STAND ALONE: CUR | CC84: NON INFRA/STAND ALONE: CUR | CD84: 95025 | CE84: N | CF84: N | CG84: N | CH84: CURRENT PAYMENTS | CI84: GOODS AND SERVICES | CJ84: GOODS AND SERVICES | CK84: HEALTH | CL84: HEALTH N.E.C. | CM84: HLTH:HEALTH N.E.C.
A85: National Departments | B85: Vote 16: Health | C85: DEPARTMENTAL RESPONSIBILITIES | D85: NATIONAL DEPARTMENT OF HEALTH | E85: P3:HIV AIDS,TB, MAT & CHILD HLTH | F85: CHILD YOUTH AND SCHOOL HLTH | G85: CHILD YOUTH & SCHOOL HEALTH | L85: CHILD YOUTH & SCHOOL HEALTH | M85: 32275025 | N85: CURRENT | O85: 2015/2016 | P85: 500000 | Q85: 0 | R85: 0 | S85: 2000000 | T85: 0 | U85: 2500000 | V85: 1551348 | W85: 0 | X85: 948652 | Y85: REGIONAL IDENTIFIER | Z85: NAT FUNCTION:WHOLE COUNTRY DOM | AA85: NAT FUNCTION: WHOLE COUNTRY DOM | AE85: NAT FUNCTION: WHOLE COUNTRY DOM | AF85: 30001025 | AG85: EXPENDITURE:VOTED | AH85: DEPARTMENTAL APPROPRIATION | AI85: EARMARKED AND SPECIFIC FUNDS | AJ85: E & S FUNDS: NATIONAL | AK85: E&S/F:HEALTH | AL85: DOH:SPEC & EXCL APPROPRIATE | AM85: NHI GRANT:HPV VAC CO-ALL-IN-KIND | AN85: 853025 | AO85: DOH:HIV&AIDS, TB, MAT&CHILD HEAL | AP85: DOH:CHILD,YOUTH & SCHOOL HEALTH | AQ85: HPV VACCINE | AW85: HPV VACCINE | AX85: 30130025 | AY85: NON-ASSETS RELATED | AZ85: NON-ASSETS RELATED | BE85: NON-ASSETS RELATED | BF85: 235025 | BG85: NO PROJECTS | BH85: NO PROJECTS | BM85: NO PROJECTS | BN85: 4025 | BO85: PAYMENTS | BP85: PAYMENTS | BQ85: GOODS AND SERVICES | BR85: COMMUNICATION | BS85: COM:CELL CONTRACT (SUBSCR&CALLS) | BT85: COM:CELL CONTR(SUBSCR&CALLS) | BU85: COM:CELL CONTR(SUBSCR&CALLS) | BV85: 2690025 | BW85: EXPENDITURE | BX85: NON INFRASTRUCTURE | BY85: NON INFRASTRUCTURE: CURRENT | BZ85: NON INFRASTRUCTURE: CURRENT | CA85: NON INFRA/STAND ALONE: CUR | CC85: NON INFRA/STAND ALONE: CUR | CD85: 95025 | CE85: N | CF85: N | CG85: N | CH85: CURRENT PAYMENTS | CI85: GOODS AND SERVICES | CJ85: GOODS AND SERVICES | CK85: HEALTH | CL85: HEALTH N.E.C. | CM85: HLTH:HEALTH N.E.C.
A86: National Departments | B86: Vote 16: Health | C86: DEPARTMENTAL RESPONSIBILITIES | D86: NATIONAL DEPARTMENT OF HEALTH | E86: P3:HIV AIDS,TB, MAT & CHILD HLTH | F86: CHILD YOUTH AND SCHOOL HLTH | G86: CHILD YOUTH & SCHOOL HEALTH | L86: CHILD YOUTH & SCHOOL HEALTH | M86: 32275025 | N86: CURRENT | O86: 2015/2016 | P86: 540000 | Q86: 0 | R86: 0 | S86: 0 | T86: 0 | U86: 540000 | V86: 0 | W86: 17764.5 | X86: 522235.5 | Y86: REGIONAL IDENTIFIER | Z86: NAT FUNCTION:WHOLE COUNTRY DOM | AA86: NAT FUNCTION: WHOLE COUNTRY DOM | AE86: NAT FUNCTION: WHOLE COUNTRY DOM | AF86: 30001025 | AG86: EXPENDITURE:VOTED | AH86: DEPARTMENTAL APPROPRIATION | AI86: VOTED FUNDS DISCRETIONARY | AJ86: VOTED FUNDS | AM86: VOTED FUNDS | AN86: 341025 | AO86: DOH:HIV&AIDS, TB, MAT&CHILD HEAL | AP86: DOH:CHILD,YOUTH & SCHOOL HEALTH | AQ86: CHILD YOUTH & SCHOOL HLTH | AW86: CHILD YOUTH & SCHOOL HLTH | AX86: 30014025 | AY86: NON-ASSETS RELATED | AZ86: NON-ASSETS RELATED | BE86: NON-ASSETS RELATED | BF86: 235025 | BG86: NO PROJECTS | BH86: NO PROJECTS | BM86: NO PROJECTS | BN86: 4025 | BO86: PAYMENTS | BP86: PAYMENTS | BQ86: COMPENSATION OF EMPLOYEES | BR86: SALARIES AND WAGES | BS86: SALARIES & WAGES:RESIDENTS | BT86: SAL&WAGES:NON PENSIONABLE(RES) | BU86: S&W:SERV BASED OTHER (RES) | BV86: 4160025 | BW86: EXPENDITURE | BX86: NON INFRASTRUCTURE | BY86: NON INFRASTRUCTURE: CURRENT | BZ86: NON INFRASTRUCTURE: CURRENT | CA86: NON INFRA/STAND ALONE: CUR | CC86: NON INFRA/STAND ALONE: CUR | CD86: 95025 | CE86: N | CF86: N | CG86: N | CH86: CURRENT PAYMENTS | CI86: COMPENSATION OF EMPLOYEES | CJ86: COMPENSATION OF EMPLOYEES | CK86: HEALTH | CL86: HEALTH N.E.C. | CM86: HLTH:HEALTH N.E.C.
A87: National Departments | B87: Vote 16: Health | C87: DEPARTMENTAL RESPONSIBILITIES | D87: NATIONAL DEPARTMENT OF HEALTH | E87: P3:HIV AIDS,TB, MAT & CHILD HLTH | F87: CHILD YOUTH AND SCHOOL HLTH | G87: CHILD YOUTH & SCHOOL HEALTH | L87: CHILD YOUTH & SCHOOL HEALTH | M87: 32275025 | N87: CURRENT | O87: 2015/2016 | P87: 550000 | Q87: 0 | R87: 0 | S87: 0 | T87: 0 | U87: 550000 | V87: 0 | W87: 216295.95 | X87: 333704.05 | Y87: REGIONAL IDENTIFIER | Z87: NAT FUNCTION:WHOLE COUNTRY DOM | AA87: NAT FUNCTION: WHOLE COUNTRY DOM | AE87: NAT FUNCTION: WHOLE COUNTRY DOM | AF87: 30001025 | AG87: EXPENDITURE:VOTED | AH87: DEPARTMENTAL APPROPRIATION | AI87: VOTED FUNDS DISCRETIONARY | AJ87: VOTED FUNDS | AM87: VOTED FUNDS | AN87: 341025 | AO87: DOH:HIV&AIDS, TB, MAT&CHILD HEAL | AP87: DOH:CHILD,YOUTH & SCHOOL HEALTH | AQ87: CHILD YOUTH & SCHOOL HLTH | AW87: CHILD YOUTH & SCHOOL HLTH | AX87: 30014025 | AY87: NON-ASSETS RELATED | AZ87: NON-ASSETS RELATED | BE87: NON-ASSETS RELATED | BF87: 235025 | BG87: NO PROJECTS | BH87: NO PROJECTS | BM87: NO PROJECTS | BN87: 4025 | BO87: PAYMENTS | BP87: PAYMENTS | BQ87: GOODS AND SERVICES | BR87: TRAVEL AND SUBSISTENCE | BS87: T&S DOMESTIC | BT87: T&S DOM:ACCOMMODATION | BU87: T&S DOM:ACCOMMODATION | BV87: 3377025 | BW87: EXPENDITURE | BX87: NON INFRASTRUCTURE | BY87: NON INFRASTRUCTURE: CURRENT | BZ87: NON INFRASTRUCTURE: CURRENT | CA87: NON INFRA/STAND ALONE: CUR | CC87: NON INFRA/STAND ALONE: CUR | CD87: 95025 | CE87: N | CF87: N | CG87: N | CH87: CURRENT PAYMENTS | CI87: GOODS AND SERVICES | CJ87: GOODS AND SERVICES | CK87: HEALTH | CL87: HEALTH N.E.C. | CM87: HLTH:HEALTH N.E.C.
